Workbook
Name _R1: '[1]Fastener Correction'!#REF!
Name Af: '[2]Fastener Correction'!#REF!
Name Ar: '[3]Fastener Correction'!#REF!
Name d0: '[2]Fastener Correction'!#REF!
Name d1_: '[2]Fastener Correction'!#REF!
Name ef: '[4]Fastener Correction'!#REF!
Name Fensterdaten: #REF!
Name lmf: '[2]Fastener Correction'!#REF!
Name NameDrop: '[1]Common Areas (MF)'!#REF!:INDEX('[1]Common Areas (MF)'!#REF!,MAX('[1]Common Areas (MF)'!#REF!),1)
Name nf: '[1]Fastener Correction'!#REF!
Name re: '[3]Fastener Correction'!#REF!
Name Rooms: [2]!Room_Type[Room Type]
Name RTh: '[1]Fastener Correction'!#REF!

Sheet Phius Feedback
B4: Rationale for retrofit acceptable? | C4: Y/N
B5: # Incomplete (out of 347) | C5: =SUM(B12:B23,B25,B38:B51,B53:B66,B84:B157,C84:C157,B159:C232,B234:B239,B241:B246) -> 346
B6: # CFR Deliverables | C6: Needs automated
B7: # IAQ Remediation Requirements
B8: # Site Hazard Mitigation Requirements
B9: # Unresolved issues
B11: General Incomplete
B12: =IF('Cx Report'!F8="INCOMPLETE",1,0) -> 1
B13: =IF('Cx Report'!F9="INCOMPLETE",1,0) -> 1
B14: =IF('Cx Report'!F10="INCOMPLETE",1,0) -> 1
B15: =IF('Cx Report'!F11="INCOMPLETE",1,0) -> 1
B16: =IF('Cx Report'!F12="INCOMPLETE",1,0) -> 1
B17: =IF('Cx Report'!F13="INCOMPLETE",1,0) -> 1
B18: =IF('Cx Report'!F14="INCOMPLETE",1,0) -> 1
B19: =IF('Cx Report'!F15="INCOMPLETE",1,0) -> 1
B20: =IF('Cx Report'!F16="INCOMPLETE",1,0) -> 1
B21: =IF('Cx Report'!F17="INCOMPLETE",1,0) -> 1
B22: =IF('Cx Report'!F18="INCOMPLETE",1,0) -> 1
B23: =IF('Cx Report'!F19="INCOMPLETE",1,0) -> 1
B24: Facility Sumary Incomplete
B25: {=IF('Cx Report'!H8:N19="INCOMPLETE",1,0)} -> 0 | C25: 0 | D25: 0 | E25: 0 | F25: 0 | G25: 0 | H25: 0
B26: 0 | C26: 0 | D26: 0 | E26: 0 | F26: 0 | G26: 0 | H26: 0
B27: 0 | C27: 0 | D27: 0 | E27: 0 | F27: 0 | G27: 0 | H27: 0
B28: 0 | C28: 0 | D28: 0 | E28: 0 | F28: 0 | G28: 0 | H28: 0
B29: 0 | C29: 0 | D29: 0 | E29: 0 | F29: 0 | G29: 0 | H29: 0
B30: 0 | C30: 0 | D30: 0 | E30: 0 | F30: 0 | G30: 0 | H30: 0
B31: 0 | C31: 0 | D31: 0 | E31: 0 | F31: 0 | G31: 0 | H31: 0
B32: 0 | C32: 0 | D32: 0 | E32: 0 | F32: 0 | G32: 0 | H32: 0
B33: 0 | C33: 0 | D33: 0 | E33: 0 | F33: 0 | G33: 0 | H33: 0
B34: 0 | C34: 0 | D34: 0 | E34: 0 | F34: 0 | G34: 0 | H34: 0
B35: 0 | C35: 0 | D35: 0 | E35: 0 | F35: 0 | G35: 0 | H35: 0
B36: 0 | C36: 0 | D36: 0 | E36: 0 | F36: 0 | G36: 0 | H36: 0
B37: Occupant Survey Incomplete
B38: =IF('Cx Report'!F23="INCOMPLETE",1,0) -> 1
B39: =IF('Cx Report'!F24="INCOMPLETE",1,0) -> 1
B40: =IF('Cx Report'!F25="INCOMPLETE",1,0) -> 1
B41: =IF('Cx Report'!F26="INCOMPLETE",1,0) -> 1
B42: =IF('Cx Report'!F27="INCOMPLETE",1,0) -> 1
B43: =IF('Cx Report'!F28="INCOMPLETE",1,0) -> 1
B44: =IF('Cx Report'!F29="INCOMPLETE",1,0) -> 1
B45: =IF('Cx Report'!F30="INCOMPLETE",1,0) -> 1
B46: =IF('Cx Report'!F31="INCOMPLETE",1,0) -> 1
B47: =IF('Cx Report'!F32="INCOMPLETE",1,0) -> 1
B48: =IF('Cx Report'!F33="INCOMPLETE",1,0) -> 1
B49: =IF('Cx Report'!F34="INCOMPLETE",1,0) -> 1
... B51: =IF('Cx Report'!F36="INCOMPLETE",1,0) -> 1
B52: Facility Info/Docs Incomplete
B53: =IF('Cx Report'!I23="INCOMPLETE",1,0) -> 1
B54: =IF('Cx Report'!I24="INCOMPLETE",1,0) -> 1
B55: =IF('Cx Report'!I25="INCOMPLETE",1,0) -> 1
B56: =IF('Cx Report'!I26="INCOMPLETE",1,0) -> 1
B57: =IF('Cx Report'!I27="INCOMPLETE",1,0) -> 1
B58: =IF('Cx Report'!I28="INCOMPLETE",1,0) -> 1
B59: =IF('Cx Report'!I29="INCOMPLETE",1,0) -> 1
B60: =IF('Cx Report'!I30="INCOMPLETE",1,0) -> 1
B61: =IF('Cx Report'!I31="INCOMPLETE",1,0) -> 1
B62: =IF('Cx Report'!I32="INCOMPLETE",1,0) -> 1
B63: =IF('Cx Report'!I33="INCOMPLETE",1,0) -> 1
B64: =IF('Cx Report'!I34="INCOMPLETE",1,0) -> 1
... B66: =IF('Cx Report'!I36="INCOMPLETE",1,0) -> 1
B67: CFR Incomplete
B68: =IF('Cx Report'!M22="INCOMPLETE",1,0) -> 0 | C68: =IF('Cx Report'!N22="INCOMPLETE",1,0) -> 0
B69: =IF('Cx Report'!M23="INCOMPLETE",1,0) -> 0 | C69: =IF('Cx Report'!N23="INCOMPLETE",1,0) -> 0
B70: =IF('Cx Report'!M24="INCOMPLETE",1,0) -> 0 | C70: =IF('Cx Report'!N24="INCOMPLETE",1,0) -> 0
B71: =IF('Cx Report'!M25="INCOMPLETE",1,0) -> 0 | C71: =IF('Cx Report'!N25="INCOMPLETE",1,0) -> 0
B72: =IF('Cx Report'!M26="INCOMPLETE",1,0) -> 0 | C72: =IF('Cx Report'!N26="INCOMPLETE",1,0) -> 0
B73: =IF('Cx Report'!M27="INCOMPLETE",1,0) -> 0 | C73: =IF('Cx Report'!N27="INCOMPLETE",1,0) -> 0
B74: =IF('Cx Report'!M28="INCOMPLETE",1,0) -> 0 | C74: =IF('Cx Report'!N28="INCOMPLETE",1,0) -> 0
B75: =IF('Cx Report'!M29="INCOMPLETE",1,0) -> 0 | C75: =IF('Cx Report'!N29="INCOMPLETE",1,0) -> 0
B76: =IF('Cx Report'!M30="INCOMPLETE",1,0) -> 0 | C76: =IF('Cx Report'!N30="INCOMPLETE",1,0) -> 0
B77: =IF('Cx Report'!M31="INCOMPLETE",1,0) -> 0 | C77: =IF('Cx Report'!N31="INCOMPLETE",1,0) -> 0
B78: =IF('Cx Report'!M32="INCOMPLETE",1,0) -> 0 | C78: =IF('Cx Report'!N32="INCOMPLETE",1,0) -> 0
B79: =IF('Cx Report'!M33="INCOMPLETE",1,0) -> 0 | C79: =IF('Cx Report'!N33="INCOMPLETE",1,0) -> 0
... B82: =IF('Cx Report'!M36="INCOMPLETE",1,0) -> 0 | C82: =IF('Cx Report'!N36="INCOMPLETE",1,0) -> 0
B83: IAQ Assessment Incomplete
B84: =IF('Cx Report'!G39="INCOMPLETE",1,0) -> 1 | C84: =IF('Cx Report'!H39="INCOMPLETE",1,0) -> 1
B85: =IF('Cx Report'!G40="INCOMPLETE",1,0) -> 1 | C85: =IF('Cx Report'!H40="INCOMPLETE",1,0) -> 1
B86: =IF('Cx Report'!G41="INCOMPLETE",1,0) -> 1 | C86: =IF('Cx Report'!H41="INCOMPLETE",1,0) -> 1
B87: =IF('Cx Report'!G42="INCOMPLETE",1,0) -> 1 | C87: =IF('Cx Report'!H42="INCOMPLETE",1,0) -> 1
B88: =IF('Cx Report'!G43="INCOMPLETE",1,0) -> 1 | C88: =IF('Cx Report'!H43="INCOMPLETE",1,0) -> 1
B89: =IF('Cx Report'!G44="INCOMPLETE",1,0) -> 1 | C89: =IF('Cx Report'!H44="INCOMPLETE",1,0) -> 1
B90: =IF('Cx Report'!G45="INCOMPLETE",1,0) -> 1 | C90: =IF('Cx Report'!H45="INCOMPLETE",1,0) -> 1
B91: =IF('Cx Report'!G46="INCOMPLETE",1,0) -> 1 | C91: =IF('Cx Report'!H46="INCOMPLETE",1,0) -> 1
B92: =IF('Cx Report'!G47="INCOMPLETE",1,0) -> 1 | C92: =IF('Cx Report'!H47="INCOMPLETE",1,0) -> 1
B93: =IF('Cx Report'!G48="INCOMPLETE",1,0) -> 1 | C93: =IF('Cx Report'!H48="INCOMPLETE",1,0) -> 1
B94: =IF('Cx Report'!G49="INCOMPLETE",1,0) -> 1 | C94: =IF('Cx Report'!H49="INCOMPLETE",1,0) -> 1
B95: =IF('Cx Report'!G50="INCOMPLETE",1,0) -> 1 | C95: =IF('Cx Report'!H50="INCOMPLETE",1,0) -> 1
... B157: =IF('Cx Report'!G112="INCOMPLETE",1,0) -> 1 | C157: =IF('Cx Report'!H112="INCOMPLETE",1,0) -> 1
B158: IAQ Investigation Incomplete
B159: =IF('Cx Report'!M39="INCOMPLETE",1,0) -> 1 | C159: =IF('Cx Report'!N39="INCOMPLETE",1,0) -> 1
B160: =IF('Cx Report'!M40="INCOMPLETE",1,0) -> 1 | C160: =IF('Cx Report'!N40="INCOMPLETE",1,0) -> 1
B161: =IF('Cx Report'!M41="INCOMPLETE",1,0) -> 1 | C161: =IF('Cx Report'!N41="INCOMPLETE",1,0) -> 1
B162: =IF('Cx Report'!M42="INCOMPLETE",1,0) -> 1 | C162: =IF('Cx Report'!N42="INCOMPLETE",1,0) -> 1
B163: =IF('Cx Report'!M43="INCOMPLETE",1,0) -> 1 | C163: =IF('Cx Report'!N43="INCOMPLETE",1,0) -> 1
B164: =IF('Cx Report'!M44="INCOMPLETE",1,0) -> 1 | C164: =IF('Cx Report'!N44="INCOMPLETE",1,0) -> 1
B165: =IF('Cx Report'!M45="INCOMPLETE",1,0) -> 1 | C165: =IF('Cx Report'!N45="INCOMPLETE",1,0) -> 1
B166: =IF('Cx Report'!M46="INCOMPLETE",1,0) -> 1 | C166: =IF('Cx Report'!N46="INCOMPLETE",1,0) -> 1
B167: =IF('Cx Report'!M47="INCOMPLETE",1,0) -> 1 | C167: =IF('Cx Report'!N47="INCOMPLETE",1,0) -> 1
B168: =IF('Cx Report'!M48="INCOMPLETE",1,0) -> 1 | C168: =IF('Cx Report'!N48="INCOMPLETE",1,0) -> 1
B169: =IF('Cx Report'!M49="INCOMPLETE",1,0) -> 1 | C169: =IF('Cx Report'!N49="INCOMPLETE",1,0) -> 1
...

Sheet Cx Report
C2: Phius REVIVE 2024 Cx Report - Part 1
C3: Phase 2: Assessment & Investigation
C4: Phius Acceptance Gate Milestone 2: Assessment & Investigation Approval | M4: All items complete? | N4: Date of Phius Approval
M5: =IF('Phius Feedback'!C5>0,"NO","YES") -> NO
C6: Rationale for Retrofit: | F6: ='Rationale for Retrofit'!G30 -> Please complete 'Program Plan' tab below and all dropdown options above | M6: Team Acceptance: | N6: =IF(ISBLANK('Rationale for Retrofit'!I29),"INCOMPLETE","✓") -> INCOMPLETE
C7: General Info & Facility Summary
D8: General | E8: Owner Name: | F8: =IF(ISBLANK('Program Plan'!I3),"INCOMPLETE",'Program Plan'!I3) -> INCOMPLETE | G8: Facility Summary | H8: =IF('Current Facility Requirements'!E3="[Complete the facility summary once facility requirements are determined below]","INCOMPLETE",'Current Facility Requirements'!E3) -> [Write a brief facility summary HERE once facility requirements are determined below]
E9: Submitter Name: | F9: =IF(ISBLANK('Program Plan'!I4),"INCOMPLETE",'Program Plan'!I4) -> INCOMPLETE
E10: CPHC CxP Name: | F10: =IF(ISBLANK('Program Plan'!I5),"INCOMPLETE",'Program Plan'!I5) -> INCOMPLETE
E11: CPHC CxP #: | F11: =IF(ISBLANK('Program Plan'!I6),"INCOMPLETE",'Program Plan'!I6) -> INCOMPLETE
E12: Project Address: | F12: =IF(ISBLANK('Program Plan'!I7),"INCOMPLETE",'Program Plan'!I7) -> INCOMPLETE
E13: City: | F13: =IF(ISBLANK('Program Plan'!I8),"INCOMPLETE",'Program Plan'!I8) -> INCOMPLETE
E14: State: | F14: =IF('Program Plan'!I9="[Select Dropdown]","INCOMPLETE",'Program Plan'!I9) -> INCOMPLETE
E15: Zip Code: | F15: =IF(ISBLANK('Program Plan'!I10),"INCOMPLETE",'Program Plan'!I10) -> INCOMPLETE
E16: Year Built: | F16: =IF('Owner Worksheet'!G4="[Select Dropdown]","INCOMPLETE",'Owner Worksheet'!G4) -> INCOMPLETE
E17: # of Existing Units: | F17: =IF('Owner Worksheet'!G7="[Enter value]","INCOMPLETE",'Owner Worksheet'!G7) -> INCOMPLETE
E18: # of Planned Units: | F18: =IF('Owner Worksheet'!G8="[Enter value]","INCOMPLETE",'Owner Worksheet'!G8) -> INCOMPLETE
E19: Project Type: | F19: =IF(OR(F17="INCOMPLETE",F18="INCOMPLETE"),"INCOMPLETE",IF(AND(F17>0,F18>0),"Multifamily",IF(AND(F17>0,F18=0),"Multifamily conversion to Non-Residential",IF(AND(F17=0,F18>0),"Non-Resisdential conversion to Multifamily","Non-Residential")))) -> INCOMPLETE
C20: Occupant Survey & Facility Information | J20: Current Facility Requirements (CFR)
L21: Requirement ID | N21: Description of Issue | S21: Required dropdown menu inputs.
J22: Categories | K22: FR1 Regulatory | L22: ='Current Facility Requirements'!D6 -> FR1.1 | M22: =IF(ISBLANK('Current Facility Requirements'!E6),"n/a",'Current Facility Requirements'!E6) -> n/a | N22: =IF(ISBLANK('Current Facility Requirements'!E6),"n/a",IF(ISBLANK('Current Facility Requirements'!F6),"INCOMPLETE",'Current Facility Requirements'!F6)) -> n/a
C23: Occupant Survey Categories | D23: General | E23: Age Range of Occupants: | F23: =IF('Owner Worksheet'!G27="[Select Dropdown] ","INCOMPLETE",'Owner Worksheet'!G27) -> INCOMPLETE | G23: Additional Facility Information | H23: Wall Construction: | I23: =IF('Owner Worksheet'!G11="[Select Dropdown]","INCOMPLETE",'Owner Worksheet'!G11) -> INCOMPLETE | L23: FR1.2 | M23: =IF(ISBLANK('Current Facility Requirements'!E7),"n/a",'Current Facility Requirements'!E7) -> n/a | N23: =IF(ISBLANK('Current Facility Requirements'!E7),"n/a",IF(ISBLANK('Current Facility Requirements'!F7),"INCOMPLETE",'Current Facility Requirements'!F7)) -> n/a
D24: Noise | E24: Acoustical Privacy: | F24: =IF('Owner Worksheet'!G28="[Select Dropdown] ","INCOMPLETE",'Owner Worksheet'!G28) -> INCOMPLETE | H24: Foundation Type: | I24: =IF('Owner Worksheet'!G12="[Select Dropdown]","INCOMPLETE",'Owner Worksheet'!G12) -> INCOMPLETE | L24: FR1.3 | M24: =IF(ISBLANK('Current Facility Requirements'!E8),"n/a",'Current Facility Requirements'!E8) -> n/a | N24: =IF(ISBLANK('Current Facility Requirements'!E8),"n/a",IF(ISBLANK('Current Facility Requirements'!F8),"INCOMPLETE",'Current Facility Requirements'!F8)) -> n/a
E25: Ambient noise negatively impacting concentration: | F25: =IF('Owner Worksheet'!G29="[Select Dropdown] ","INCOMPLETE",'Owner Worksheet'!G29) -> INCOMPLETE | H25: Cooling System: | I25: =IF('Owner Worksheet'!G13="[Select Dropdown] ","INCOMPLETE",'Owner Worksheet'!G13) -> INCOMPLETE | L25: FR1.4 | M25: =IF(ISBLANK('Current Facility Requirements'!E9),"n/a",'Current Facility Requirements'!E9) -> n/a | N25: =IF(ISBLANK('Current Facility Requirements'!E9),"n/a",IF(ISBLANK('Current Facility Requirements'!F9),"INCOMPLETE",'Current Facility Requirements'!F9)) -> n/a
D26: Thermal | E26: Perception of Summer comfort: | F26: =IF('Owner Worksheet'!G30="[Select Dropdown] ","INCOMPLETE",'Owner Worksheet'!G30) -> INCOMPLETE | H26: Heating System: | I26: =IF('Owner Worksheet'!G14="[Select Dropdown] ","INCOMPLETE",'Owner Worksheet'!G14) -> INCOMPLETE | L26: FR1.5 | M26: =IF(ISBLANK('Current Facility Requirements'!E10),"n/a",'Current Facility Requirements'!E10) -> n/a | N26: =IF(ISBLANK('Current Facility Requirements'!E10),"n/a",IF(ISBLANK('Current Facility Requirements'!F10),"INCOMPLETE",'Current Facility Requirements'!F10)) -> n/a
E27: Perception of Winter comfort: | F27: =IF('Owner Worksheet'!G31="[Select Dropdown] ","INCOMPLETE",'Owner Worksheet'!G31) -> INCOMPLETE | H27: Hot Water System: | I27: =IF('Owner Worksheet'!G15="[Select Dropdown] ","INCOMPLETE",'Owner Worksheet'!G15) -> INCOMPLETE | K27: FR2 Financial | L27: FR2.1 | M27: =IF(ISBLANK('Current Facility Requirements'!E11),"n/a",'Current Facility Requirements'!E11) -> n/a | N27: =IF(ISBLANK('Current Facility Requirements'!E11),"n/a",IF(ISBLANK('Current Facility Requirements'!F11),"INCOMPLETE",'Current Facility Requirements'!F11)) -> n/a
D28: Visual | E28: Adequate lighting for tasks / activities: | F28: =IF('Owner Worksheet'!G32="[Select Dropdown]","INCOMPLETE",'Owner Worksheet'!G32) -> INCOMPLETE | G28: Available Facility Documents | H28: Construction Documents: | I28: =IF('Owner Worksheet'!G16="[Select Dropdown]","INCOMPLETE",'Owner Worksheet'!G16) -> INCOMPLETE | L28: FR2.2 | M28: =IF(ISBLANK('Current Facility Requirements'!E12),"n/a",'Current Facility Requirements'!E12) -> n/a | N28: =IF(ISBLANK('Current Facility Requirements'!E12),"n/a",IF(ISBLANK('Current Facility Requirements'!F12),"INCOMPLETE",'Current Facility Requirements'!F12)) -> n/a
E29: Light quality: | F29: =IF('Owner Worksheet'!G33="[Select Dropdown] ","INCOMPLETE",'Owner Worksheet'!G33) -> INCOMPLETE | H29: Sytems / Facility Manuals: | I29: =IF('Owner Worksheet'!G17="[Select Dropdown] ","INCOMPLETE",'Owner Worksheet'!G17) -> INCOMPLETE | L29: FR2.3 | M29: =IF(ISBLANK('Current Facility Requirements'!E13),"n/a",'Current Facility Requirements'!E13) -> n/a | N29: =IF(ISBLANK('Current Facility Requirements'!E13),"n/a",IF(ISBLANK('Current Facility Requirements'!F13),"INCOMPLETE",'Current Facility Requirements'!F13)) -> n/a
E30: Lighting color discrimination: | F30: =IF('Owner Worksheet'!G34="[Select Dropdown] ","INCOMPLETE",'Owner Worksheet'!G34) -> INCOMPLETE | H30: Existing consultant reports: | I30: =IF('Owner Worksheet'!G18="[Select Dropdown] ","INCOMPLETE",'Owner Worksheet'!G18) -> INCOMPLETE | L30: FR2.4 | M30: =IF(ISBLANK('Current Facility Requirements'!E14),"n/a",'Current Facility Requirements'!E14) -> n/a | N30: =IF(ISBLANK('Current Facility Requirements'!E14),"n/a",IF(ISBLANK('Current Facility Requirements'!F14),"INCOMPLETE",'Current Facility Requirements'!F14)) -> n/a
E31: Problematic light flicker: | F31: =IF('Owner Worksheet'!G35="[Select Dropdown] ","INCOMPLETE",'Owner Worksheet'!G35) -> INCOMPLETE | H31: Utility rates / supplier info: | I31: =IF('Owner Worksheet'!G19="[Select Dropdown] ","INCOMPLETE",'Owner Worksheet'!G19) -> INCOMPLETE | L31: FR2.5 | M31: =IF(ISBLANK('Current Facility Requirements'!E15),"n/a",'Current Facility Requirements'!E15) -> n/a | N31: =IF(ISBLANK('Current Facility Requirements'!E15),"n/a",IF(ISBLANK('Current Facility Requirements'!F15),"INCOMPLETE",'Current Facility Requirements'!F15)) -> n/a
E32: Glare: | F32: =IF('Owner Worksheet'!G36="[Select Dropdown] ","INCOMPLETE",'Owner Worksheet'!G36) -> INCOMPLETE | H32: Utility meter / submeter location: | I32: =IF('Owner Worksheet'!G20="[Select Dropdown] ","INCOMPLETE",'Owner Worksheet'!G20) -> INCOMPLETE | K32: FR3 Functional | L32: FR3.1 | M32: =IF(ISBLANK('Current Facility Requirements'!E16),"n/a",'Current Facility Requirements'!E16) -> n/a | N32: =IF(ISBLANK('Current Facility Requirements'!E16),"n/a",IF(ISBLANK('Current Facility Requirements'!F16),"INCOMPLETE",'Current Facility Requirements'!F16)) -> n/a
E33: Difficulty seeing computer screen: | F33: =IF('Owner Worksheet'!G37="[Select Dropdown] ","INCOMPLETE",'Owner Worksheet'!G37) -> INCOMPLETE | H33: Operations / maintenance report: | I33: =IF('Owner Worksheet'!G21="[Select Dropdown] ","INCOMPLETE",'Owner Worksheet'!G21) -> INCOMPLETE | L33: FR3.2 | M33: =IF(ISBLANK('Current Facility Requirements'!E17),"n/a",'Current Facility Requirements'!E17) -> n/a | N33: =IF(ISBLANK('Current Facility Requirements'!E17),"n/a",IF(ISBLANK('Current Facility Requirements'!F17),"INCOMPLETE",'Current Facility Requirements'!F17)) -> n/a
E34: Adequacy of light levels: | F34: =IF('Owner Worksheet'!G38="[Select Dropdown] ","INCOMPLETE",'Owner Worksheet'!G38) -> INCOMPLETE | H34: Annual maintence cost breakdown: | I34: =IF('Owner Worksheet'!G22="[Select Dropdown] ","INCOMPLETE",'Owner Worksheet'!G22) -> INCOMPLETE | L34: FR3.3 | M34: =IF(ISBLANK('Current Facility Requirements'!E18),"n/a",'Current Facility Requirements'!E18) -> n/a | N34: =IF(ISBLANK('Current Facility Requirements'!E18),"n/a",IF(ISBLANK('Current Facility Requirements'!F18),"INCOMPLETE",'Current Facility Requirements'!F18)) -> n/a
D35: IAQ | E35: Air Quality (general): | F35: =IF('Owner Worksheet'!G39="[Select Dropdown]","INCOMPLETE",'Owner Worksheet'!G39) -> INCOMPLETE | H35: Onsite energy production: | I35: =IF('Owner Worksheet'!G23="[Select Dropdown] ","INCOMPLETE",'Owner Worksheet'!G23) -> INCOMPLETE | L35: FR3.4 | M35: =IF(ISBLANK('Current Facility Requirements'!E19),"n/a",'Current Facility Requirements'!E19) -> n/a | N35: =IF(ISBLANK('Current Facility Requirements'!E19),"n/a",IF(ISBLANK('Current Facility Requirements'!F19),"INCOMPLETE",'Current Facility Requirements'!F19)) -> n/a
E36: Unpleasant odors: | F36: =IF('Owner Worksheet'!G40="[Select Dropdown]","INCOMPLETE",'Owner Worksheet'!G40) -> INCOMPLETE | H36: Low-cost repair budget: | I36: =IF('Owner Worksheet'!G24="[Select Dropdown] ","INCOMPLETE",'Owner Worksheet'!G24) -> INCOMPLETE | L36: FR3.5 | M36: =IF(ISBLANK('Current Facility Requirements'!E20),"n/a",'Current Facility Requirements'!E20) -> n/a | N36: =IF(ISBLANK('Current Facility Requirements'!E20),"n/a",IF(ISBLANK('Current Facility Requirements'!F20),"INCOMPLETE",'Current Facility Requirements'!F20)) -> n/a
C37: IAQ Assessment Site Visit Report | I37: IAQ Investigation Site Visit Report
C38: EPA Energy Savings Plus Health IAQ Priority Issues | D38: IAQ Category | E38: Assessment Protocol Item | G38: CxP Assessment Reporting Notes | H38: Status | I38: EPA Energy Savings Plus Health IAQ Priority Issues | J38: IAQ Category | K38: Assessment Protocol Item | M38: CxP Investigation Reporting Notes | N38: Status
D39: 1. Asbestos | E39: AP1.1 Determine Potential Asbestos Hazard | G39: =IF(ISBLANK('Phase 2 IAQ Assessment'!F12),"INCOMPLETE",'Phase 2 IAQ Assessment'!F12) -> INCOMPLETE | H39: =IF('Phase 2 IAQ Assessment'!G12="[Select Dropdown]","INCOMPLETE",'Phase 2 IAQ Assessment'!G12) -> INCOMPLETE | J39: 1. Asbestos | K39: AP1.1 Determine Potential Asbestos Hazard | M39: =IF('Phase 2 IAQ Investigation'!E12="INCOMPLETE","INCOMPLETE",IF(OR('Phase 2 IAQ Investigation'!E12="No further investigation required",'Phase 2 IAQ Investigation'!E12="Resolved"),"n/a",IF(AND(OR('Phase 2 IAQ Investigation'!E12="Remediation Required",'Phase 2 IAQ Investigation'!E12="Needs further investigation"),ISBLANK('Phase 2 IAQ Investigation'!F12)),"INCOMPLETE",'Phase 2 IAQ Investigation'!F12))) -> INCOMPLETE | N39: =IF('Phase 2 IAQ Investigation'!G12="[Select Dropdown]","INCOMPLETE",'Phase 2 IAQ Investigation'!G12) -> INCOMPLETE
D40: 2. Below Ground Contaminants (except radon) | E40: AP2.1 Evaluate potential sources and odors | G40: =IF(ISBLANK('Phase 2 IAQ Assessment'!F14),"INCOMPLETE",'Phase 2 IAQ Assessment'!F14) -> INCOMPLETE | H40: =IF('Phase 2 IAQ Assessment'!G14="[Select Dropdown]","INCOMPLETE",'Phase 2 IAQ Assessment'!G14) -> INCOMPLETE | J40: 2. Below Ground Contaminants (except radon) | K40: AP2.1 Evaluate Sources | M40: =IF('Phase 2 IAQ Investigation'!E14="INCOMPLETE","INCOMPLETE",IF(OR('Phase 2 IAQ Investigation'!E14="No further investigation required",'Phase 2 IAQ Investigation'!E14="Resolved"),"n/a",IF(AND(OR('Phase 2 IAQ Investigation'!E14="Remediation Required",'Phase 2 IAQ Investigation'!E14="Needs further investigation"),ISBLANK('Phase 2 IAQ Investigation'!F14)),"INCOMPLETE",'Phase 2 IAQ Investigation'!F14))) -> INCOMPLETE | N40: =IF('Phase 2 IAQ Investigation'!G14="[Select Dropdown]","INCOMPLETE",'Phase 2 IAQ Investigation'!G14) -> INCOMPLETE
E41: AP2.2 Evaluate Sewer Vent System | G41: =IF(ISBLANK('Phase 2 IAQ Assessment'!F15),"INCOMPLETE",'Phase 2 IAQ Assessment'!F15) -> INCOMPLETE | H41: =IF('Phase 2 IAQ Assessment'!G15="[Select Dropdown]","INCOMPLETE",'Phase 2 IAQ Assessment'!G15) -> INCOMPLETE | K41: AP2.2 Evaluate Sewer Vent System | M41: =IF('Phase 2 IAQ Investigation'!E15="INCOMPLETE","INCOMPLETE",IF(OR('Phase 2 IAQ Investigation'!E15="No further investigation required",'Phase 2 IAQ Investigation'!E15="Resolved"),"n/a",IF(AND(OR('Phase 2 IAQ Investigation'!E15="Remediation Required",'Phase 2 IAQ Investigation'!E15="Needs further investigation"),ISBLANK('Phase 2 IAQ Investigation'!F15)),"INCOMPLETE",'Phase 2 IAQ Investigation'!F15))) -> INCOMPLETE | N41: =IF('Phase 2 IAQ Investigation'!G15="[Select Dropdown]","INCOMPLETE",'Phase 2 IAQ Investigation'!G15) -> INCOMPLETE
E42: AP2.3 Take proper action if odor source cannot be identified | G42: =IF(ISBLANK('Phase 2 IAQ Assessment'!F16),"INCOMPLETE",'Phase 2 IAQ Assessment'!F16) -> INCOMPLETE | H42: =IF('Phase 2 IAQ Assessment'!G16="[Select Dropdown]","INCOMPLETE",'Phase 2 IAQ Assessment'!G16) -> INCOMPLETE | K42: AP2.2 Evaluate Sewer Vent System | M42: =IF('Phase 2 IAQ Investigation'!E16="INCOMPLETE","INCOMPLETE",IF(OR('Phase 2 IAQ Investigation'!E16="No further investigation required",'Phase 2 IAQ Investigation'!E16="Resolved"),"n/a",IF(AND(OR('Phase 2 IAQ Investigation'!E16="Remediation Required",'Phase 2 IAQ Investigation'!E16="Needs further investigation"),ISBLANK('Phase 2 IAQ Investigation'!F16)),"INCOMPLETE",'Phase 2 IAQ Investigation'!F16))) -> INCOMPLETE | N42: =IF('Phase 2 IAQ Investigation'!G16="[Select Dropdown]","INCOMPLETE",'Phase 2 IAQ Investigation'!G16) -> INCOMPLETE
E43: AP2.4 Conduct further assessment if contamination is suspected | G43: =IF(ISBLANK('Phase 2 IAQ Assessment'!F17),"INCOMPLETE",'Phase 2 IAQ Assessment'!F17) -> INCOMPLETE | H43: =IF('Phase 2 IAQ Assessment'!G17="[Select Dropdown]","INCOMPLETE",'Phase 2 IAQ Assessment'!G17) -> INCOMPLETE | K43: AP2.2 Evaluate Sewer Vent System | M43: =IF('Phase 2 IAQ Investigation'!E17="INCOMPLETE","INCOMPLETE",IF(OR('Phase 2 IAQ Investigation'!E17="No further investigation required",'Phase 2 IAQ Investigation'!E17="Resolved"),"n/a",IF(AND(OR('Phase 2 IAQ Investigation'!E17="Remediation Required",'Phase 2 IAQ Investigation'!E17="Needs further investigation"),ISBLANK('Phase 2 IAQ Investigation'!F17)),"INCOMPLETE",'Phase 2 IAQ Investigation'!F17))) -> INCOMPLETE | N43: =IF('Phase 2 IAQ Investigation'!G17="[Select Dropdown]","INCOMPLETE",'Phase 2 IAQ Investigation'!G17) -> INCOMPLETE
D44: 3. Building Products / Material Emissions | E44: AP3.1 Review content & emissions documentation for new products | G44: =IF(ISBLANK('Phase 2 IAQ Assessment'!F19),"INCOMPLETE",'Phase 2 IAQ Assessment'!F19) -> INCOMPLETE | H44: =IF('Phase 2 IAQ Assessment'!G19="[Select Dropdown]","INCOMPLETE",'Phase 2 IAQ Assessment'!G19) -> INCOMPLETE | J44: 3. Building Products / Material Emissions | K44: AP3.1 Assess Product Choices | M44: =IF('Phase 2 IAQ Investigation'!E19="INCOMPLETE","INCOMPLETE",IF(OR('Phase 2 IAQ Investigation'!E19="No further investigation required",'Phase 2 IAQ Investigation'!E19="Resolved"),"n/a",IF(AND(OR('Phase 2 IAQ Investigation'!E19="Remediation Required",'Phase 2 IAQ Investigation'!E19="Needs further investigation"),ISBLANK('Phase 2 IAQ Investigation'!F19)),"INCOMPLETE",'Phase 2 IAQ Investigation'!F19))) -> INCOMPLETE | N44: =IF('Phase 2 IAQ Investigation'!G19="[Select Dropdown]","INCOMPLETE",'Phase 2 IAQ Investigation'!G19) -> INCOMPLETE
E45: AP3.2 Carpet | G45: =IF(ISBLANK('Phase 2 IAQ Assessment'!F20),"INCOMPLETE",'Phase 2 IAQ Assessment'!F20) -> INCOMPLETE | H45: =IF('Phase 2 IAQ Assessment'!G20="[Select Dropdown]","INCOMPLETE",'Phase 2 IAQ Assessment'!G20) -> INCOMPLETE | K45: AP3.2 Carpet | M45: =IF('Phase 2 IAQ Investigation'!E20="INCOMPLETE","INCOMPLETE",IF(OR('Phase 2 IAQ Investigation'!E20="No further investigation required",'Phase 2 IAQ Investigation'!E20="Resolved"),"n/a",IF(AND(OR('Phase 2 IAQ Investigation'!E20="Remediation Required",'Phase 2 IAQ Investigation'!E20="Needs further investigation"),ISBLANK('Phase 2 IAQ Investigation'!F20)),"INCOMPLETE",'Phase 2 IAQ Investigation'!F20))) -> INCOMPLETE | N45: =IF('Phase 2 IAQ Investigation'!G20="[Select Dropdown]","INCOMPLETE",'Phase 2 IAQ Investigation'!G20) -> INCOMPLETE
E46: AP3.3 Ventilation | G46: =IF(ISBLANK('Phase 2 IAQ Assessment'!F21),"INCOMPLETE",'Phase 2 IAQ Assessment'!F21) -> INCOMPLETE | H46: =IF('Phase 2 IAQ Assessment'!G21="[Select Dropdown]","INCOMPLETE",'Phase 2 IAQ Assessment'!G21) -> INCOMPLETE | K46: AP3.3 Ventilation | M46: =IF('Phase 2 IAQ Investigation'!E21="INCOMPLETE","INCOMPLETE",IF(OR('Phase 2 IAQ Investigation'!E21="No further investigation required",'Phase 2 IAQ Investigation'!E21="Resolved"),"n/a",IF(AND(OR('Phase 2 IAQ Investigation'!E21="Remediation Required",'Phase 2 IAQ Investigation'!E21="Needs further investigation"),ISBLANK('Phase 2 IAQ Investigation'!F21)),"INCOMPLETE",'Phase 2 IAQ Investigation'!F21))) -> INCOMPLETE | N46: =IF('Phase 2 IAQ Investigation'!G21="[Select Dropdown]","INCOMPLETE",'Phase 2 IAQ Investigation'!G21) -> INCOMPLETE
D47: 4. Environmental Tobacco Smoke | E47: AP4.1 Determine whether there is a smoke-free policy | G47: =IF(ISBLANK('Phase 2 IAQ Assessment'!F23),"INCOMPLETE",'Phase 2 IAQ Assessment'!F23) -> INCOMPLETE | H47: =IF('Phase 2 IAQ Assessment'!G23="[Select Dropdown]","INCOMPLETE",'Phase 2 IAQ Assessment'!G23) -> INCOMPLETE | K47: AP4.2 Ambient CO Testing | M47: =IF('Phase 2 IAQ Investigation'!E23="INCOMPLETE","INCOMPLETE",IF(OR('Phase 2 IAQ Investigation'!E23="No further investigation required",'Phase 2 IAQ Investigation'!E23="Resolved"),"n/a",IF(AND(OR('Phase 2 IAQ Investigation'!E23="Remediation Required",'Phase 2 IAQ Investigation'!E23="Needs further investigation"),ISBLANK('Phase 2 IAQ Investigation'!F23)),"INCOMPLETE",'Phase 2 IAQ Investigation'!F23))) -> INCOMPLETE | N47: =IF('Phase 2 IAQ Investigation'!G23="[Select Dropdown]","INCOMPLETE",'Phase 2 IAQ Investigation'!G23) -> INCOMPLETE
E48: AP4.2 Identify occupants' smoking-related concerns | G48: =IF(ISBLANK('Phase 2 IAQ Assessment'!F24),"INCOMPLETE",'Phase 2 IAQ Assessment'!F24) -> INCOMPLETE | H48: =IF('Phase 2 IAQ Assessment'!G24="[Select Dropdown]","INCOMPLETE",'Phase 2 IAQ Assessment'!G24) -> INCOMPLETE | J48: 4. Environmental Tobacco Smoke | K48: AP4.1 Conduct Assessment of CO Sources | M48: =IF('Phase 2 IAQ Investigation'!E24="INCOMPLETE","INCOMPLETE",IF(OR('Phase 2 IAQ Investigation'!E24="No further investigation required",'Phase 2 IAQ Investigation'!E24="Resolved"),"n/a",IF(AND(OR('Phase 2 IAQ Investigation'!E24="Remediation Required",'Phase 2 IAQ Investigation'!E24="Needs further investigation"),ISBLANK('Phase 2 IAQ Investigation'!F24)),"INCOMPLETE",'Phase 2 IAQ Investigation'!F24))) -> INCOMPLETE | N48: =IF('Phase 2 IAQ Investigation'!G24="[Select Dropdown]","INCOMPLETE",'Phase 2 IAQ Investigation'!G24) -> INCOMPLETE
E49: AP4.3 Asses whether compartmentalization is a possible ETS control strategy in building w/o a smoke-free policy | G49: =IF(ISBLANK('Phase 2 IAQ Assessment'!F25),"INCOMPLETE",'Phase 2 IAQ Assessment'!F25) -> INCOMPLETE | H49: =IF('Phase 2 IAQ Assessment'!G25="[Select Dropdown]","INCOMPLETE",'Phase 2 IAQ Assessment'!G25) -> INCOMPLETE | K49: AP4.2 Ambient CO Testing | M49: =IF('Phase 2 IAQ Investigation'!E25="INCOMPLETE","INCOMPLETE",IF(OR('Phase 2 IAQ Investigation'!E25="No further investigation required",'Phase 2 IAQ Investigation'!E25="Resolved"),"n/a",IF(AND(OR('Phase 2 IAQ Investigation'!E25="Remediation Required",'Phase 2 IAQ Investigation'!E25="Needs further investigation"),ISBLANK('Phase 2 IAQ Investigation'!F25)),"INCOMPLETE",'Phase 2 IAQ Investigation'!F25))) -> INCOMPLETE | N49: =IF('Phase 2 IAQ Investigation'!G25="[Select Dropdown]","INCOMPLETE",'Phase 2 IAQ Investigation'!G25) -> INCOMPLETE
D50: 5. Garage Air Pollutants | E50: AP5.1 Identify Location & Configuration of Garages | G50: =IF(ISBLANK('Phase 2 IAQ Assessment'!F27),"INCOMPLETE",'Phase 2 IAQ Assessment'!F27) -> INCOMPLETE | H50: =IF('Phase 2 IAQ Assessment'!G27="[Select Dropdown]","INCOMPLETE",'Phase 2 IAQ Assessment'!G27) -> INCOMPLETE | J50: 5. Garage Air Pollutants | K50: AP5.1 Identify Location & Configuration of Garages | M50: =IF('Phase 2 IAQ Investigation'!E27="INCOMPLETE","INCOMPLETE",IF(OR('Phase 2 IAQ Investigation'!E27="No further investigation required",'Phase 2 IAQ Investigation'!E27="Resolved"),"n/a",IF(AND(OR('Phase 2 IAQ Investigation'!E27="Remediation Required",'Phase 2 IAQ Investigation'!E27="Needs further investigation"),ISBLANK('Phase 2 IAQ Investigation'!F27)),"INCOMPLETE",'Phase 2 IAQ Investigation'!F27))) -> INCOMPLETE | N50: =IF('Phase 2 IAQ Investigation'!G27="[Select Dropdown]","INCOMPLETE",'Phase 2 IAQ Investigation'!G27) -> INCOMPLETE
E51: AP5.2 Check for HVAC Systems Inside Garage | G51: =IF(ISBLANK('Phase 2 IAQ Assessment'!F28),"INCOMPLETE",'Phase 2 IAQ Assessment'!F28) -> INCOMPLETE | H51: =IF('Phase 2 IAQ Assessment'!G28="[Select Dropdown]","INCOMPLETE",'Phase 2 IAQ Assessment'!G28) -> INCOMPLETE | K51: AP5.2 Check for HVAC Systems Inside Garage | M51: =IF('Phase 2 IAQ Investigation'!E28="INCOMPLETE","INCOMPLETE",IF(OR('Phase 2 IAQ Investigation'!E28="No further investigation required",'Phase 2 IAQ Investigation'!E28="Resolved"),"n/a",IF(AND(OR('Phase 2 IAQ Investigation'!E28="Remediation Required",'Phase 2 IAQ Investigation'!E28="Needs further investigation"),ISBLANK('Phase 2 IAQ Investigation'!F28)),"INCOMPLETE",'Phase 2 IAQ Investigation'!F28))) -> INCOMPLETE | N51: =IF('Phase 2 IAQ Investigation'!G28="[Select Dropdown]","INCOMPLETE",'Phase 2 IAQ Investigation'!G28) -> INCOMPLETE
E52: AP5.3 Locate Air Leaks | G52: =IF(ISBLANK('Phase 2 IAQ Assessment'!F29),"INCOMPLETE",'Phase 2 IAQ Assessment'!F29) -> INCOMPLETE | H52: =IF('Phase 2 IAQ Assessment'!G29="[Select Dropdown]","INCOMPLETE",'Phase 2 IAQ Assessment'!G29) -> INCOMPLETE | K52: AP5.3 Locate Air Leaks | M52: =IF('Phase 2 IAQ Investigation'!E29="INCOMPLETE","INCOMPLETE",IF(OR('Phase 2 IAQ Investigation'!E29="No further investigation required",'Phase 2 IAQ Investigation'!E29="Resolved"),"n/a",IF(AND(OR('Phase 2 IAQ Investigation'!E29="Remediation Required",'Phase 2 IAQ Investigation'!E29="Needs further investigation"),ISBLANK('Phase 2 IAQ Investigation'!F29)),"INCOMPLETE",'Phase 2 IAQ Investigation'!F29))) -> INCOMPLETE | N52: =IF('Phase 2 IAQ Investigation'!G29="[Select Dropdown]","INCOMPLETE",'Phase 2 IAQ Investigation'!G29) -> INCOMPLETE
E53: AP5.4 Determine presence of combustion applicances or engines | G53: =IF(ISBLANK('Phase 2 IAQ Assessment'!F30),"INCOMPLETE",'Phase 2 IAQ Assessment'!F30) -> INCOMPLETE | H53: =IF('Phase 2 IAQ Assessment'!G30="[Select Dropdown]","INCOMPLETE",'Phase 2 IAQ Assessment'!G30) -> INCOMPLETE | K53: AP5.4 Determine presence of combustion applicances or engines | M53: =IF('Phase 2 IAQ Investigation'!E30="INCOMPLETE","INCOMPLETE",IF(OR('Phase 2 IAQ Investigation'!E30="No further investigation required",'Phase 2 IAQ Investigation'!E30="Resolved"),"n/a",IF(AND(OR('Phase 2 IAQ Investigation'!E30="Remediation Required",'Phase 2 IAQ Investigation'!E30="Needs further investigation"),ISBLANK('Phase 2 IAQ Investigation'!F30)),"INCOMPLETE",'Phase 2 IAQ Investigation'!F30))) -> INCOMPLETE | N53: =IF('Phase 2 IAQ Investigation'!G30="[Select Dropdown]","INCOMPLETE",'Phase 2 IAQ Investigation'!G30) -> INCOMPLETE
E54: AP5.5 Occupant Complaints | G54: =IF(ISBLANK('Phase 2 IAQ Assessment'!F31),"INCOMPLETE",'Phase 2 IAQ Assessment'!F31) -> INCOMPLETE | H54: =IF('Phase 2 IAQ Assessment'!G31="[Select Dropdown]","INCOMPLETE",'Phase 2 IAQ Assessment'!G31) -> INCOMPLETE | K54: AP5.5 Occupant Complaints | M54: =IF('Phase 2 IAQ Investigation'!E31="INCOMPLETE","INCOMPLETE",IF(OR('Phase 2 IAQ Investigation'!E31="No further investigation required",'Phase 2 IAQ Investigation'!E31="Resolved"),"n/a",IF(AND(OR('Phase 2 IAQ Investigation'!E31="Remediation Required",'Phase 2 IAQ Investigation'!E31="Needs further investigation"),ISBLANK('Phase 2 IAQ Investigation'!F31)),"INCOMPLETE",'Phase 2 IAQ Investigation'!F31))) -> INCOMPLETE | N54: =IF('Phase 2 IAQ Investigation'!G31="[Select Dropdown]","INCOMPLETE",'Phase 2 IAQ Investigation'!G31) -> INCOMPLETE
D55: 6. Lead | E55: AP6.1 Assess Paint Conditions | G55: =IF(ISBLANK('Phase 2 IAQ Assessment'!F33),"INCOMPLETE",'Phase 2 IAQ Assessment'!F33) -> INCOMPLETE | H55: =IF('Phase 2 IAQ Assessment'!G33="[Select Dropdown]","INCOMPLETE",'Phase 2 IAQ Assessment'!G33) -> INCOMPLETE | J55: 6. Lead | K55: AP6.1 Assess Paint Conditions | M55: =IF('Phase 2 IAQ Investigation'!E33="INCOMPLETE","INCOMPLETE",IF(OR('Phase 2 IAQ Investigation'!E33="No further investigation required",'Phase 2 IAQ Investigation'!E33="Resolved"),"n/a",IF(AND(OR('Phase 2 IAQ Investigation'!E33="Remediation Required",'Phase 2 IAQ Investigation'!E33="Needs further investigation"),ISBLANK('Phase 2 IAQ Investigation'!F33)),"INCOMPLETE",'Phase 2 IAQ Investigation'!F33))) -> INCOMPLETE | N55: =IF('Phase 2 IAQ Investigation'!G33="[Select Dropdown]","INCOMPLETE",'Phase 2 IAQ Investigation'!G33) -> INCOMPLETE
E56: AP6.2 Testing Method | G56: =IF(ISBLANK('Phase 2 IAQ Assessment'!F34),"INCOMPLETE",'Phase 2 IAQ Assessment'!F34) -> INCOMPLETE | H56: =IF('Phase 2 IAQ Assessment'!G34="[Select Dropdown]","INCOMPLETE",'Phase 2 IAQ Assessment'!G34) -> INCOMPLETE | K56: AP6.2 Testing Method | M56: =IF('Phase 2 IAQ Investigation'!E34="INCOMPLETE","INCOMPLETE",IF(OR('Phase 2 IAQ Investigation'!E34="No further investigation required",'Phase 2 IAQ Investigation'!E34="Resolved"),"n/a",IF(AND(OR('Phase 2 IAQ Investigation'!E34="Remediation Required",'Phase 2 IAQ Investigation'!E34="Needs further investigation"),ISBLANK('Phase 2 IAQ Investigation'!F34)),"INCOMPLETE",'Phase 2 IAQ Investigation'!F34))) -> INCOMPLETE | N56: =IF('Phase 2 IAQ Investigation'!G34="[Select Dropdown]","INCOMPLETE",'Phase 2 IAQ Investigation'!G34) -> INCOMPLETE
D57: 7. Moisture & Mold | E57: AP7.1 Inspect for Moisture Problems | G57: =IF(ISBLANK('Phase 2 IAQ Assessment'!F36),"INCOMPLETE",'Phase 2 IAQ Assessment'!F36) -> INCOMPLETE | H57: =IF('Phase 2 IAQ Assessment'!G36="[Select Dropdown]","INCOMPLETE",'Phase 2 IAQ Assessment'!G36) -> INCOMPLETE | J57: 7. Moisture & Mold | K57: AP7.1 Inspect for Moisture Problems | M57: =IF('Phase 2 IAQ Investigation'!E36="INCOMPLETE","INCOMPLETE",IF(OR('Phase 2 IAQ Investigation'!E36="No further investigation required",'Phase 2 IAQ Investigation'!E36="Resolved"),"n/a",IF(AND(OR('Phase 2 IAQ Investigation'!E36="Remediation Required",'Phase 2 IAQ Investigation'!E36="Needs further investigation"),ISBLANK('Phase 2 IAQ Investigation'!F36)),"INCOMPLETE",'Phase 2 IAQ Investigation'!F36))) -> INCOMPLETE | N57: =IF('Phase 2 IAQ Investigation'!G36="[Select Dropdown]","INCOMPLETE",'Phase 2 IAQ Investigation'!G36) -> INCOMPLETE
E58: AP7.2 Determine Whether Mold Remediateion is Required | G58: =IF(ISBLANK('Phase 2 IAQ Assessment'!F37),"INCOMPLETE",'Phase 2 IAQ Assessment'!F37) -> INCOMPLETE | H58: =IF('Phase 2 IAQ Assessment'!G37="[Select Dropdown]","INCOMPLETE",'Phase 2 IAQ Assessment'!G37) -> INCOMPLETE | K58: AP7.2 Determine Whether Mold Remediateion is Required | M58: =IF('Phase 2 IAQ Investigation'!E37="INCOMPLETE","INCOMPLETE",IF(OR('Phase 2 IAQ Investigation'!E37="No further investigation required",'Phase 2 IAQ Investigation'!E37="Resolved"),"n/a",IF(AND(OR('Phase 2 IAQ Investigation'!E37="Remediation Required",'Phase 2 IAQ Investigation'!E37="Needs further investigation"),ISBLANK('Phase 2 IAQ Investigation'!F37)),"INCOMPLETE",'Phase 2 IAQ Investigation'!F37))) -> INCOMPLETE | N58: =IF('Phase 2 IAQ Investigation'!G37="[Select Dropdown]","INCOMPLETE",'Phase 2 IAQ Investigation'!G37) -> INCOMPLETE
E59: AP7.3 Identify Moisture or Mold Problems to Address before Upgrades | G59: =IF(ISBLANK('Phase 2 IAQ Assessment'!F38),"INCOMPLETE",'Phase 2 IAQ Assessment'!F38) -> INCOMPLETE | H59: =IF('Phase 2 IAQ Assessment'!G38="[Select Dropdown]","INCOMPLETE",'Phase 2 IAQ Assessment'!G38) -> INCOMPLETE | K59: AP7.3 Identify Moisture or Mold Problems to Address before Upgrades | M59: =IF('Phase 2 IAQ Investigation'!E38="INCOMPLETE","INCOMPLETE",IF(OR('Phase 2 IAQ Investigation'!E38="No further investigation required",'Phase 2 IAQ Investigation'!E38="Resolved"),"n/a",IF(AND(OR('Phase 2 IAQ Investigation'!E38="Remediation Required",'Phase 2 IAQ Investigation'!E38="Needs further investigation"),ISBLANK('Phase 2 IAQ Investigation'!F38)),"INCOMPLETE",'Phase 2 IAQ Investigation'!F38))) -> INCOMPLETE | N59: =IF('Phase 2 IAQ Investigation'!G38="[Select Dropdown]","INCOMPLETE",'Phase 2 IAQ Investigation'!G38) -> INCOMPLETE
E60: AP7.4 Identify Moisture Problems that may Limit Upgrades | G60: =IF(ISBLANK('Phase 2 IAQ Assessment'!F39),"INCOMPLETE",'Phase 2 IAQ Assessment'!F39) -> INCOMPLETE | H60: =IF('Phase 2 IAQ Assessment'!G39="[Select Dropdown]","INCOMPLETE",'Phase 2 IAQ Assessment'!G39) -> INCOMPLETE | K60: AP7.4 Identify Moisture Problems that may Limit Upgrades | M60: =IF('Phase 2 IAQ Investigation'!E39="INCOMPLETE","INCOMPLETE",IF(OR('Phase 2 IAQ Investigation'!E39="No further investigation required",'Phase 2 IAQ Investigation'!E39="Resolved"),"n/a",IF(AND(OR('Phase 2 IAQ Investigation'!E39="Remediation Required",'Phase 2 IAQ Investigation'!E39="Needs further investigation"),ISBLANK('Phase 2 IAQ Investigation'!F39)),"INCOMPLETE",'Phase 2 IAQ Investigation'!F39))) -> INCOMPLETE | N60: =IF('Phase 2 IAQ Investigation'!G39="[Select Dropdown]","INCOMPLETE",'Phase 2 IAQ Investigation'!G39) -> INCOMPLETE
D61: 8. Outdoor Air Sources and Conditions | E61: AP8.1 Consider outdoor pollutant sources and conditions that impact the indoor environment | G61: =IF(ISBLANK('Phase 2 IAQ Assessment'!F41),"INCOMPLETE",'Phase 2 IAQ Assessment'!F41) -> INCOMPLETE | H61: =IF('Phase 2 IAQ Assessment'!G41="[Select Dropdown]","INCOMPLETE",'Phase 2 IAQ Assessment'!G41) -> INCOMPLETE | J61: 8. Outdoor Air Sources and Conditions | K61: AP8.1 Consider outdoor pollutant sources and conditions that impact the indoor environment | M61: =IF('Phase 2 IAQ Investigation'!E41="INCOMPLETE","INCOMPLETE",IF(OR('Phase 2 IAQ Investigation'!E41="No further investigation required",'Phase 2 IAQ Investigation'!E41="Resolved"),"n/a",IF(AND(OR('Phase 2 IAQ Investigation'!E41="Remediation Required",'Phase 2 IAQ Investigation'!E41="Needs further investigation"),ISBLANK('Phase 2 IAQ Investigation'!F41)),"INCOMPLETE",'Phase 2 IAQ Investigation'!F41))) -> INCOMPLETE | N61: =IF('Phase 2 IAQ Investigation'!G41="[Select Dropdown]","INCOMPLETE",'Phase 2 IAQ Investigation'!G41) -> INCOMPLETE
E62: AP8.2 Occupant complaints | G62: =IF(ISBLANK('Phase 2 IAQ Assessment'!F42),"INCOMPLETE",'Phase 2 IAQ Assessment'!F42) -> INCOMPLETE | H62: =IF('Phase 2 IAQ Assessment'!G42="[Select Dropdown]","INCOMPLETE",'Phase 2 IAQ Assessment'!G42) -> INCOMPLETE | K62: AP8.2 Occupant complaints | M62: =IF('Phase 2 IAQ Investigation'!E42="INCOMPLETE","INCOMPLETE",IF(OR('Phase 2 IAQ Investigation'!E42="No further investigation required",'Phase 2 IAQ Investigation'!E42="Resolved"),"n/a",IF(AND(OR('Phase 2 IAQ Investigation'!E42="Remediation Required",'Phase 2 IAQ Investigation'!E42="Needs further investigation"),ISBLANK('Phase 2 IAQ Investigation'!F42)),"INCOMPLETE",'Phase 2 IAQ Investigation'!F42))) -> INCOMPLETE | N62: =IF('Phase 2 IAQ Investigation'!G42="[Select Dropdown]","INCOMPLETE",'Phase 2 IAQ Investigation'!G42) -> INCOMPLETE
D63: 9. Pests | E63: AP9.1 Identify potential pests and integrated pest management (IPM) resources | G63: =IF(ISBLANK('Phase 2 IAQ Assessment'!F44),"INCOMPLETE",'Phase 2 IAQ Assessment'!F44) -> INCOMPLETE | H63: =IF('Phase 2 IAQ Assessment'!G44="[Select Dropdown]","INCOMPLETE",'Phase 2 IAQ Assessment'!G44) -> INCOMPLETE | J63: 9. Pests | K63: AP9.1 Identify potential pests and integrated pest management (IPM) resources | M63: =IF('Phase 2 IAQ Investigation'!E44="INCOMPLETE","INCOMPLETE",IF(OR('Phase 2 IAQ Investigation'!E44="No further investigation required",'Phase 2 IAQ Investigation'!E44="Resolved"),"n/a",IF(AND(OR('Phase 2 IAQ Investigation'!E44="Remediation Required",'Phase 2 IAQ Investigation'!E44="Needs further investigation"),ISBLANK('Phase 2 IAQ Investigation'!F44)),"INCOMPLETE",'Phase 2 IAQ Investigation'!F44))) -> INCOMPLETE | N63: =IF('Phase 2 IAQ Investigation'!G44="[Select Dropdown]","INCOMPLETE",'Phase 2 IAQ Investigation'!G44) -> INCOMPLETE
E64: AP9.2 Identify evidence of pests | G64: =IF(ISBLANK('Phase 2 IAQ Assessment'!F45),"INCOMPLETE",'Phase 2 IAQ Assessment'!F45) -> INCOMPLETE | H64: =IF('Phase 2 IAQ Assessment'!G45="[Select Dropdown]","INCOMPLETE",'Phase 2 IAQ Assessment'!G45) -> INCOMPLETE | K64: AP9.2 Identify evidence of pests | M64: =IF('Phase 2 IAQ Investigation'!E45="INCOMPLETE","INCOMPLETE",IF(OR('Phase 2 IAQ Investigation'!E45="No further investigation required",'Phase 2 IAQ Investigation'!E45="Resolved"),"n/a",IF(AND(OR('Phase 2 IAQ Investigation'!E45="Remediation Required",'Phase 2 IAQ Investigation'!E45="Needs further investigation"),ISBLANK('Phase 2 IAQ Investigation'!F45)),"INCOMPLETE",'Phase 2 IAQ Investigation'!F45))) -> INCOMPLETE | N64: =IF('Phase 2 IAQ Investigation'!G45="[Select Dropdown]","INCOMPLETE",'Phase 2 IAQ Investigation'!G45) -> INCOMPLETE
E65: AP9.3 Assess whether the building has an IPM Plan | G65: =IF(ISBLANK('Phase 2 IAQ Assessment'!F46),"INCOMPLETE",'Phase 2 IAQ Assessment'!F46) -> INCOMPLETE | H65: =IF('Phase 2 IAQ Assessment'!G46="[Select Dropdown]","INCOMPLETE",'Phase 2 IAQ Assessment'!G46) -> INCOMPLETE | K65: AP9.3 Assess whether the building has an IPM Plan | M65: =IF('Phase 2 IAQ Investigation'!E46="INCOMPLETE","INCOMPLETE",IF(OR('Phase 2 IAQ Investigation'!E46="No further investigation required",'Phase 2 IAQ Investigation'!E46="Resolved"),"n/a",IF(AND(OR('Phase 2 IAQ Investigation'!E46="Remediation Required",'Phase 2 IAQ Investigation'!E46="Needs further investigation"),ISBLANK('Phase 2 IAQ Investigation'!F46)),"INCOMPLETE",'Phase 2 IAQ Investigation'!F46))) -> INCOMPLETE | N65: =IF('Phase 2 IAQ Investigation'!G46="[Select Dropdown]","INCOMPLETE",'Phase 2 IAQ Investigation'!G46) -> INCOMPLETE
D66: 10. Polychlorinated Biphenyls | E66: AP10.1 Determine whether any light ballasts containing PCBs are present | G66: =IF(ISBLANK('Phase 2 IAQ Assessment'!F48),"INCOMPLETE",'Phase 2 IAQ Assessment'!F48) -> INCOMPLETE | H66: =IF('Phase 2 IAQ Assessment'!G48="[Select Dropdown]","INCOMPLETE",'Phase 2 IAQ Assessment'!G48) -> INCOMPLETE | J66: 10. Polychlorinated Biphenyls | K66: AP10.1 Determine whether any light ballasts containing PCBs are present | M66: =IF('Phase 2 IAQ Investigation'!E48="INCOMPLETE","INCOMPLETE",IF(OR('Phase 2 IAQ Investigation'!E48="No further investigation required",'Phase 2 IAQ Investigation'!E48="Resolved"),"n/a",IF(AND(OR('Phase 2 IAQ Investigation'!E48="Remediation Required",'Phase 2 IAQ Investigation'!E48="Needs further investigation"),ISBLANK('Phase 2 IAQ Investigation'!F48)),"INCOMPLETE",'Phase 2 IAQ Investigation'!F48))) -> INCOMPLETE | N66: =IF('Phase 2 IAQ Investigation'!G48="[Select Dropdown]","INCOMPLETE",'Phase 2 IAQ Investigation'!G48) -> INCOMPLETE
E67: AP10.2 Assess whether calk will be disturbed | G67: =IF(ISBLANK('Phase 2 IAQ Assessment'!F49),"INCOMPLETE",'Phase 2 IAQ Assessment'!F49) -> INCOMPLETE | H67: =IF('Phase 2 IAQ Assessment'!G49="[Select Dropdown]","INCOMPLETE",'Phase 2 IAQ Assessment'!G49) -> INCOMPLETE | K67: AP10.2 Assess whether calk will be disturbed | M67: =IF('Phase 2 IAQ Investigation'!E49="INCOMPLETE","INCOMPLETE",IF(OR('Phase 2 IAQ Investigation'!E49="No further investigation required",'Phase 2 IAQ Investigation'!E49="Resolved"),"n/a",IF(AND(OR('Phase 2 IAQ Investigation'!E49="Remediation Required",'Phase 2 IAQ Investigation'!E49="Needs further investigation"),ISBLANK('Phase 2 IAQ Investigation'!F49)),"INCOMPLETE",'Phase 2 IAQ Investigation'!F49))) -> INCOMPLETE | N67: =IF('Phase 2 IAQ Investigation'!G49="[Select Dropdown]","INCOMPLETE",'Phase 2 IAQ Investigation'!G49) -> INCOMPLETE
D68: 11. Radon | E68: AP11.1 Determine whether the building has an active Radon Mitigation System | G68: =IF(ISBLANK('Phase 2 IAQ Assessment'!F51),"INCOMPLETE",'Phase 2 IAQ Assessment'!F51) -> INCOMPLETE | H68: =IF('Phase 2 IAQ Assessment'!G51="[Select Dropdown]","INCOMPLETE",'Phase 2 IAQ Assessment'!G51) -> INCOMPLETE | J68: 11. Radon | K68: AP11.1 Determine whether the building has an active Radon Mitigation System | M68: =IF('Phase 2 IAQ Investigation'!E51="INCOMPLETE","INCOMPLETE",IF(OR('Phase 2 IAQ Investigation'!E51="No further investigation required",'Phase 2 IAQ Investigation'!E51="Resolved"),"n/a",IF(AND(OR('Phase 2 IAQ Investigation'!E51="Remediation Required",'Phase 2 IAQ Investigation'!E51="Needs further investigation"),ISBLANK('Phase 2 IAQ Investigation'!F51)),"INCOMPLETE",'Phase 2 IAQ Investigation'!F51))) -> INCOMPLETE | N68: =IF('Phase 2 IAQ Investigation'!G51="[Select Dropdown]","INCOMPLETE",'Phase 2 IAQ Investigation'!G51) -> INCOMPLETE
E69: AP11.2 Select a radon-testing professional for building w/o an active radon system | G69: =IF(ISBLANK('Phase 2 IAQ Assessment'!F52),"INCOMPLETE",'Phase 2 IAQ Assessment'!F52) -> INCOMPLETE | H69: =IF('Phase 2 IAQ Assessment'!G52="[Select Dropdown]","INCOMPLETE",'Phase 2 IAQ Assessment'!G52) -> INCOMPLETE | K69: AP11.2 Select a radon-testing professional for building w/o an active radon system | M69: =IF('Phase 2 IAQ Investigation'!E52="INCOMPLETE","INCOMPLETE",IF(OR('Phase 2 IAQ Investigation'!E52="No further investigation required",'Phase 2 IAQ Investigation'!E52="Resolved"),"n/a",IF(AND(OR('Phase 2 IAQ Investigation'!E52="Remediation Required",'Phase 2 IAQ Investigation'!E52="Needs further investigation"),ISBLANK('Phase 2 IAQ Investigation'!F52)),"INCOMPLETE",'Phase 2 IAQ Investigation'!F52))) -> INCOMPLETE | N69: =IF('Phase 2 IAQ Investigation'!G52="[Select Dropdown]","INCOMPLETE",'Phase 2 IAQ Investigation'!G52) -> INCOMPLETE
E70: AP11.3 Determine whether radon testing will be completed either (1) pre- and post-upgrades or (2) post-upgrades only | G70: =IF(ISBLANK('Phase 2 IAQ Assessment'!F53),"INCOMPLETE",'Phase 2 IAQ Assessment'!F53) -> INCOMPLETE | H70: =IF('Phase 2 IAQ Assessment'!G53="[Select Dropdown]","INCOMPLETE",'Phase 2 IAQ Assessment'!G53) -> INCOMPLETE | K70: AP11.3 Determine whether radon testing will be completed either (1) pre- and post-upgrades or (2) post-upgrades only | M70: =IF('Phase 2 IAQ Investigation'!E53="INCOMPLETE","INCOMPLETE",IF(OR('Phase 2 IAQ Investigation'!E53="No further investigation required",'Phase 2 IAQ Investigation'!E53="Resolved"),"n/a",IF(AND(OR('Phase 2 IAQ Investigation'!E53="Remediation Required",'Phase 2 IAQ Investigation'!E53="Needs further investigation"),ISBLANK('Phase 2 IAQ Investigation'!F53)),"INCOMPLETE",'Phase 2 IAQ Investigation'!F53))) -> INCOMPLETE | N70: =IF('Phase 2 IAQ Investigation'!G53="[Select Dropdown]","INCOMPLETE",'Phase 2 IAQ Investigation'!G53) -> INCOMPLETE
D71: 12. Tracked-In Pollutants | E71: AP12.1 Inspect floor surfaces at building common entrances | G71: =IF(ISBLANK('Phase 2 IAQ Assessment'!F55),"INCOMPLETE",'Phase 2 IAQ Assessment'!F55) -> INCOMPLETE | H71: =IF('Phase 2 IAQ Assessment'!G55="[Select Dropdown]","INCOMPLETE",'Phase 2 IAQ Assessment'!G55) -> INCOMPLETE | J71: 12. Tracked-In Pollutants | K71: AP12.1 Inspect floor surfaces at building common entrances | M71: =IF('Phase 2 IAQ Investigation'!E55="INCOMPLETE","INCOMPLETE",IF(OR('Phase 2 IAQ Investigation'!E55="No further investigation required",'Phase 2 IAQ Investigation'!E55="Resolved"),"n/a",IF(AND(OR('Phase 2 IAQ Investigation'!E55="Remediation Required",'Phase 2 IAQ Investigation'!E55="Needs further investigation"),ISBLANK('Phase 2 IAQ Investigation'!F55)),"INCOMPLETE",'Phase 2 IAQ Investigation'!F55))) -> INCOMPLETE | N71: =IF('Phase 2 IAQ Investigation'!G55="[Select Dropdown]","INCOMPLETE",'Phase 2 IAQ Investigation'!G55) -> INCOMPLETE
D72: 13. Unvented Combustion Appliances | E72: AP13.1 Identify unvented combustion appliances and applicable regulations | G72: =IF(ISBLANK('Phase 2 IAQ Assessment'!F57),"INCOMPLETE",'Phase 2 IAQ Assessment'!F57) -> INCOMPLETE | H72: =IF('Phase 2 IAQ Assessment'!G57="[Select Dropdown]","INCOMPLETE",'Phase 2 IAQ Assessment'!G57) -> INCOMPLETE | J72: 13. Unvented Combustion Appliances | K72: AP13.1 Identify unvented combustion appliances and applicable regulations | M72: =IF('Phase 2 IAQ Investigation'!E57="INCOMPLETE","INCOMPLETE",IF(OR('Phase 2 IAQ Investigation'!E57="No further investigation required",'Phase 2 IAQ Investigation'!E57="Resolved"),"n/a",IF(AND(OR('Phase 2 IAQ Investigation'!E57="Remediation Required",'Phase 2 IAQ Investigation'!E57="Needs further investigation"),ISBLANK('Phase 2 IAQ Investigation'!F57)),"INCOMPLETE",'Phase 2 IAQ Investigation'!F57))) -> INCOMPLETE | N72: =IF('Phase 2 IAQ Investigation'!G57="[Select Dropdown]","INCOMPLETE",'Phase 2 IAQ Investigation'!G57) -> INCOMPLETE
E73: AP13.2 Conduct a safety inspection | G73: =IF(ISBLANK('Phase 2 IAQ Assessment'!F58),"INCOMPLETE",'Phase 2 IAQ Assessment'!F58) -> INCOMPLETE | H73: =IF('Phase 2 IAQ Assessment'!G58="[Select Dropdown]","INCOMPLETE",'Phase 2 IAQ Assessment'!G58) -> INCOMPLETE | K73: AP13.2 Conduct a safety inspection | M73: =IF('Phase 2 IAQ Investigation'!E58="INCOMPLETE","INCOMPLETE",IF(OR('Phase 2 IAQ Investigation'!E58="No further investigation required",'Phase 2 IAQ Investigation'!E58="Resolved"),"n/a",IF(AND(OR('Phase 2 IAQ Investigation'!E58="Remediation Required",'Phase 2 IAQ Investigation'!E58="Needs further investigation"),ISBLANK('Phase 2 IAQ Investigation'!F58)),"INCOMPLETE",'Phase 2 IAQ Investigation'!F58))) -> INCOMPLETE | N73: =IF('Phase 2 IAQ Investigation'!G58="[Select Dropdown]","INCOMPLETE",'Phase 2 IAQ Investigation'!G58) -> INCOMPLETE
E74: AP13.3 Determine whether CO detection and warning equipment is installed | G74: =IF(ISBLANK('Phase 2 IAQ Assessment'!F59),"INCOMPLETE",'Phase 2 IAQ Assessment'!F59) -> INCOMPLETE | H74: =IF('Phase 2 IAQ Assessment'!G59="[Select Dropdown]","INCOMPLETE",'Phase 2 IAQ Assessment'!G59) -> INCOMPLETE | K74: AP13.3 Determine whether CO detection and warning equipment is installed | M74: =IF('Phase 2 IAQ Investigation'!E59="INCOMPLETE","INCOMPLETE",IF(OR('Phase 2 IAQ Investigation'!E59="No further investigation required",'Phase 2 IAQ Investigation'!E59="Resolved"),"n/a",IF(AND(OR('Phase 2 IAQ Investigation'!E59="Remediation Required",'Phase 2 IAQ Investigation'!E59="Needs further investigation"),ISBLANK('Phase 2 IAQ Investigation'!F59)),"INCOMPLETE",'Phase 2 IAQ Investigation'!F59))) -> INCOMPLETE | N74: =IF('Phase 2 IAQ Investigation'!G59="[Select Dropdown]","INCOMPLETE",'Phase 2 IAQ Investigation'!G59) -> INCOMPLETE
E75: AP13.4 Inquire about occupant complaints | G75: =IF(ISBLANK('Phase 2 IAQ Assessment'!F60),"INCOMPLETE",'Phase 2 IAQ Assessment'!F60) -> INCOMPLETE | H75: =IF('Phase 2 IAQ Assessment'!G60="[Select Dropdown]","INCOMPLETE",'Phase 2 IAQ Assessment'!G60) -> INCOMPLETE | K75: AP13.4 Inquire about occupant complaints | M75: =IF('Phase 2 IAQ Investigation'!E60="INCOMPLETE","INCOMPLETE",IF(OR('Phase 2 IAQ Investigation'!E60="No further investigation required",'Phase 2 IAQ Investigation'!E60="Resolved"),"n/a",IF(AND(OR('Phase 2 IAQ Investigation'!E60="Remediation Required",'Phase 2 IAQ Investigation'!E60="Needs further investigation"),ISBLANK('Phase 2 IAQ Investigation'!F60)),"INCOMPLETE",'Phase 2 IAQ Investigation'!F60))) -> INCOMPLETE | N75: =IF('Phase 2 IAQ Investigation'!G60="[Select Dropdown]","INCOMPLETE",'Phase 2 IAQ Investigation'!G60) -> INCOMPLETE
D76: 14. Vented Combustion Appliances | E76: AP14.1 Conduct a combustion safety inspection | G76: =IF(ISBLANK('Phase 2 IAQ Assessment'!F62),"INCOMPLETE",'Phase 2 IAQ Assessment'!F62) -> INCOMPLETE | H76: =IF('Phase 2 IAQ Assessment'!G62="[Select Dropdown]","INCOMPLETE",'Phase 2 IAQ Assessment'!G62) -> INCOMPLETE | J76: 14. Vented Combustion Appliances | K76: AP13.1 Evaluate Existing Equipment | M76: =IF('Phase 2 IAQ Investigation'!E62="INCOMPLETE","INCOMPLETE",IF(OR('Phase 2 IAQ Investigation'!E62="No further investigation required",'Phase 2 IAQ Investigation'!E62="Resolved"),"n/a",IF(AND(OR('Phase 2 IAQ Investigation'!E62="Remediation Required",'Phase 2 IAQ Investigation'!E62="Needs further investigation"),ISBLANK('Phase 2 IAQ Investigation'!F62)),"INCOMPLETE",'Phase 2 IAQ Investigation'!F62))) -> INCOMPLETE | N76: =IF('Phase 2 IAQ Investigation'!G62="[Select Dropdown]","INCOMPLETE",'Phase 2 IAQ Investigation'!G62) -> INCOMPLETE
E77: AP14.2 Determine whether CO detection and warning equipment is installed | G77: =IF(ISBLANK('Phase 2 IAQ Assessment'!F63),"INCOMPLETE",'Phase 2 IAQ Assessment'!F63) -> INCOMPLETE | H77: =IF('Phase 2 IAQ Assessment'!G63="[Select Dropdown]","INCOMPLETE",'Phase 2 IAQ Assessment'!G63) -> INCOMPLETE | K77: AP14.2 Determine whether CO detection and warning equipment is installed | M77: =IF('Phase 2 IAQ Investigation'!E63="INCOMPLETE","INCOMPLETE",IF(OR('Phase 2 IAQ Investigation'!E63="No further investigation required",'Phase 2 IAQ Investigation'!E63="Resolved"),"n/a",IF(AND(OR('Phase 2 IAQ Investigation'!E63="Remediation Required",'Phase 2 IAQ Investigation'!E63="Needs further investigation"),ISBLANK('Phase 2 IAQ Investigation'!F63)),"INCOMPLETE",'Phase 2 IAQ Investigation'!F63))) -> INCOMPLETE | N77: =IF('Phase 2 IAQ Investigation'!G63="[Select Dropdown]","INCOMPLETE",'Phase 2 IAQ Investigation'!G63) -> INCOMPLETE
E78: AP14.3 Inquire about occupant complaints | G78: =IF(ISBLANK('Phase 2 IAQ Assessment'!F64),"INCOMPLETE",'Phase 2 IAQ Assessment'!F64) -> INCOMPLETE | H78: =IF('Phase 2 IAQ Assessment'!G64="[Select Dropdown]","INCOMPLETE",'Phase 2 IAQ Assessment'!G64) -> INCOMPLETE | K78: AP14.3 Inquire about occupant complaints | M78: =IF('Phase 2 IAQ Investigation'!E64="INCOMPLETE","INCOMPLETE",IF(OR('Phase 2 IAQ Investigation'!E64="No further investigation required",'Phase 2 IAQ Investigation'!E64="Resolved"),"n/a",IF(AND(OR('Phase 2 IAQ Investigation'!E64="Remediation Required",'Phase 2 IAQ Investigation'!E64="Needs further investigation"),ISBLANK('Phase 2 IAQ Investigation'!F64)),"INCOMPLETE",'Phase 2 IAQ Investigation'!F64))) -> INCOMPLETE | N78: =IF('Phase 2 IAQ Investigation'!G64="[Select Dropdown]","INCOMPLETE",'Phase 2 IAQ Investigation'!G64) -> INCOMPLETE
D79: 15. Wood Smoke and Other Solid Fuel Emissions | E79: AP15.1 Determine whether wood- or coal-burning appliances are present | G79: =IF(ISBLANK('Phase 2 IAQ Assessment'!F66),"INCOMPLETE",'Phase 2 IAQ Assessment'!F66) -> INCOMPLETE | H79: =IF('Phase 2 IAQ Assessment'!G66="[Select Dropdown]","INCOMPLETE",'Phase 2 IAQ Assessment'!G66) -> INCOMPLETE | J79: 15. Wood Smoke and Other Solid Fuel Emissions | K79: AP15.1 Determine whether wood- or coal-burning appliances are present | M79: =IF('Phase 2 IAQ Investigation'!E66="INCOMPLETE","INCOMPLETE",IF(OR('Phase 2 IAQ Investigation'!E66="No further investigation required",'Phase 2 IAQ Investigation'!E66="Resolved"),"n/a",IF(AND(OR('Phase 2 IAQ Investigation'!E66="Remediation Required",'Phase 2 IAQ Investigation'!E66="Needs further investigation"),ISBLANK('Phase 2 IAQ Investigation'!F66)),"INCOMPLETE",'Phase 2 IAQ Investigation'!F66))) -> INCOMPLETE | N79: =IF('Phase 2 IAQ Investigation'!G66="[Select Dropdown]","INCOMPLETE",'Phase 2 IAQ Investigation'!G66) -> INCOMPLETE
E80: AP15.2 Assess proper size and EPA Certification of wood- or coal-burning appliances | G80: =IF(ISBLANK('Phase 2 IAQ Assessment'!F67),"INCOMPLETE",'Phase 2 IAQ Assessment'!F67) -> INCOMPLETE | H80: =IF('Phase 2 IAQ Assessment'!G67="[Select Dropdown]","INCOMPLETE",'Phase 2 IAQ Assessment'!G67) -> INCOMPLETE | K80: AP15.2 Assess proper size and EPA Certification of wood- or coal-burning appliances | M80: =IF('Phase 2 IAQ Investigation'!E67="INCOMPLETE","INCOMPLETE",IF(OR('Phase 2 IAQ Investigation'!E67="No further investigation required",'Phase 2 IAQ Investigation'!E67="Resolved"),"n/a",IF(AND(OR('Phase 2 IAQ Investigation'!E67="Remediation Required",'Phase 2 IAQ Investigation'!E67="Needs further investigation"),ISBLANK('Phase 2 IAQ Investigation'!F67)),"INCOMPLETE",'Phase 2 IAQ Investigation'!F67))) -> INCOMPLETE | N80: =IF('Phase 2 IAQ Investigation'!G67="[Select Dropdown]","INCOMPLETE",'Phase 2 IAQ Investigation'!G67) -> INCOMPLETE
E81: AP15.3 Assess appliance safety | G81: =IF(ISBLANK('Phase 2 IAQ Assessment'!F68),"INCOMPLETE",'Phase 2 IAQ Assessment'!F68) -> INCOMPLETE | H81: =IF('Phase 2 IAQ Assessment'!G68="[Select Dropdown]","INCOMPLETE",'Phase 2 IAQ Assessment'!G68) -> INCOMPLETE | K81: AP15.3 Assess appliance safety | M81: =IF('Phase 2 IAQ Investigation'!E68="INCOMPLETE","INCOMPLETE",IF(OR('Phase 2 IAQ Investigation'!E68="No further investigation required",'Phase 2 IAQ Investigation'!E68="Resolved"),"n/a",IF(AND(OR('Phase 2 IAQ Investigation'!E68="Remediation Required",'Phase 2 IAQ Investigation'!E68="Needs further investigation"),ISBLANK('Phase 2 IAQ Investigation'!F68)),"INCOMPLETE",'Phase 2 IAQ Investigation'!F68))) -> INCOMPLETE | N81: =IF('Phase 2 IAQ Investigation'!G68="[Select Dropdown]","INCOMPLETE",'Phase 2 IAQ Investigation'!G68) -> INCOMPLETE
E82: AP15.4 Identify presence of indoor smoke | G82: =IF(ISBLANK('Phase 2 IAQ Assessment'!F69),"INCOMPLETE",'Phase 2 IAQ Assessment'!F69) -> INCOMPLETE | H82: =IF('Phase 2 IAQ Assessment'!G69="[Select Dropdown]","INCOMPLETE",'Phase 2 IAQ Assessment'!G69) -> INCOMPLETE | K82: AP15.4 Identify presence of indoor smoke | M82: =IF('Phase 2 IAQ Investigation'!E69="INCOMPLETE","INCOMPLETE",IF(OR('Phase 2 IAQ Investigation'!E69="No further investigation required",'Phase 2 IAQ Investigation'!E69="Resolved"),"n/a",IF(AND(OR('Phase 2 IAQ Investigation'!E69="Remediation Required",'Phase 2 IAQ Investigation'!E69="Needs further investigation"),ISBLANK('Phase 2 IAQ Investigation'!F69)),"INCOMPLETE",'Phase 2 IAQ Investigation'!F69))) -> INCOMPLETE | N82: =IF('Phase 2 IAQ Investigation'!G69="[Select Dropdown]","INCOMPLETE",'Phase 2 IAQ Investigation'!G69) -> INCOMPLETE
E83: AP15.5 Determine whether hydronic heating equipment is present | G83: =IF(ISBLANK('Phase 2 IAQ Assessment'!F70),"INCOMPLETE",'Phase 2 IAQ Assessment'!F70) -> INCOMPLETE | H83: =IF('Phase 2 IAQ Assessment'!G70="[Select Dropdown]","INCOMPLETE",'Phase 2 IAQ Assessment'!G70) -> INCOMPLETE | K83: AP15.5 Determine whether hydronic heating equipment is present | M83: =IF('Phase 2 IAQ Investigation'!E70="INCOMPLETE","INCOMPLETE",IF(OR('Phase 2 IAQ Investigation'!E70="No further investigation required",'Phase 2 IAQ Investigation'!E70="Resolved"),"n/a",IF(AND(OR('Phase 2 IAQ Investigation'!E70="Remediation Required",'Phase 2 IAQ Investigation'!E70="Needs further investigation"),ISBLANK('Phase 2 IAQ Investigation'!F70)),"INCOMPLETE",'Phase 2 IAQ Investigation'!F70))) -> INCOMPLETE | N83: =IF('Phase 2 IAQ Investigation'!G70="[Select Dropdown]","INCOMPLETE",'Phase 2 IAQ Investigation'!G70) -> INCOMPLETE
E84: AP15.6 Observe heating equipment in action | G84: =IF(ISBLANK('Phase 2 IAQ Assessment'!F71),"INCOMPLETE",'Phase 2 IAQ Assessment'!F71) -> INCOMPLETE | H84: =IF('Phase 2 IAQ Assessment'!G71="[Select Dropdown]","INCOMPLETE",'Phase 2 IAQ Assessment'!G71) -> INCOMPLETE | K84: AP15.6 Observe heating equipment in action | M84: =IF('Phase 2 IAQ Investigation'!E71="INCOMPLETE","INCOMPLETE",IF(OR('Phase 2 IAQ Investigation'!E71="No further investigation required",'Phase 2 IAQ Investigation'!E71="Resolved"),"n/a",IF(AND(OR('Phase 2 IAQ Investigation'!E71="Remediation Required",'Phase 2 IAQ Investigation'!E71="Needs further investigation"),ISBLANK('Phase 2 IAQ Investigation'!F71)),"INCOMPLETE",'Phase 2 IAQ Investigation'!F71))) -> INCOMPLETE | N84: =IF('Phase 2 IAQ Investigation'!G71="[Select Dropdown]","INCOMPLETE",'Phase 2 IAQ Investigation'!G71) -> INCOMPLETE
D85: 16. Compartmentalization to Prevent Odor or Unwanted Air Transfer | E85: AP16.1 Determine locations in the building with strong pollutant sources | G85: =IF(ISBLANK('Phase 2 IAQ Assessment'!F73),"INCOMPLETE",'Phase 2 IAQ Assessment'!F73) -> INCOMPLETE | H85: =IF('Phase 2 IAQ Assessment'!G73="[Select Dropdown]","INCOMPLETE",'Phase 2 IAQ Assessment'!G73) -> INCOMPLETE | J85: 16. Compartmentalization to Prevent Odor or Unwanted Air Transfer | K85: AP16.1 Determine locations in the building with strong pollutant sources | M85: =IF('Phase 2 IAQ Investigation'!E73="INCOMPLETE","INCOMPLETE",IF(OR('Phase 2 IAQ Investigation'!E73="No further investigation required",'Phase 2 IAQ Investigation'!E73="Resolved"),"n/a",IF(AND(OR('Phase 2 IAQ Investigation'!E73="Remediation Required",'Phase 2 IAQ Investigation'!E73="Needs further investigation"),ISBLANK('Phase 2 IAQ Investigation'!F73)),"INCOMPLETE",'Phase 2 IAQ Investigation'!F73))) -> INCOMPLETE | N85: =IF('Phase 2 IAQ Investigation'!G73="[Select Dropdown]","INCOMPLETE",'Phase 2 IAQ Investigation'!G73) -> INCOMPLETE
E86: AP16.2 Assess spaces for compartmentalization | G86: =IF(ISBLANK('Phase 2 IAQ Assessment'!F74),"INCOMPLETE",'Phase 2 IAQ Assessment'!F74) -> INCOMPLETE | H86: =IF('Phase 2 IAQ Assessment'!G74="[Select Dropdown]","INCOMPLETE",'Phase 2 IAQ Assessment'!G74) -> INCOMPLETE | K86: AP16.2 Assess spaces for compartmentalization | M86: =IF('Phase 2 IAQ Investigation'!E74="INCOMPLETE","INCOMPLETE",IF(OR('Phase 2 IAQ Investigation'!E74="No further investigation required",'Phase 2 IAQ Investigation'!E74="Resolved"),"n/a",IF(AND(OR('Phase 2 IAQ Investigation'!E74="Remediation Required",'Phase 2 IAQ Investigation'!E74="Needs further investigation"),ISBLANK('Phase 2 IAQ Investigation'!F74)),"INCOMPLETE",'Phase 2 IAQ Investigation'!F74))) -> INCOMPLETE | N86: =IF('Phase 2 IAQ Investigation'!G74="[Select Dropdown]","INCOMPLETE",'Phase 2 IAQ Investigation'!G74) -> INCOMPLETE
D87: 17. HVAC Equipment | E87: AP17.1 Evaluate the condition of existing HVAC systems and components | G87: =IF(ISBLANK('Phase 2 IAQ Assessment'!F76),"INCOMPLETE",'Phase 2 IAQ Assessment'!F76) -> INCOMPLETE | H87: =IF('Phase 2 IAQ Assessment'!G76="[Select Dropdown]","INCOMPLETE",'Phase 2 IAQ Assessment'!G76) -> INCOMPLETE | J87: 17. HVAC Equipment | K87: AP17.1 Evaluate the condition of existing HVAC systems and components | M87: =IF('Phase 2 IAQ Investigation'!E76="INCOMPLETE","INCOMPLETE",IF(OR('Phase 2 IAQ Investigation'!E76="No further investigation required",'Phase 2 IAQ Investigation'!E76="Resolved"),"n/a",IF(AND(OR('Phase 2 IAQ Investigation'!E76="Remediation Required",'Phase 2 IAQ Investigation'!E76="Needs further investigation"),ISBLANK('Phase 2 IAQ Investigation'!F76)),"INCOMPLETE",'Phase 2 IAQ Investigation'!F76))) -> INCOMPLETE | N87: =IF('Phase 2 IAQ Investigation'!G76="[Select Dropdown]","INCOMPLETE",'Phase 2 IAQ Investigation'!G76) -> INCOMPLETE
E88: AP17.2 Determine appropriate HVAC system sizing | G88: =IF(ISBLANK('Phase 2 IAQ Assessment'!F77),"INCOMPLETE",'Phase 2 IAQ Assessment'!F77) -> INCOMPLETE | H88: =IF('Phase 2 IAQ Assessment'!G77="[Select Dropdown]","INCOMPLETE",'Phase 2 IAQ Assessment'!G77) -> INCOMPLETE | K88: AP17.2 Determine appropriate HVAC system sizing | M88: =IF('Phase 2 IAQ Investigation'!E77="INCOMPLETE","INCOMPLETE",IF(OR('Phase 2 IAQ Investigation'!E77="No further investigation required",'Phase 2 IAQ Investigation'!E77="Resolved"),"n/a",IF(AND(OR('Phase 2 IAQ Investigation'!E77="Remediation Required",'Phase 2 IAQ Investigation'!E77="Needs further investigation"),ISBLANK('Phase 2 IAQ Investigation'!F77)),"INCOMPLETE",'Phase 2 IAQ Investigation'!F77))) -> INCOMPLETE | N88: =IF('Phase 2 IAQ Investigation'!G77="[Select Dropdown]","INCOMPLETE",'Phase 2 IAQ Investigation'!G77) -> INCOMPLETE
E89: AP17.3 Occupant complaints of temperature, humidity, or noise | G89: =IF(ISBLANK('Phase 2 IAQ Assessment'!F78),"INCOMPLETE",'Phase 2 IAQ Assessment'!F78) -> INCOMPLETE | H89: =IF('Phase 2 IAQ Assessment'!G78="[Select Dropdown]","INCOMPLETE",'Phase 2 IAQ Assessment'!G78) -> INCOMPLETE | K89: AP17.3 Occupant complaints of temperature, humidity, or noise | M89: =IF('Phase 2 IAQ Investigation'!E78="INCOMPLETE","INCOMPLETE",IF(OR('Phase 2 IAQ Investigation'!E78="No further investigation required",'Phase 2 IAQ Investigation'!E78="Resolved"),"n/a",IF(AND(OR('Phase 2 IAQ Investigation'!E78="Remediation Required",'Phase 2 IAQ Investigation'!E78="Needs further investigation"),ISBLANK('Phase 2 IAQ Investigation'!F78)),"INCOMPLETE",'Phase 2 IAQ Investigation'!F78))) -> INCOMPLETE | N89: =IF('Phase 2 IAQ Investigation'!G78="[Select Dropdown]","INCOMPLETE",'Phase 2 IAQ Investigation'!G78) -> INCOMPLETE
D90: 18 & 19. Mechanical Ventilation | E90: AP19.1 Determine whether dwelling units are served by central mechanical exhaust ventilation systems | G90: =IF(ISBLANK('Phase 2 IAQ Assessment'!F80),"INCOMPLETE",'Phase 2 IAQ Assessment'!F80) -> INCOMPLETE | H90: =IF('Phase 2 IAQ Assessment'!G80="[Select Dropdown]","INCOMPLETE",'Phase 2 IAQ Assessment'!G80) -> INCOMPLETE | J90: 18 & 19. Mechanical Ventilation | K90: AP19.1 Determine whether dwelling units are served by central mechanical exhaust ventilation systems | M90: =IF('Phase 2 IAQ Investigation'!E80="INCOMPLETE","INCOMPLETE",IF(OR('Phase 2 IAQ Investigation'!E80="No further investigation required",'Phase 2 IAQ Investigation'!E80="Resolved"),"n/a",IF(AND(OR('Phase 2 IAQ Investigation'!E80="Remediation Required",'Phase 2 IAQ Investigation'!E80="Needs further investigation"),ISBLANK('Phase 2 IAQ Investigation'!F80)),"INCOMPLETE",'Phase 2 IAQ Investigation'!F80))) -> INCOMPLETE | N90: =IF('Phase 2 IAQ Investigation'!G80="[Select Dropdown]","INCOMPLETE",'Phase 2 IAQ Investigation'!G80) -> INCOMPLETE
E91: AP19.2 Determine whether central mechanical exhaust ventilation systems meet ASHRAE standard 62.2-2019 requirements | G91: =IF(ISBLANK('Phase 2 IAQ Assessment'!F81),"INCOMPLETE",'Phase 2 IAQ Assessment'!F81) -> INCOMPLETE | H91: =IF('Phase 2 IAQ Assessment'!G81="[Select Dropdown]","INCOMPLETE",'Phase 2 IAQ Assessment'!G81) -> INCOMPLETE | K91: AP19.2 Determine whether central mechanical exhaust ventilation systems meet ASHRAE standard 62.2-2019 requirements | M91: =IF('Phase 2 IAQ Investigation'!E81="INCOMPLETE","INCOMPLETE",IF(OR('Phase 2 IAQ Investigation'!E81="No further investigation required",'Phase 2 IAQ Investigation'!E81="Resolved"),"n/a",IF(AND(OR('Phase 2 IAQ Investigation'!E81="Remediation Required",'Phase 2 IAQ Investigation'!E81="Needs further investigation"),ISBLANK('Phase 2 IAQ Investigation'!F81)),"INCOMPLETE",'Phase 2 IAQ Investigation'!F81))) -> INCOMPLETE | N91: =IF('Phase 2 IAQ Investigation'!G81="[Select Dropdown]","INCOMPLETE",'Phase 2 IAQ Investigation'!G81) -> INCOMPLETE
E92: AP19.3 Determine whether common corridors and nonresidential spaces meet ventilation requirements | G92: =IF(ISBLANK('Phase 2 IAQ Assessment'!F82),"INCOMPLETE",'Phase 2 IAQ Assessment'!F82) -> INCOMPLETE | H92: =IF('Phase 2 IAQ Assessment'!G82="[Select Dropdown]","INCOMPLETE",'Phase 2 IAQ Assessment'!G82) -> INCOMPLETE | K92: AP19.3 Determine whether common corridors and nonresidential spaces meet ventilation requirements | M92: =IF('Phase 2 IAQ Investigation'!E82="INCOMPLETE","INCOMPLETE",IF(OR('Phase 2 IAQ Investigation'!E82="No further investigation required",'Phase 2 IAQ Investigation'!E82="Resolved"),"n/a",IF(AND(OR('Phase 2 IAQ Investigation'!E82="Remediation Required",'Phase 2 IAQ Investigation'!E82="Needs further investigation"),ISBLANK('Phase 2 IAQ Investigation'!F82)),"INCOMPLETE",'Phase 2 IAQ Investigation'!F82))) -> INCOMPLETE | N92: =IF('Phase 2 IAQ Investigation'!G82="[Select Dropdown]","INCOMPLETE",'Phase 2 IAQ Investigation'!G82) -> INCOMPLETE
E93: AP19.4 Identify and assess outdoor air intakes | G93: =IF(ISBLANK('Phase 2 IAQ Assessment'!F83),"INCOMPLETE",'Phase 2 IAQ Assessment'!F83) -> INCOMPLETE | H93: =IF('Phase 2 IAQ Assessment'!G83="[Select Dropdown]","INCOMPLETE",'Phase 2 IAQ Assessment'!G83) -> INCOMPLETE | K93: AP19.4 Identify and assess outdoor air intakes | M93: =IF('Phase 2 IAQ Investigation'!E83="INCOMPLETE","INCOMPLETE",IF(OR('Phase 2 IAQ Investigation'!E83="No further investigation required",'Phase 2 IAQ Investigation'!E83="Resolved"),"n/a",IF(AND(OR('Phase 2 IAQ Investigation'!E83="Remediation Required",'Phase 2 IAQ Investigation'!E83="Needs further investigation"),ISBLANK('Phase 2 IAQ Investigation'!F83)),"INCOMPLETE",'Phase 2 IAQ Investigation'!F83))) -> INCOMPLETE | N93: =IF('Phase 2 IAQ Investigation'!G83="[Select Dropdown]","INCOMPLETE",'Phase 2 IAQ Investigation'!G83) -> INCOMPLETE
D94: 20. Natural (not fan-powered) Ventilation | E94: AP20.1 Determine whether dwelling units are served by natural ventilation (not fan-powered) systems | G94: =IF(ISBLANK('Phase 2 IAQ Assessment'!F85),"INCOMPLETE",'Phase 2 IAQ Assessment'!F85) -> INCOMPLETE | H94: =IF('Phase 2 IAQ Assessment'!G85="[Select Dropdown]","INCOMPLETE",'Phase 2 IAQ Assessment'!G85) -> INCOMPLETE | J94: 20. Natural (not fan-powered) Ventilation | K94: AP20.1 Determine whether dwelling units are served by natural ventilation (not fan-powered) systems | M94: =IF('Phase 2 IAQ Investigation'!E85="INCOMPLETE","INCOMPLETE",IF(OR('Phase 2 IAQ Investigation'!E85="No further investigation required",'Phase 2 IAQ Investigation'!E85="Resolved"),"n/a",IF(AND(OR('Phase 2 IAQ Investigation'!E85="Remediation Required",'Phase 2 IAQ Investigation'!E85="Needs further investigation"),ISBLANK('Phase 2 IAQ Investigation'!F85)),"INCOMPLETE",'Phase 2 IAQ Investigation'!F85))) -> INCOMPLETE | N94: =IF('Phase 2 IAQ Investigation'!G85="[Select Dropdown]","INCOMPLETE",'Phase 2 IAQ Investigation'!G85) -> INCOMPLETE
E95: AP20.2 Determine whether ASHRAE Standard 62.2-2019 Mechanical Ventilation Exceptions are met | G95: =IF(ISBLANK('Phase 2 IAQ Assessment'!F86),"INCOMPLETE",'Phase 2 IAQ Assessment'!F86) -> INCOMPLETE | H95: =IF('Phase 2 IAQ Assessment'!G86="[Select Dropdown]","INCOMPLETE",'Phase 2 IAQ Assessment'!G86) -> INCOMPLETE | K95: AP20.2 Determine whether ASHRAE Standard 62.2-2019 Mechanical Ventilation Exceptions are met | M95: =IF('Phase 2 IAQ Investigation'!E86="INCOMPLETE","INCOMPLETE",IF(OR('Phase 2 IAQ Investigation'!E86="No further investigation required",'Phase 2 IAQ Investigation'!E86="Resolved"),"n/a",IF(AND(OR('Phase 2 IAQ Investigation'!E86="Remediation Required",'Phase 2 IAQ Investigation'!E86="Needs further investigation"),ISBLANK('Phase 2 IAQ Investigation'!F86)),"INCOMPLETE",'Phase 2 IAQ Investigation'!F86))) -> INCOMPLETE | N95: =IF('Phase 2 IAQ Investigation'!G86="[Select Dropdown]","INCOMPLETE",'Phase 2 IAQ Investigation'!G86) -> INCOMPLETE
E96: AP20.3 Determine whether common corridors and nonresidential spaces meet ventilation requirements | G96: =IF(ISBLANK('Phase 2 IAQ Assessment'!F87),"INCOMPLETE",'Phase 2 IAQ Assessment'!F87) -> INCOMPLETE | H96: =IF('Phase 2 IAQ Assessment'!G87="[Select Dropdown]","INCOMPLETE",'Phase 2 IAQ Assessment'!G87) -> INCOMPLETE | K96: AP20.3 Determine whether common corridors and nonresidential spaces meet ventilation requirements | M96: =IF('Phase 2 IAQ Investigation'!E87="INCOMPLETE","INCOMPLETE",IF(OR('Phase 2 IAQ Investigation'!E87="No further investigation required",'Phase 2 IAQ Investigation'!E87="Resolved"),"n/a",IF(AND(OR('Phase 2 IAQ Investigation'!E87="Remediation Required",'Phase 2 IAQ Investigation'!E87="Needs further investigation"),ISBLANK('Phase 2 IAQ Investigation'!F87)),"INCOMPLETE",'Phase 2 IAQ Investigation'!F87))) -> INCOMPLETE | N96: =IF('Phase 2 IAQ Investigation'!G87="[Select Dropdown]","INCOMPLETE",'Phase 2 IAQ Investigation'!G87) -> INCOMPLETE
E97: AP20.4 Identify and assess opening for outdoor air ventilation | G97: =IF(ISBLANK('Phase 2 IAQ Assessment'!F88),"INCOMPLETE",'Phase 2 IAQ Assessment'!F88) -> INCOMPLETE | H97: =IF('Phase 2 IAQ Assessment'!G88="[Select Dropdown]","INCOMPLETE",'Phase 2 IAQ Assessment'!G88) -> INCOMPLETE | K97: AP20.4 Identify and assess opening for outdoor air ventilation | M97: =IF('Phase 2 IAQ Investigation'!E88="INCOMPLETE","INCOMPLETE",IF(OR('Phase 2 IAQ Investigation'!E88="No further investigation required",'Phase 2 IAQ Investigation'!E88="Resolved"),"n/a",IF(AND(OR('Phase 2 IAQ Investigation'!E88="Remediation Required",'Phase 2 IAQ Investigation'!E88="Needs further investigation"),ISBLANK('Phase 2 IAQ Investigation'!F88)),"INCOMPLETE",'Phase 2 IAQ Investigation'!F88))) -> INCOMPLETE | N97: =IF('Phase 2 IAQ Investigation'!G88="[Select Dropdown]","INCOMPLETE",'Phase 2 IAQ Investigation'!G88) -> INCOMPLETE
D98: 21. Source Ventilation / Local Exhaust Ventilation | E98: AP21.1 Identify contaminant sources that require exhaust ventilation | G98: =IF(ISBLANK('Phase 2 IAQ Assessment'!F90),"INCOMPLETE",'Phase 2 IAQ Assessment'!F90) -> INCOMPLETE | H98: =IF('Phase 2 IAQ Assessment'!G90="[Select Dropdown]","INCOMPLETE",'Phase 2 IAQ Assessment'!G90) -> INCOMPLETE | J98: 21. Source Ventilation / Local Exhaust Ventilation | K98: AP21.1 Identify contaminant sources that require exhaust ventilation | M98: =IF('Phase 2 IAQ Investigation'!E90="INCOMPLETE","INCOMPLETE",IF(OR('Phase 2 IAQ Investigation'!E90="No further investigation required",'Phase 2 IAQ Investigation'!E90="Resolved"),"n/a",IF(AND(OR('Phase 2 IAQ Investigation'!E90="Remediation Required",'Phase 2 IAQ Investigation'!E90="Needs further investigation"),ISBLANK('Phase 2 IAQ Investigation'!F90)),"INCOMPLETE",'Phase 2 IAQ Investigation'!F90))) -> INCOMPLETE | N98: =IF('Phase 2 IAQ Investigation'!G90="[Select Dropdown]","INCOMPLETE",'Phase 2 IAQ Investigation'!G90) -> INCOMPLETE
E99: AP21.2 Assess dwelling units for local exhaust and compliance with ASHRAE Standard 62.2-2019 | G99: =IF(ISBLANK('Phase 2 IAQ Assessment'!F91),"INCOMPLETE",'Phase 2 IAQ Assessment'!F91) -> INCOMPLETE | H99: =IF('Phase 2 IAQ Assessment'!G91="[Select Dropdown]","INCOMPLETE",'Phase 2 IAQ Assessment'!G91) -> INCOMPLETE | K99: AP21.2 Assess dwelling units for local exhaust and compliance with ASHRAE Standard 62.2-2019 | M99: =IF('Phase 2 IAQ Investigation'!E91="INCOMPLETE","INCOMPLETE",IF(OR('Phase 2 IAQ Investigation'!E91="No further investigation required",'Phase 2 IAQ Investigation'!E91="Resolved"),"n/a",IF(AND(OR('Phase 2 IAQ Investigation'!E91="Remediation Required",'Phase 2 IAQ Investigation'!E91="Needs further investigation"),ISBLANK('Phase 2 IAQ Investigation'!F91)),"INCOMPLETE",'Phase 2 IAQ Investigation'!F91))) -> INCOMPLETE | N99: =IF('Phase 2 IAQ Investigation'!G91="[Select Dropdown]","INCOMPLETE",'Phase 2 IAQ Investigation'!G91) -> INCOMPLETE
E100: AP21.3 Assess clothes dryer exhaust | G100: =IF(ISBLANK('Phase 2 IAQ Assessment'!F92),"INCOMPLETE",'Phase 2 IAQ Assessment'!F92) -> INCOMPLETE | H100: =IF('Phase 2 IAQ Assessment'!G92="[Select Dropdown]","INCOMPLETE",'Phase 2 IAQ Assessment'!G92) -> INCOMPLETE | K100: AP21.3 Assess clothes dryer exhaust | M100: =IF('Phase 2 IAQ Investigation'!E92="INCOMPLETE","INCOMPLETE",IF(OR('Phase 2 IAQ Investigation'!E92="No further investigation required",'Phase 2 IAQ Investigation'!E92="Resolved"),"n/a",IF(AND(OR('Phase 2 IAQ Investigation'!E92="Remediation Required",'Phase 2 IAQ Investigation'!E92="Needs further investigation"),ISBLANK('Phase 2 IAQ Investigation'!F92)),"INCOMPLETE",'Phase 2 IAQ Investigation'!F92))) -> INCOMPLETE | N100: =IF('Phase 2 IAQ Investigation'!G92="[Select Dropdown]","INCOMPLETE",'Phase 2 IAQ Investigation'!G92) -> INCOMPLETE
E101: AP21.4 Determine whether spaces outside dwelling units comply with applicable local exhaust requirements | G101: =IF(ISBLANK('Phase 2 IAQ Assessment'!F93),"INCOMPLETE",'Phase 2 IAQ Assessment'!F93) -> INCOMPLETE | H101: =IF('Phase 2 IAQ Assessment'!G93="[Select Dropdown]","INCOMPLETE",'Phase 2 IAQ Assessment'!G93) -> INCOMPLETE | K101: AP21.4 Determine whether spaces outside dwelling units comply with applicable local exhaust requirements | M101: =IF('Phase 2 IAQ Investigation'!E93="INCOMPLETE","INCOMPLETE",IF(OR('Phase 2 IAQ Investigation'!E93="No further investigation required",'Phase 2 IAQ Investigation'!E93="Resolved"),"n/a",IF(AND(OR('Phase 2 IAQ Investigation'!E93="Remediation Required",'Phase 2 IAQ Investigation'!E93="Needs further investigation"),ISBLANK('Phase 2 IAQ Investigation'!F93)),"INCOMPLETE",'Phase 2 IAQ Investigation'!F93))) -> INCOMPLETE | N101: =IF('Phase 2 IAQ Investigation'!G93="[Select Dropdown]","INCOMPLETE",'Phase 2 IAQ Investigation'!G93) -> INCOMPLETE
...

Sheet Cx Plan
B2: Phius REVIVE 2024 Cx Plan - Part 1
B3: 8.6.5.1 IAQ Assessment Site Visit Planning With respect to the EPA energy savings plus health documents, list the assessment protocol items that can be accomplished in a walkthrough | E3: CxP Assessment Planning Notes Complete pre-assessment | F3: Assess or Defer | G3: CxP Investigation Planning Notes Complete pre-investigation | H3: Current status?
B4: EPA Energy Savings Plus Health IAQ Guidelines | C4: 1. Asbestos | D4: AP1.1 Determine Potential Asbestos Hazard | E4: =IF(ISBLANK('Phase 2 IAQ Assessment'!D12),"INCOMPLETE",'Phase 2 IAQ Assessment'!D12) -> INCOMPLETE | F4: =IF('Phase 2 IAQ Assessment'!E12="[Select Dropdown]","INCOMPLETE",'Phase 2 IAQ Assessment'!E12) -> INCOMPLETE | G4: =IF(ISBLANK('Phase 2 IAQ Investigation'!D12),"INCOMPLETE",'Phase 2 IAQ Investigation'!D12) -> INCOMPLETE | H4: ='Phase 2 IAQ Investigation'!E12 -> INCOMPLETE
C5: 2. Below Ground Contaminants (except radon) | D5: AP2.1 Evaluate potential sources and odors | E5: =IF(ISBLANK('Phase 2 IAQ Assessment'!D14),"INCOMPLETE",'Phase 2 IAQ Assessment'!D14) -> INCOMPLETE | F5: =IF('Phase 2 IAQ Assessment'!E14="[Select Dropdown]","INCOMPLETE",'Phase 2 IAQ Assessment'!E14) -> INCOMPLETE | G5: =IF(ISBLANK('Phase 2 IAQ Investigation'!D14),"INCOMPLETE",'Phase 2 IAQ Investigation'!D14) -> INCOMPLETE | H5: ='Phase 2 IAQ Investigation'!E14 -> INCOMPLETE
D6: AP2.2 Evaluate Sewer Vent System | E6: =IF(ISBLANK('Phase 2 IAQ Assessment'!D15),"INCOMPLETE",'Phase 2 IAQ Assessment'!D15) -> INCOMPLETE | F6: =IF('Phase 2 IAQ Assessment'!E15="[Select Dropdown]","INCOMPLETE",'Phase 2 IAQ Assessment'!E15) -> INCOMPLETE | G6: =IF(ISBLANK('Phase 2 IAQ Investigation'!D15),"INCOMPLETE",'Phase 2 IAQ Investigation'!D15) -> INCOMPLETE | H6: ='Phase 2 IAQ Investigation'!E15 -> INCOMPLETE
D7: AP2.3 Take proper action if odor source cannot be identified | E7: =IF(ISBLANK('Phase 2 IAQ Assessment'!D16),"INCOMPLETE",'Phase 2 IAQ Assessment'!D16) -> INCOMPLETE | F7: =IF('Phase 2 IAQ Assessment'!E16="[Select Dropdown]","INCOMPLETE",'Phase 2 IAQ Assessment'!E16) -> INCOMPLETE | G7: =IF(ISBLANK('Phase 2 IAQ Investigation'!D16),"INCOMPLETE",'Phase 2 IAQ Investigation'!D16) -> INCOMPLETE | H7: ='Phase 2 IAQ Investigation'!E16 -> INCOMPLETE
D8: AP2.4 Conduct further assessment if contamination is suspected | E8: =IF(ISBLANK('Phase 2 IAQ Assessment'!D17),"INCOMPLETE",'Phase 2 IAQ Assessment'!D17) -> INCOMPLETE | F8: =IF('Phase 2 IAQ Assessment'!E17="[Select Dropdown]","INCOMPLETE",'Phase 2 IAQ Assessment'!E17) -> INCOMPLETE | G8: =IF(ISBLANK('Phase 2 IAQ Investigation'!D17),"INCOMPLETE",'Phase 2 IAQ Investigation'!D17) -> INCOMPLETE | H8: ='Phase 2 IAQ Investigation'!E17 -> INCOMPLETE
C9: 3. Building Products / Material Emissions | D9: AP3.1 Review content & emissions documentation for new products | E9: =IF(ISBLANK('Phase 2 IAQ Assessment'!D19),"INCOMPLETE",'Phase 2 IAQ Assessment'!D19) -> INCOMPLETE | F9: =IF('Phase 2 IAQ Assessment'!E19="[Select Dropdown]","INCOMPLETE",'Phase 2 IAQ Assessment'!E19) -> INCOMPLETE | G9: =IF(ISBLANK('Phase 2 IAQ Investigation'!E19),"INCOMPLETE",'Phase 2 IAQ Investigation'!E19) -> INCOMPLETE | H9: ='Phase 2 IAQ Investigation'!E19 -> INCOMPLETE
D10: AP3.2 Carpet | E10: =IF(ISBLANK('Phase 2 IAQ Assessment'!D20),"INCOMPLETE",'Phase 2 IAQ Assessment'!D20) -> INCOMPLETE | F10: =IF('Phase 2 IAQ Assessment'!E20="[Select Dropdown]","INCOMPLETE",'Phase 2 IAQ Assessment'!E20) -> INCOMPLETE | G10: =IF(ISBLANK('Phase 2 IAQ Investigation'!E20),"INCOMPLETE",'Phase 2 IAQ Investigation'!E20) -> INCOMPLETE | H10: ='Phase 2 IAQ Investigation'!E20 -> INCOMPLETE
D11: AP3.3 Ventilation | E11: =IF(ISBLANK('Phase 2 IAQ Assessment'!D21),"INCOMPLETE",'Phase 2 IAQ Assessment'!D21) -> INCOMPLETE | F11: =IF('Phase 2 IAQ Assessment'!E21="[Select Dropdown]","INCOMPLETE",'Phase 2 IAQ Assessment'!E21) -> INCOMPLETE | G11: =IF(ISBLANK('Phase 2 IAQ Investigation'!E21),"INCOMPLETE",'Phase 2 IAQ Investigation'!E21) -> INCOMPLETE | H11: ='Phase 2 IAQ Investigation'!E21 -> INCOMPLETE
C12: 4. Environmental Tobacco Smoke | D12: AP4.1 Determine whether there is a smoke-free policy | E12: =IF(ISBLANK('Phase 2 IAQ Assessment'!D23),"INCOMPLETE",'Phase 2 IAQ Assessment'!D23) -> INCOMPLETE | F12: =IF('Phase 2 IAQ Assessment'!E23="[Select Dropdown]","INCOMPLETE",'Phase 2 IAQ Assessment'!E24) -> INCOMPLETE | G12: =IF(ISBLANK('Phase 2 IAQ Investigation'!D23),"INCOMPLETE",'Phase 2 IAQ Investigation'!D27) -> INCOMPLETE | H12: ='Phase 2 IAQ Investigation'!E23 -> INCOMPLETE
D13: AP4.2 Identify occupants' smoking-related concerns | E13: =IF(ISBLANK('Phase 2 IAQ Assessment'!D24),"INCOMPLETE",'Phase 2 IAQ Assessment'!D24) -> INCOMPLETE | F13: =IF('Phase 2 IAQ Assessment'!E24="[Select Dropdown]","INCOMPLETE",'Phase 2 IAQ Assessment'!E25) -> INCOMPLETE | G13: =IF(ISBLANK('Phase 2 IAQ Investigation'!D24),"INCOMPLETE",'Phase 2 IAQ Investigation'!D28) -> INCOMPLETE | H13: ='Phase 2 IAQ Investigation'!E24 -> INCOMPLETE
D14: AP4.3 Asses whether compartmentalization is a possible ETS control strategy in building w/o a smoke-free policy | E14: =IF(ISBLANK('Phase 2 IAQ Assessment'!D25),"INCOMPLETE",'Phase 2 IAQ Assessment'!D25) -> INCOMPLETE | F14: =IF('Phase 2 IAQ Assessment'!E25="[Select Dropdown]","INCOMPLETE",'Phase 2 IAQ Assessment'!E26) -> INCOMPLETE | G14: =IF(ISBLANK('Phase 2 IAQ Investigation'!D25),"INCOMPLETE",'Phase 2 IAQ Investigation'!D29) -> INCOMPLETE | H14: ='Phase 2 IAQ Investigation'!E25 -> INCOMPLETE
C15: 5. Garage Air Pollutants | D15: AP5.1 Identify Location & Configuration of Garages | E15: =IF(ISBLANK('Phase 2 IAQ Assessment'!D27),"INCOMPLETE",'Phase 2 IAQ Assessment'!D27) -> INCOMPLETE | F15: =IF('Phase 2 IAQ Assessment'!E27="[Select Dropdown]","INCOMPLETE",'Phase 2 IAQ Assessment'!E27) -> INCOMPLETE | G15: =IF(ISBLANK('Phase 2 IAQ Investigation'!D27),"INCOMPLETE",'Phase 2 IAQ Investigation'!D27) -> INCOMPLETE | H15: ='Phase 2 IAQ Investigation'!E27 -> INCOMPLETE
D16: AP5.2 Check for HVAC Systems Inside Garage | E16: =IF(ISBLANK('Phase 2 IAQ Assessment'!D28),"INCOMPLETE",'Phase 2 IAQ Assessment'!D28) -> INCOMPLETE | F16: =IF('Phase 2 IAQ Assessment'!E28="[Select Dropdown]","INCOMPLETE",'Phase 2 IAQ Assessment'!E28) -> INCOMPLETE | G16: =IF(ISBLANK('Phase 2 IAQ Investigation'!D28),"INCOMPLETE",'Phase 2 IAQ Investigation'!D28) -> INCOMPLETE | H16: ='Phase 2 IAQ Investigation'!E28 -> INCOMPLETE
D17: AP5.3 Locate Air Leaks | E17: =IF(ISBLANK('Phase 2 IAQ Assessment'!D29),"INCOMPLETE",'Phase 2 IAQ Assessment'!D29) -> INCOMPLETE | F17: =IF('Phase 2 IAQ Assessment'!E29="[Select Dropdown]","INCOMPLETE",'Phase 2 IAQ Assessment'!E29) -> INCOMPLETE | G17: =IF(ISBLANK('Phase 2 IAQ Investigation'!D29),"INCOMPLETE",'Phase 2 IAQ Investigation'!D29) -> INCOMPLETE | H17: ='Phase 2 IAQ Investigation'!E29 -> INCOMPLETE
D18: AP5.4 Determine presence of combustion applicances or engines | E18: =IF(ISBLANK('Phase 2 IAQ Assessment'!D30),"INCOMPLETE",'Phase 2 IAQ Assessment'!D30) -> INCOMPLETE | F18: =IF('Phase 2 IAQ Assessment'!E30="[Select Dropdown]","INCOMPLETE",'Phase 2 IAQ Assessment'!E30) -> INCOMPLETE | G18: =IF(ISBLANK('Phase 2 IAQ Investigation'!D30),"INCOMPLETE",'Phase 2 IAQ Investigation'!D30) -> INCOMPLETE | H18: ='Phase 2 IAQ Investigation'!E30 -> INCOMPLETE
D19: AP5.5 Occupant Complaints | E19: =IF(ISBLANK('Phase 2 IAQ Assessment'!D31),"INCOMPLETE",'Phase 2 IAQ Assessment'!D31) -> INCOMPLETE | F19: =IF('Phase 2 IAQ Assessment'!E31="[Select Dropdown]","INCOMPLETE",'Phase 2 IAQ Assessment'!E31) -> INCOMPLETE | G19: =IF(ISBLANK('Phase 2 IAQ Investigation'!D31),"INCOMPLETE",'Phase 2 IAQ Investigation'!D31) -> INCOMPLETE | H19: ='Phase 2 IAQ Investigation'!E31 -> INCOMPLETE
C20: 6. Lead | D20: AP6.1 Assess Paint Conditions | E20: =IF(ISBLANK('Phase 2 IAQ Assessment'!D33),"INCOMPLETE",'Phase 2 IAQ Assessment'!D33) -> INCOMPLETE | F20: =IF('Phase 2 IAQ Assessment'!E33="[Select Dropdown]","INCOMPLETE",'Phase 2 IAQ Assessment'!E33) -> INCOMPLETE | G20: =IF(ISBLANK('Phase 2 IAQ Investigation'!D33),"INCOMPLETE",'Phase 2 IAQ Investigation'!D33) -> INCOMPLETE | H20: ='Phase 2 IAQ Investigation'!E33 -> INCOMPLETE
D21: AP6.2 Testing Method | E21: =IF(ISBLANK('Phase 2 IAQ Assessment'!D34),"INCOMPLETE",'Phase 2 IAQ Assessment'!D34) -> INCOMPLETE | F21: =IF('Phase 2 IAQ Assessment'!E34="[Select Dropdown]","INCOMPLETE",'Phase 2 IAQ Assessment'!E34) -> INCOMPLETE | G21: =IF(ISBLANK('Phase 2 IAQ Investigation'!D34),"INCOMPLETE",'Phase 2 IAQ Investigation'!D34) -> INCOMPLETE | H21: ='Phase 2 IAQ Investigation'!E34 -> INCOMPLETE
C22: 7. Moisture & Mold | D22: AP7.1 Inspect for Moisture Problems | E22: =IF(ISBLANK('Phase 2 IAQ Assessment'!D36),"INCOMPLETE",'Phase 2 IAQ Assessment'!D36) -> INCOMPLETE | F22: =IF('Phase 2 IAQ Assessment'!E36="[Select Dropdown]","INCOMPLETE",'Phase 2 IAQ Assessment'!E36) -> INCOMPLETE | G22: =IF(ISBLANK('Phase 2 IAQ Investigation'!D36),"INCOMPLETE",'Phase 2 IAQ Investigation'!D36) -> INCOMPLETE | H22: ='Phase 2 IAQ Investigation'!E36 -> INCOMPLETE
D23: AP7.2 Determine Whether Mold Remediateion is Required | E23: =IF(ISBLANK('Phase 2 IAQ Assessment'!D37),"INCOMPLETE",'Phase 2 IAQ Assessment'!D37) -> INCOMPLETE | F23: =IF('Phase 2 IAQ Assessment'!E37="[Select Dropdown]","INCOMPLETE",'Phase 2 IAQ Assessment'!E37) -> INCOMPLETE | G23: =IF(ISBLANK('Phase 2 IAQ Investigation'!D37),"INCOMPLETE",'Phase 2 IAQ Investigation'!D37) -> INCOMPLETE | H23: ='Phase 2 IAQ Investigation'!E37 -> INCOMPLETE
D24: AP7.3 Identify Moisture or Mold Problems to Address before Upgrades | E24: =IF(ISBLANK('Phase 2 IAQ Assessment'!D38),"INCOMPLETE",'Phase 2 IAQ Assessment'!D38) -> INCOMPLETE | F24: =IF('Phase 2 IAQ Assessment'!E38="[Select Dropdown]","INCOMPLETE",'Phase 2 IAQ Assessment'!E38) -> INCOMPLETE | G24: =IF(ISBLANK('Phase 2 IAQ Investigation'!D38),"INCOMPLETE",'Phase 2 IAQ Investigation'!D38) -> INCOMPLETE | H24: ='Phase 2 IAQ Investigation'!E38 -> INCOMPLETE
D25: AP7.4 Identify Moisture Problems that may Limit Upgrades | E25: =IF(ISBLANK('Phase 2 IAQ Assessment'!D39),"INCOMPLETE",'Phase 2 IAQ Assessment'!D39) -> INCOMPLETE | F25: =IF('Phase 2 IAQ Assessment'!E39="[Select Dropdown]","INCOMPLETE",'Phase 2 IAQ Assessment'!E39) -> INCOMPLETE | G25: =IF(ISBLANK('Phase 2 IAQ Investigation'!D39),"INCOMPLETE",'Phase 2 IAQ Investigation'!D39) -> INCOMPLETE | H25: ='Phase 2 IAQ Investigation'!E39 -> INCOMPLETE
C26: 8. Outdoor Air Sources and Conditions | D26: AP8.1 Consider outdoor pollutant sources and conditions that impact the indoor environment | E26: =IF(ISBLANK('Phase 2 IAQ Assessment'!D41),"INCOMPLETE",'Phase 2 IAQ Assessment'!D41) -> INCOMPLETE | F26: =IF('Phase 2 IAQ Assessment'!E41="[Select Dropdown]","INCOMPLETE",'Phase 2 IAQ Assessment'!E41) -> INCOMPLETE | G26: =IF(ISBLANK('Phase 2 IAQ Investigation'!D41),"INCOMPLETE",'Phase 2 IAQ Investigation'!D41) -> INCOMPLETE | H26: ='Phase 2 IAQ Investigation'!E48 -> INCOMPLETE
D27: AP8.2 Occupant complaints | E27: =IF(ISBLANK('Phase 2 IAQ Assessment'!D42),"INCOMPLETE",'Phase 2 IAQ Assessment'!D42) -> INCOMPLETE | F27: =IF('Phase 2 IAQ Assessment'!E42="[Select Dropdown]","INCOMPLETE",'Phase 2 IAQ Assessment'!E42) -> INCOMPLETE | G27: =IF(ISBLANK('Phase 2 IAQ Investigation'!D42),"INCOMPLETE",'Phase 2 IAQ Investigation'!D42) -> INCOMPLETE | H27: ='Phase 2 IAQ Investigation'!E49 -> INCOMPLETE
C28: 9. Pests | D28: AP9.1 Identify potential pests and integrated pest management (IPM) resources | E28: =IF(ISBLANK('Phase 2 IAQ Assessment'!D44),"INCOMPLETE",'Phase 2 IAQ Assessment'!D44) -> INCOMPLETE | F28: =IF('Phase 2 IAQ Assessment'!E44="[Select Dropdown]","INCOMPLETE",'Phase 2 IAQ Assessment'!E44) -> INCOMPLETE | G28: =IF(ISBLANK('Phase 2 IAQ Investigation'!D44),"INCOMPLETE",'Phase 2 IAQ Investigation'!D44) -> INCOMPLETE | H28: ='Phase 2 IAQ Investigation'!E44 -> INCOMPLETE
D29: AP9.2 Identify evidence of pests | E29: =IF(ISBLANK('Phase 2 IAQ Assessment'!D45),"INCOMPLETE",'Phase 2 IAQ Assessment'!D45) -> INCOMPLETE | F29: =IF('Phase 2 IAQ Assessment'!E45="[Select Dropdown]","INCOMPLETE",'Phase 2 IAQ Assessment'!E45) -> INCOMPLETE | G29: =IF(ISBLANK('Phase 2 IAQ Investigation'!D45),"INCOMPLETE",'Phase 2 IAQ Investigation'!D45) -> INCOMPLETE | H29: ='Phase 2 IAQ Investigation'!E45 -> INCOMPLETE
D30: AP9.3 Assess whether the building has an IPM Plan | E30: =IF(ISBLANK('Phase 2 IAQ Assessment'!D46),"INCOMPLETE",'Phase 2 IAQ Assessment'!D46) -> INCOMPLETE | F30: =IF('Phase 2 IAQ Assessment'!E46="[Select Dropdown]","INCOMPLETE",'Phase 2 IAQ Assessment'!E46) -> INCOMPLETE | G30: =IF(ISBLANK('Phase 2 IAQ Investigation'!D46),"INCOMPLETE",'Phase 2 IAQ Investigation'!D46) -> INCOMPLETE | H30: ='Phase 2 IAQ Investigation'!E46 -> INCOMPLETE
C31: 10. Polychlorinated Biphenyls | D31: AP10.1 Determine whether any light ballasts containing PCBs are present | E31: =IF(ISBLANK('Phase 2 IAQ Assessment'!D48),"INCOMPLETE",'Phase 2 IAQ Assessment'!D48) -> INCOMPLETE | F31: =IF('Phase 2 IAQ Assessment'!E48="[Select Dropdown]","INCOMPLETE",'Phase 2 IAQ Assessment'!E48) -> INCOMPLETE | G31: =IF(ISBLANK('Phase 2 IAQ Investigation'!D48),"INCOMPLETE",'Phase 2 IAQ Investigation'!D48) -> INCOMPLETE | H31: ='Phase 2 IAQ Investigation'!E48 -> INCOMPLETE
D32: AP10.2 Assess whether calk will be disturbed | E32: =IF(ISBLANK('Phase 2 IAQ Assessment'!D49),"INCOMPLETE",'Phase 2 IAQ Assessment'!D49) -> INCOMPLETE | F32: =IF('Phase 2 IAQ Assessment'!E49="[Select Dropdown]","INCOMPLETE",'Phase 2 IAQ Assessment'!E49) -> INCOMPLETE | G32: =IF(ISBLANK('Phase 2 IAQ Investigation'!D49),"INCOMPLETE",'Phase 2 IAQ Investigation'!D49) -> INCOMPLETE | H32: ='Phase 2 IAQ Investigation'!E49 -> INCOMPLETE
C33: 11. Radon | D33: AP11.1 Determine whether the building has an active Radon Mitigation System | E33: =IF(ISBLANK('Phase 2 IAQ Assessment'!D51),"INCOMPLETE",'Phase 2 IAQ Assessment'!D51) -> INCOMPLETE | F33: =IF('Phase 2 IAQ Assessment'!E51="[Select Dropdown]","INCOMPLETE",'Phase 2 IAQ Assessment'!E51) -> INCOMPLETE | G33: =IF(ISBLANK('Phase 2 IAQ Investigation'!D51),"INCOMPLETE",'Phase 2 IAQ Investigation'!D51) -> INCOMPLETE | H33: ='Phase 2 IAQ Investigation'!E51 -> INCOMPLETE
D34: AP11.2 Select a radon-testing professional for building w/o an active radon system | E34: =IF(ISBLANK('Phase 2 IAQ Assessment'!D52),"INCOMPLETE",'Phase 2 IAQ Assessment'!D52) -> INCOMPLETE | F34: =IF('Phase 2 IAQ Assessment'!E52="[Select Dropdown]","INCOMPLETE",'Phase 2 IAQ Assessment'!E52) -> INCOMPLETE | G34: =IF(ISBLANK('Phase 2 IAQ Investigation'!D52),"INCOMPLETE",'Phase 2 IAQ Investigation'!D52) -> INCOMPLETE | H34: ='Phase 2 IAQ Investigation'!E52 -> INCOMPLETE
D35: AP11.3 Determine whether radon testing will be completed either (1) pre- and post-upgrades or (2) post-upgrades only | E35: =IF(ISBLANK('Phase 2 IAQ Assessment'!D53),"INCOMPLETE",'Phase 2 IAQ Assessment'!D53) -> INCOMPLETE | F35: =IF('Phase 2 IAQ Assessment'!E53="[Select Dropdown]","INCOMPLETE",'Phase 2 IAQ Assessment'!E53) -> INCOMPLETE | G35: =IF(ISBLANK('Phase 2 IAQ Investigation'!D53),"INCOMPLETE",'Phase 2 IAQ Investigation'!D53) -> INCOMPLETE | H35: ='Phase 2 IAQ Investigation'!E53 -> INCOMPLETE
C36: 12. Tracked-In Pollutants | D36: AP12.1 Inspect floor surfaces at building common entrances | E36: =IF(ISBLANK('Phase 2 IAQ Assessment'!D55),"INCOMPLETE",'Phase 2 IAQ Assessment'!D55) -> INCOMPLETE | F36: =IF('Phase 2 IAQ Assessment'!E55="[Select Dropdown]","INCOMPLETE",'Phase 2 IAQ Assessment'!E55) -> INCOMPLETE | G36: =IF(ISBLANK('Phase 2 IAQ Investigation'!D55),"INCOMPLETE",'Phase 2 IAQ Investigation'!D55) -> INCOMPLETE | H36: ='Phase 2 IAQ Investigation'!E55 -> INCOMPLETE
C37: 13. Unvented Combustion Appliances | D37: AP13.1 Identify unvented combustion appliances and applicable regulations | E37: =IF(ISBLANK('Phase 2 IAQ Assessment'!D57),"INCOMPLETE",'Phase 2 IAQ Assessment'!D57) -> INCOMPLETE | F37: =IF('Phase 2 IAQ Assessment'!E57="[Select Dropdown]","INCOMPLETE",'Phase 2 IAQ Assessment'!E57) -> INCOMPLETE | G37: =IF(ISBLANK('Phase 2 IAQ Investigation'!D57),"INCOMPLETE",'Phase 2 IAQ Investigation'!D57) -> INCOMPLETE | H37: ='Phase 2 IAQ Investigation'!E57 -> INCOMPLETE
D38: AP13.2 Conduct a safety inspection | E38: =IF(ISBLANK('Phase 2 IAQ Assessment'!D58),"INCOMPLETE",'Phase 2 IAQ Assessment'!D58) -> INCOMPLETE | F38: =IF('Phase 2 IAQ Assessment'!E58="[Select Dropdown]","INCOMPLETE",'Phase 2 IAQ Assessment'!E58) -> INCOMPLETE | G38: =IF(ISBLANK('Phase 2 IAQ Investigation'!D58),"INCOMPLETE",'Phase 2 IAQ Investigation'!D58) -> INCOMPLETE | H38: ='Phase 2 IAQ Investigation'!E58 -> INCOMPLETE
D39: AP13.3 Determine whether CO detection and warning equipment is installed | E39: =IF(ISBLANK('Phase 2 IAQ Assessment'!D59),"INCOMPLETE",'Phase 2 IAQ Assessment'!D59) -> INCOMPLETE | F39: =IF('Phase 2 IAQ Assessment'!E59="[Select Dropdown]","INCOMPLETE",'Phase 2 IAQ Assessment'!E59) -> INCOMPLETE | G39: =IF(ISBLANK('Phase 2 IAQ Investigation'!D59),"INCOMPLETE",'Phase 2 IAQ Investigation'!D59) -> INCOMPLETE | H39: ='Phase 2 IAQ Investigation'!E59 -> INCOMPLETE
D40: AP13.4 Inquire about occupant complaints | E40: =IF(ISBLANK('Phase 2 IAQ Assessment'!D60),"INCOMPLETE",'Phase 2 IAQ Assessment'!D60) -> INCOMPLETE | F40: =IF('Phase 2 IAQ Assessment'!E60="[Select Dropdown]","INCOMPLETE",'Phase 2 IAQ Assessment'!E60) -> INCOMPLETE | G40: =IF(ISBLANK('Phase 2 IAQ Investigation'!D60),"INCOMPLETE",'Phase 2 IAQ Investigation'!D60) -> INCOMPLETE | H40: ='Phase 2 IAQ Investigation'!E60 -> INCOMPLETE
C41: 14. Vented Combustion Appliances | D41: AP14.1 Conduct a combustion safety inspection | E41: =IF(ISBLANK('Phase 2 IAQ Assessment'!D62),"INCOMPLETE",'Phase 2 IAQ Assessment'!D62) -> INCOMPLETE | F41: =IF('Phase 2 IAQ Assessment'!E62="[Select Dropdown]","INCOMPLETE",'Phase 2 IAQ Assessment'!E62) -> INCOMPLETE | G41: =IF(ISBLANK('Phase 2 IAQ Investigation'!D62),"INCOMPLETE",'Phase 2 IAQ Investigation'!D62) -> INCOMPLETE | H41: ='Phase 2 IAQ Investigation'!E62 -> INCOMPLETE
D42: AP14.2 Determine whether CO detection and warning equipment is installed | E42: =IF(ISBLANK('Phase 2 IAQ Assessment'!D63),"INCOMPLETE",'Phase 2 IAQ Assessment'!D63) -> INCOMPLETE | F42: =IF('Phase 2 IAQ Assessment'!E63="[Select Dropdown]","INCOMPLETE",'Phase 2 IAQ Assessment'!E63) -> INCOMPLETE | G42: =IF(ISBLANK('Phase 2 IAQ Investigation'!D63),"INCOMPLETE",'Phase 2 IAQ Investigation'!D63) -> INCOMPLETE | H42: ='Phase 2 IAQ Investigation'!E63 -> INCOMPLETE
D43: AP14.3 Inquire about occupant complaints | E43: =IF(ISBLANK('Phase 2 IAQ Assessment'!D64),"INCOMPLETE",'Phase 2 IAQ Assessment'!D64) -> INCOMPLETE | F43: =IF('Phase 2 IAQ Assessment'!E64="[Select Dropdown]","INCOMPLETE",'Phase 2 IAQ Assessment'!E64) -> INCOMPLETE | G43: =IF(ISBLANK('Phase 2 IAQ Investigation'!D64),"INCOMPLETE",'Phase 2 IAQ Investigation'!D64) -> INCOMPLETE | H43: ='Phase 2 IAQ Investigation'!E64 -> INCOMPLETE
C44: 15. Wood Smoke and Other Solid Fuel Emissions | D44: AP15.1 Determine whether wood- or coal-burning appliances are present | E44: =IF(ISBLANK('Phase 2 IAQ Assessment'!D66),"INCOMPLETE",'Phase 2 IAQ Assessment'!D66) -> INCOMPLETE | F44: =IF('Phase 2 IAQ Assessment'!E66="[Select Dropdown]","INCOMPLETE",'Phase 2 IAQ Assessment'!E66) -> INCOMPLETE | G44: =IF(ISBLANK('Phase 2 IAQ Investigation'!D66),"INCOMPLETE",'Phase 2 IAQ Investigation'!D66) -> INCOMPLETE | H44: ='Phase 2 IAQ Investigation'!E66 -> INCOMPLETE
D45: AP15.2 Assess proper size and EPA Certification of wood- or coal-burning appliances | E45: =IF(ISBLANK('Phase 2 IAQ Assessment'!D67),"INCOMPLETE",'Phase 2 IAQ Assessment'!D67) -> INCOMPLETE | F45: =IF('Phase 2 IAQ Assessment'!E67="[Select Dropdown]","INCOMPLETE",'Phase 2 IAQ Assessment'!E67) -> INCOMPLETE | G45: =IF(ISBLANK('Phase 2 IAQ Investigation'!D67),"INCOMPLETE",'Phase 2 IAQ Investigation'!D67) -> INCOMPLETE | H45: ='Phase 2 IAQ Investigation'!E67 -> INCOMPLETE
D46: AP15.3 Assess appliance safety | E46: =IF(ISBLANK('Phase 2 IAQ Assessment'!D68),"INCOMPLETE",'Phase 2 IAQ Assessment'!D68) -> INCOMPLETE | F46: =IF('Phase 2 IAQ Assessment'!E68="[Select Dropdown]","INCOMPLETE",'Phase 2 IAQ Assessment'!E68) -> INCOMPLETE | G46: =IF(ISBLANK('Phase 2 IAQ Investigation'!D68),"INCOMPLETE",'Phase 2 IAQ Investigation'!D68) -> INCOMPLETE | H46: ='Phase 2 IAQ Investigation'!E68 -> INCOMPLETE
D47: AP15.4 Identify presence of indoor smoke | E47: =IF(ISBLANK('Phase 2 IAQ Assessment'!D69),"INCOMPLETE",'Phase 2 IAQ Assessment'!D69) -> INCOMPLETE | F47: =IF('Phase 2 IAQ Assessment'!E69="[Select Dropdown]","INCOMPLETE",'Phase 2 IAQ Assessment'!E69) -> INCOMPLETE | G47: =IF(ISBLANK('Phase 2 IAQ Investigation'!D69),"INCOMPLETE",'Phase 2 IAQ Investigation'!D69) -> INCOMPLETE | H47: ='Phase 2 IAQ Investigation'!E69 -> INCOMPLETE
D48: AP15.5 Determine whether hydronic heating equipment is present | E48: =IF(ISBLANK('Phase 2 IAQ Assessment'!D70),"INCOMPLETE",'Phase 2 IAQ Assessment'!D70) -> INCOMPLETE | F48: =IF('Phase 2 IAQ Assessment'!E70="[Select Dropdown]","INCOMPLETE",'Phase 2 IAQ Assessment'!E70) -> INCOMPLETE | G48: =IF(ISBLANK('Phase 2 IAQ Investigation'!D70),"INCOMPLETE",'Phase 2 IAQ Investigation'!D70) -> INCOMPLETE | H48: ='Phase 2 IAQ Investigation'!E70 -> INCOMPLETE
D49: AP15.6 Observe heating equipment in action | E49: =IF(ISBLANK('Phase 2 IAQ Assessment'!D71),"INCOMPLETE",'Phase 2 IAQ Assessment'!D71) -> INCOMPLETE | F49: =IF('Phase 2 IAQ Assessment'!E71="[Select Dropdown]","INCOMPLETE",'Phase 2 IAQ Assessment'!E71) -> INCOMPLETE | G49: =IF(ISBLANK('Phase 2 IAQ Investigation'!D71),"INCOMPLETE",'Phase 2 IAQ Investigation'!D71) -> INCOMPLETE | H49: ='Phase 2 IAQ Investigation'!E71 -> INCOMPLETE
C50: 16. Compartmentalization to Prevent Odor or Unwanted Air Transfer | D50: AP16.1 Determine locations in the building with strong pollutant sources | E50: =IF(ISBLANK('Phase 2 IAQ Assessment'!D73),"INCOMPLETE",'Phase 2 IAQ Assessment'!D73) -> INCOMPLETE | F50: =IF('Phase 2 IAQ Assessment'!E73="[Select Dropdown]","INCOMPLETE",'Phase 2 IAQ Assessment'!E73) -> INCOMPLETE | G50: =IF(ISBLANK('Phase 2 IAQ Investigation'!D73),"INCOMPLETE",'Phase 2 IAQ Investigation'!D73) -> INCOMPLETE | H50: ='Phase 2 IAQ Investigation'!E72 -> Assess or Defer
D51: AP16.2 Assess spaces for compartmentalization | E51: =IF(ISBLANK('Phase 2 IAQ Assessment'!D74),"INCOMPLETE",'Phase 2 IAQ Assessment'!D74) -> INCOMPLETE | F51: =IF('Phase 2 IAQ Assessment'!E74="[Select Dropdown]","INCOMPLETE",'Phase 2 IAQ Assessment'!E74) -> INCOMPLETE | G51: =IF(ISBLANK('Phase 2 IAQ Investigation'!D74),"INCOMPLETE",'Phase 2 IAQ Investigation'!D74) -> INCOMPLETE | H51: ='Phase 2 IAQ Investigation'!E73 -> INCOMPLETE
C52: 17. HVAC Equipment | D52: AP17.1 Evaluate the condition of existing HVAC systems and components | E52: =IF(ISBLANK('Phase 2 IAQ Assessment'!D76),"INCOMPLETE",'Phase 2 IAQ Assessment'!D76) -> INCOMPLETE | F52: =IF('Phase 2 IAQ Assessment'!E76="[Select Dropdown]","INCOMPLETE",'Phase 2 IAQ Assessment'!E76) -> INCOMPLETE | G52: =IF(ISBLANK('Phase 2 IAQ Investigation'!D76),"INCOMPLETE",'Phase 2 IAQ Investigation'!D76) -> INCOMPLETE | H52: ='Phase 2 IAQ Investigation'!E76 -> INCOMPLETE
D53: AP17.2 Determine appropriate HVAC system sizing | E53: =IF(ISBLANK('Phase 2 IAQ Assessment'!D77),"INCOMPLETE",'Phase 2 IAQ Assessment'!D77) -> INCOMPLETE | F53: =IF('Phase 2 IAQ Assessment'!E77="[Select Dropdown]","INCOMPLETE",'Phase 2 IAQ Assessment'!E77) -> INCOMPLETE | G53: =IF(ISBLANK('Phase 2 IAQ Investigation'!D77),"INCOMPLETE",'Phase 2 IAQ Investigation'!D77) -> INCOMPLETE | H53: ='Phase 2 IAQ Investigation'!E77 -> INCOMPLETE
D54: AP17.3 Occupant complaints of temperature, humidity, or noise | E54: =IF(ISBLANK('Phase 2 IAQ Assessment'!D78),"INCOMPLETE",'Phase 2 IAQ Assessment'!D78) -> INCOMPLETE | F54: =IF('Phase 2 IAQ Assessment'!E78="[Select Dropdown]","INCOMPLETE",'Phase 2 IAQ Assessment'!E78) -> INCOMPLETE | G54: =IF(ISBLANK('Phase 2 IAQ Investigation'!D78),"INCOMPLETE",'Phase 2 IAQ Investigation'!D78) -> INCOMPLETE | H54: ='Phase 2 IAQ Investigation'!E78 -> INCOMPLETE
C55: 18 & 19. Mechanical Ventilation | D55: AP19.1 Determine whether dwelling units are served by central mechanical exhaust ventilation systems | E55: =IF(ISBLANK('Phase 2 IAQ Assessment'!D80),"INCOMPLETE",'Phase 2 IAQ Assessment'!D80) -> INCOMPLETE | F55: =IF('Phase 2 IAQ Assessment'!E80="[Select Dropdown]","INCOMPLETE",'Phase 2 IAQ Assessment'!E80) -> INCOMPLETE | G55: =IF(ISBLANK('Phase 2 IAQ Investigation'!D80),"INCOMPLETE",'Phase 2 IAQ Investigation'!D80) -> INCOMPLETE | H55: ='Phase 2 IAQ Investigation'!E80 -> INCOMPLETE
D56: AP19.2 Determine whether central mechanical exhaust ventilation systems meet ASHRAE standard 62.2-2019 requirements | E56: =IF(ISBLANK('Phase 2 IAQ Assessment'!D81),"INCOMPLETE",'Phase 2 IAQ Assessment'!D81) -> INCOMPLETE | F56: =IF('Phase 2 IAQ Assessment'!E81="[Select Dropdown]","INCOMPLETE",'Phase 2 IAQ Assessment'!E81) -> INCOMPLETE | G56: =IF(ISBLANK('Phase 2 IAQ Investigation'!D81),"INCOMPLETE",'Phase 2 IAQ Investigation'!D81) -> INCOMPLETE | H56: ='Phase 2 IAQ Investigation'!E81 -> INCOMPLETE
D57: AP19.3 Determine whether common corridors and nonresidential spaces meet ventilation requirements | E57: =IF(ISBLANK('Phase 2 IAQ Assessment'!D82),"INCOMPLETE",'Phase 2 IAQ Assessment'!D82) -> INCOMPLETE | F57: =IF('Phase 2 IAQ Assessment'!E82="[Select Dropdown]","INCOMPLETE",'Phase 2 IAQ Assessment'!E82) -> INCOMPLETE | G57: =IF(ISBLANK('Phase 2 IAQ Investigation'!D82),"INCOMPLETE",'Phase 2 IAQ Investigation'!D82) -> INCOMPLETE | H57: ='Phase 2 IAQ Investigation'!E82 -> INCOMPLETE
D58: AP19.4 Identify and assess outdoor air intakes | E58: =IF(ISBLANK('Phase 2 IAQ Assessment'!D83),"INCOMPLETE",'Phase 2 IAQ Assessment'!D83) -> INCOMPLETE | F58: =IF('Phase 2 IAQ Assessment'!E83="[Select Dropdown]","INCOMPLETE",'Phase 2 IAQ Assessment'!E83) -> INCOMPLETE | G58: =IF(ISBLANK('Phase 2 IAQ Investigation'!D83),"INCOMPLETE",'Phase 2 IAQ Investigation'!D83) -> INCOMPLETE | H58: ='Phase 2 IAQ Investigation'!E83 -> INCOMPLETE
C59: 20. Natural (not fan-powered) Ventilation | D59: AP20.1 Determine whether dwelling units are served by natural ventilation (not fan-powered) systems | E59: =IF(ISBLANK('Phase 2 IAQ Assessment'!D85),"INCOMPLETE",'Phase 2 IAQ Assessment'!D85) -> INCOMPLETE | F59: =IF('Phase 2 IAQ Assessment'!E85="[Select Dropdown]","INCOMPLETE",'Phase 2 IAQ Assessment'!E85) -> INCOMPLETE | G59: =IF(ISBLANK('Phase 2 IAQ Investigation'!D85),"INCOMPLETE",'Phase 2 IAQ Investigation'!D85) -> INCOMPLETE | H59: ='Phase 2 IAQ Investigation'!E85 -> INCOMPLETE
D60: AP20.2 Determine whether ASHRAE Standard 62.2-2019 Mechanical Ventilation Exceptions are met | E60: =IF(ISBLANK('Phase 2 IAQ Assessment'!D86),"INCOMPLETE",'Phase 2 IAQ Assessment'!D86) -> INCOMPLETE | F60: =IF('Phase 2 IAQ Assessment'!E86="[Select Dropdown]","INCOMPLETE",'Phase 2 IAQ Assessment'!E86) -> INCOMPLETE | G60: =IF(ISBLANK('Phase 2 IAQ Investigation'!D86),"INCOMPLETE",'Phase 2 IAQ Investigation'!D86) -> INCOMPLETE | H60: ='Phase 2 IAQ Investigation'!E86 -> INCOMPLETE
D61: AP20.3 Determine whether common corridors and nonresidential spaces meet ventilation requirements | E61: =IF(ISBLANK('Phase 2 IAQ Assessment'!D87),"INCOMPLETE",'Phase 2 IAQ Assessment'!D87) -> INCOMPLETE | F61: =IF('Phase 2 IAQ Assessment'!E87="[Select Dropdown]","INCOMPLETE",'Phase 2 IAQ Assessment'!E87) -> INCOMPLETE | G61: =IF(ISBLANK('Phase 2 IAQ Investigation'!D87),"INCOMPLETE",'Phase 2 IAQ Investigation'!D87) -> INCOMPLETE | H61: ='Phase 2 IAQ Investigation'!E87 -> INCOMPLETE
D62: AP20.4 Identify and assess opening for outdoor air ventilation | E62: =IF(ISBLANK('Phase 2 IAQ Assessment'!D88),"INCOMPLETE",'Phase 2 IAQ Assessment'!D88) -> INCOMPLETE | F62: =IF('Phase 2 IAQ Assessment'!E88="[Select Dropdown]","INCOMPLETE",'Phase 2 IAQ Assessment'!E88) -> INCOMPLETE | G62: =IF(ISBLANK('Phase 2 IAQ Investigation'!D88),"INCOMPLETE",'Phase 2 IAQ Investigation'!D88) -> INCOMPLETE | H62: ='Phase 2 IAQ Investigation'!E88 -> INCOMPLETE
C63: 21. Source Ventilation / Local Exhaust Ventilation | D63: AP21.1 Identify contaminant sources that require exhaust ventilation | E63: =IF(ISBLANK('Phase 2 IAQ Assessment'!D90),"INCOMPLETE",'Phase 2 IAQ Assessment'!D90) -> INCOMPLETE | F63: =IF('Phase 2 IAQ Assessment'!E90="[Select Dropdown]","INCOMPLETE",'Phase 2 IAQ Assessment'!E90) -> INCOMPLETE | G63: =IF(ISBLANK('Phase 2 IAQ Investigation'!D90),"INCOMPLETE",'Phase 2 IAQ Investigation'!D84) -> INCOMPLETE | H63: ='Phase 2 IAQ Investigation'!E90 -> INCOMPLETE
D64: AP21.2 Assess dwelling units for local exhaust and compliance with ASHRAE Standard 62.2-2019 | E64: =IF(ISBLANK('Phase 2 IAQ Assessment'!D91),"INCOMPLETE",'Phase 2 IAQ Assessment'!D91) -> INCOMPLETE | F64: =IF('Phase 2 IAQ Assessment'!E91="[Select Dropdown]","INCOMPLETE",'Phase 2 IAQ Assessment'!E91) -> INCOMPLETE | G64: =IF(ISBLANK('Phase 2 IAQ Investigation'!D91),"INCOMPLETE",'Phase 2 IAQ Investigation'!D85) -> INCOMPLETE | H64: ='Phase 2 IAQ Investigation'!E91 -> INCOMPLETE
D65: AP21.3 Assess clothes dryer exhaust | E65: =IF(ISBLANK('Phase 2 IAQ Assessment'!D92),"INCOMPLETE",'Phase 2 IAQ Assessment'!D92) -> INCOMPLETE | F65: =IF('Phase 2 IAQ Assessment'!E92="[Select Dropdown]","INCOMPLETE",'Phase 2 IAQ Assessment'!E92) -> INCOMPLETE | G65: =IF(ISBLANK('Phase 2 IAQ Investigation'!D92),"INCOMPLETE",'Phase 2 IAQ Investigation'!D86) -> INCOMPLETE | H65: ='Phase 2 IAQ Investigation'!E92 -> INCOMPLETE
D66: AP21.4 Determine whether spaces outside dwelling units comply with applicable local exhaust requirements | E66: =IF(ISBLANK('Phase 2 IAQ Assessment'!D93),"INCOMPLETE",'Phase 2 IAQ Assessment'!D93) -> INCOMPLETE | F66: =IF('Phase 2 IAQ Assessment'!E93="[Select Dropdown]","INCOMPLETE",'Phase 2 IAQ Assessment'!E93) -> INCOMPLETE | G66: =IF(ISBLANK('Phase 2 IAQ Investigation'!D93),"INCOMPLETE",'Phase 2 IAQ Investigation'!D87) -> INCOMPLETE | H66: ='Phase 2 IAQ Investigation'!E93 -> INCOMPLETE
D67: AP21.5 Occupant complaints | E67: =IF(ISBLANK('Phase 2 IAQ Assessment'!D94),"INCOMPLETE",'Phase 2 IAQ Assessment'!D94) -> INCOMPLETE | F67: =IF('Phase 2 IAQ Assessment'!E94="[Select Dropdown]","INCOMPLETE",'Phase 2 IAQ Assessment'!E94) -> INCOMPLETE | G67: =IF(ISBLANK('Phase 2 IAQ Investigation'!D94),"INCOMPLETE",'Phase 2 IAQ Investigation'!D88) -> INCOMPLETE | H67: ='Phase 2 IAQ Investigation'!E94 -> INCOMPLETE
C68: 22. Building Safety for Occupants | D68: AP22.1 Assess building safety | E68: =IF(ISBLANK('Phase 2 IAQ Assessment'!D96),"INCOMPLETE",'Phase 2 IAQ Assessment'!D96) -> INCOMPLETE | F68: =IF('Phase 2 IAQ Assessment'!E96="[Select Dropdown]","INCOMPLETE",'Phase 2 IAQ Assessment'!E96) -> INCOMPLETE | G68: =IF(ISBLANK('Phase 2 IAQ Investigation'!D96),"INCOMPLETE",'Phase 2 IAQ Investigation'!D96) -> INCOMPLETE | H68: ='Phase 2 IAQ Investigation'!E96 -> INCOMPLETE
D69: AP22.2 Assess smoke and CO2 alarms | E69: =IF(ISBLANK('Phase 2 IAQ Assessment'!D97),"INCOMPLETE",'Phase 2 IAQ Assessment'!D97) -> INCOMPLETE | F69: =IF('Phase 2 IAQ Assessment'!E97="[Select Dropdown]","INCOMPLETE",'Phase 2 IAQ Assessment'!E97) -> INCOMPLETE | G69: =IF(ISBLANK('Phase 2 IAQ Investigation'!D97),"INCOMPLETE",'Phase 2 IAQ Investigation'!D97) -> INCOMPLETE | H69: ='Phase 2 IAQ Investigation'!E97 -> INCOMPLETE
D70: AP22.3 Identify prevalence and storage of harmful chemicals | E70: =IF(ISBLANK('Phase 2 IAQ Assessment'!D98),"INCOMPLETE",'Phase 2 IAQ Assessment'!D98) -> INCOMPLETE | F70: =IF('Phase 2 IAQ Assessment'!E98="[Select Dropdown]","INCOMPLETE",'Phase 2 IAQ Assessment'!E98) -> INCOMPLETE | G70: =IF(ISBLANK('Phase 2 IAQ Investigation'!D98),"INCOMPLETE",'Phase 2 IAQ Investigation'!D98) -> INCOMPLETE | H70: ='Phase 2 IAQ Investigation'!E98 -> INCOMPLETE
D71: AP22.4 Identify fire extinguisher locations | E71: =IF(ISBLANK('Phase 2 IAQ Assessment'!D99),"INCOMPLETE",'Phase 2 IAQ Assessment'!D99) -> INCOMPLETE | F71: =IF('Phase 2 IAQ Assessment'!E99="[Select Dropdown]","INCOMPLETE",'Phase 2 IAQ Assessment'!E99) -> INCOMPLETE | G71: =IF(ISBLANK('Phase 2 IAQ Investigation'!D99),"INCOMPLETE",'Phase 2 IAQ Investigation'!D99) -> INCOMPLETE | H71: ='Phase 2 IAQ Investigation'!E99 -> INCOMPLETE
D72: AP22.5 Assess water heater temperature settings | E72: =IF(ISBLANK('Phase 2 IAQ Assessment'!D100),"INCOMPLETE",'Phase 2 IAQ Assessment'!D100) -> INCOMPLETE | F72: =IF('Phase 2 IAQ Assessment'!E100="[Select Dropdown]","INCOMPLETE",'Phase 2 IAQ Assessment'!E100) -> INCOMPLETE | G72: =IF(ISBLANK('Phase 2 IAQ Investigation'!D100),"INCOMPLETE",'Phase 2 IAQ Investigation'!D100) -> INCOMPLETE | H72: ='Phase 2 IAQ Investigation'!E100 -> INCOMPLETE
D73: AP22.6 Assess whether knob-and-tube electrical wiring is present | E73: =IF(ISBLANK('Phase 2 IAQ Assessment'!D101),"INCOMPLETE",'Phase 2 IAQ Assessment'!D101) -> INCOMPLETE | F73: =IF('Phase 2 IAQ Assessment'!E101="[Select Dropdown]","INCOMPLETE",'Phase 2 IAQ Assessment'!E101) -> INCOMPLETE | G73: =IF(ISBLANK('Phase 2 IAQ Investigation'!D101),"INCOMPLETE",'Phase 2 IAQ Investigation'!D101) -> INCOMPLETE | H73: ='Phase 2 IAQ Investigation'!E101 -> INCOMPLETE
C74: 23. Protecting Indoor Air Quality During Construction | D74: AP23.1 Assess occupancy during construction periods | E74: =IF(ISBLANK('Phase 2 IAQ Assessment'!D103),"INCOMPLETE",'Phase 2 IAQ Assessment'!D103) -> INCOMPLETE | F74: =IF('Phase 2 IAQ Assessment'!E103="[Select Dropdown]","INCOMPLETE",'Phase 2 IAQ Assessment'!E103) -> INCOMPLETE | G74: =IF(ISBLANK('Phase 2 IAQ Investigation'!D103),"INCOMPLETE",'Phase 2 IAQ Investigation'!D103) -> INCOMPLETE | H74: ='Phase 2 IAQ Investigation'!E103 -> INCOMPLETE
D75: AP23.2 Identify construction contaminants and pathways | E75: =IF(ISBLANK('Phase 2 IAQ Assessment'!D104),"INCOMPLETE",'Phase 2 IAQ Assessment'!D104) -> INCOMPLETE | F75: =IF('Phase 2 IAQ Assessment'!E104="[Select Dropdown]","INCOMPLETE",'Phase 2 IAQ Assessment'!E104) -> INCOMPLETE | G75: =IF(ISBLANK('Phase 2 IAQ Investigation'!D104),"INCOMPLETE",'Phase 2 IAQ Investigation'!D104) -> INCOMPLETE | H75: ='Phase 2 IAQ Investigation'!E104 -> INCOMPLETE
D76: AP23.3 Identify risk of mercury exposure | E76: =IF(ISBLANK('Phase 2 IAQ Assessment'!D105),"INCOMPLETE",'Phase 2 IAQ Assessment'!D105) -> INCOMPLETE | F76: =IF('Phase 2 IAQ Assessment'!E105="[Select Dropdown]","INCOMPLETE",'Phase 2 IAQ Assessment'!E105) -> INCOMPLETE | G76: =IF(ISBLANK('Phase 2 IAQ Investigation'!D105),"INCOMPLETE",'Phase 2 IAQ Investigation'!D105) -> INCOMPLETE | H76: ='Phase 2 IAQ Investigation'!E105 -> INCOMPLETE
C77: 24. Jobsite Safey | D77: AP20.1 Evaluate risks | E77: =IF(ISBLANK('Phase 2 IAQ Assessment'!D107),"INCOMPLETE",'Phase 2 IAQ Assessment'!D107) -> INCOMPLETE | F77: =IF('Phase 2 IAQ Assessment'!E107="[Select Dropdown]","INCOMPLETE",'Phase 2 IAQ Assessment'!E107) -> INCOMPLETE | G77: =IF(ISBLANK('Phase 2 IAQ Investigation'!D107),"INCOMPLETE",'Phase 2 IAQ Investigation'!D107) -> INCOMPLETE | H77: ='Phase 2 IAQ Investigation'!E107 -> INCOMPLETE

Sheet Program Plan
B1: v25.1.0 - 2025.02
B2: Phius REVIVE 2024 Pilot Programming Worksheet | J2: Cx Program Scope & Objectives
B3: Building Triage and Ranking | E3: General | G3: Owner Name: | J3: Program Mission Statement: | K3: [Purpose for Retrofitting]
G4: Submitter Name:
G5: CPHC CxP Name: | J5: Additional Notes:
G6: CPHC CxP #:
G7: Street Address:
G8: City:
G9: State: | I9: [Select Dropdown]
G10: Zip Code:
G11: County:
E12: Facility Identification | J12: Ranking Metrics
E13: Facility Rank | F13: Building Name | G13: Existing Function | H13: Approximate iCFA (sf) | I13: Intended Function | J13: Intended Building Life | K13: Building Function | L13: Climate Migration Score | M13: Maintenance Needs
E14: 1 | G14: [Select Dropdown] | I14: [Select Dropdown] | J14: [Select Dropdown] | K14: [Select Dropdown] | L14: =_xlfn.IFNA('Rationale for Retrofit'!G26,"-") -> - | M14: [Select Dropdown] | N14: =IF(M14="Minimal ",2,(IF(M14="Moderate ",4,(IF(M14="Considerable ",6,IF(M14="Extreme",8,IF(M14="Unsure",2,0))))))) -> 0
E15: 2 | G15: [Select Dropdown] | H15: [Enter value] | I15: [Select Dropdown] | J15: [Select Dropdown] | K15: [Select Dropdown] | L15: ='Rationale for Retrofit'!$G$25 -> - | M15: [Select Dropdown] | N15: =IF(M15="Minimal",0,(IF(M15="Moderate ",0.5,(IF(M15="Considerable ",1,0))))) -> 0 | O15: =IF(ISBLANK(F15),30,SUM(E15,N15:N15)) -> 30
E16: 3 | G16: [Select Dropdown] | H16: [Enter value] | I16: [Select Dropdown] | J16: [Select Dropdown] | K16: [Select Dropdown] | L16: ='Rationale for Retrofit'!$G$25 -> - | M16: [Select Dropdown] | N16: =IF(M16="Minimal",0,(IF(M16="Moderate ",0.5,(IF(M16="Considerable ",1,0))))) -> 0 | O16: =IF(ISBLANK(F16),30,SUM(E16,N16:N16)) -> 30
E17: 4 | G17: [Select Dropdown] | H17: [Enter value] | I17: [Select Dropdown] | J17: [Select Dropdown] | K17: [Select Dropdown] | L17: ='Rationale for Retrofit'!$G$25 -> - | M17: [Select Dropdown] | N17: =IF(M17="Minimal",0,(IF(M17="Moderate ",0.5,(IF(M17="Considerable ",1,0))))) -> 0 | O17: =IF(ISBLANK(F17),30,SUM(E17,N17:N17)) -> 30
E18: 5 | G18: [Select Dropdown] | H18: [Enter value] | I18: [Select Dropdown] | J18: [Select Dropdown] | K18: [Select Dropdown] | L18: ='Rationale for Retrofit'!$G$25 -> - | M18: [Select Dropdown] | N18: =IF(M18="Minimal",0,(IF(M18="Moderate ",0.5,(IF(M18="Considerable ",1,0))))) -> 0 | O18: =IF(ISBLANK(F18),30,SUM(E18,N18:N18)) -> 30
E19: 6 | G19: [Select Dropdown] | H19: [Enter value] | I19: [Select Dropdown] | J19: [Select Dropdown] | K19: [Select Dropdown] | L19: ='Rationale for Retrofit'!$G$25 -> - | M19: [Select Dropdown] | N19: =IF(M19="Minimal",0,(IF(M19="Moderate ",0.5,(IF(M19="Considerable ",1,0))))) -> 0 | O19: =IF(ISBLANK(F19),30,SUM(E19,N19:N19)) -> 30
E20: 7 | G20: [Select Dropdown] | H20: [Enter value] | I20: [Select Dropdown] | J20: [Select Dropdown] | K20: [Select Dropdown] | L20: ='Rationale for Retrofit'!$G$25 -> - | M20: [Select Dropdown] | N20: =IF(M20="Minimal",0,(IF(M20="Moderate ",0.5,(IF(M20="Considerable ",1,0))))) -> 0 | O20: =IF(ISBLANK(F20),30,SUM(E20,N20:N20)) -> 30
E21: 8 | G21: [Select Dropdown] | H21: [Enter value] | I21: [Select Dropdown] | J21: [Select Dropdown] | K21: [Select Dropdown] | L21: ='Rationale for Retrofit'!$G$25 -> - | M21: [Select Dropdown] | N21: =IF(M21="Minimal",0,(IF(M21="Moderate ",0.5,(IF(M21="Considerable ",1,0))))) -> 0 | O21: =IF(ISBLANK(F21),30,SUM(E21,N21:N21)) -> 30
E22: 9 | G22: [Select Dropdown] | H22: [Enter value] | I22: [Select Dropdown] | J22: [Select Dropdown] | K22: [Select Dropdown] | L22: ='Rationale for Retrofit'!$G$25 -> - | M22: [Select Dropdown] | N22: =IF(M22="Minimal",0,(IF(M22="Moderate ",0.5,(IF(M22="Considerable ",1,0))))) -> 0 | O22: =IF(ISBLANK(F22),30,SUM(E22,N22:N22)) -> 30
E23: 10 | G23: [Select Dropdown] | H23: [Enter value] | I23: [Select Dropdown] | J23: [Select Dropdown] | K23: [Select Dropdown] | L23: ='Rationale for Retrofit'!$G$25 -> - | M23: [Select Dropdown] | N23: =IF(M23="Minimal",0,(IF(M23="Moderate ",0.5,(IF(M23="Considerable ",1,0))))) -> 0 | O23: =IF(ISBLANK(F23),30,SUM(E23,N23:N23)) -> 30
E24: 11 | G24: [Select Dropdown] | H24: [Enter value] | I24: [Select Dropdown] | J24: [Select Dropdown] | K24: [Select Dropdown] | L24: ='Rationale for Retrofit'!$G$25 -> - | M24: [Select Dropdown] | N24: =IF(M24="Minimal",0,(IF(M24="Moderate ",0.5,(IF(M24="Considerable ",1,0))))) -> 0 | O24: =IF(ISBLANK(F24),30,SUM(E24,N24:N24)) -> 30
E25: 12 | G25: [Select Dropdown] | H25: [Enter value] | I25: [Select Dropdown] | J25: [Select Dropdown] | K25: [Select Dropdown] | L25: ='Rationale for Retrofit'!$G$25 -> - | M25: [Select Dropdown] | N25: =IF(M25="Minimal",0,(IF(M25="Moderate ",0.5,(IF(M25="Considerable ",1,0))))) -> 0 | O25: =IF(ISBLANK(F25),30,SUM(E25,N25:N25)) -> 30
E26: 13 | G26: [Select Dropdown] | H26: [Enter value] | I26: [Select Dropdown] | J26: [Select Dropdown] | K26: [Select Dropdown] | L26: ='Rationale for Retrofit'!$G$25 -> - | M26: [Select Dropdown] | N26: =IF(M26="Minimal",0,(IF(M26="Moderate ",0.5,(IF(M26="Considerable ",1,0))))) -> 0 | O26: =IF(ISBLANK(F26),30,SUM(E26,N26:N26)) -> 30
... E33: 20 | G33: [Select Dropdown] | H33: [Enter value] | I33: [Select Dropdown] | J33: [Select Dropdown] | K33: [Select Dropdown] | L33: ='Rationale for Retrofit'!$G$25 -> - | M33: [Select Dropdown] | N33: =IF(M33="Minimal",0,(IF(M33="Moderate ",0.5,(IF(M33="Considerable ",1,0))))) -> 0 | O33: =IF(ISBLANK(F33),30,SUM(E33,N33:N33)) -> 30

Sheet Rationale for Retrofit
B1: v25.1.0 - 2025.02
B2: Phius REVIVE 2024 Pilot Workbook | G2: CxP Required Information | I2: Cx Team Notes
E3: General | F3: Building/Facility Name: | G3: =IF(ISBLANK('Program Plan'!F14),"Please complete 'Program Plan' tab below",'Program Plan'!F14) -> Please complete 'Program Plan' tab below
F4: Owner Name: | G4: =IF(ISBLANK('Program Plan'!I3),"Please complete 'Program Plan' tab below",'Program Plan'!I3) -> Please complete 'Program Plan' tab below
F5: Submitter Name: | G5: =IF(ISBLANK('Program Plan'!I4),"Please complete 'Program Plan' tab below",'Program Plan'!I4) -> Please complete 'Program Plan' tab below
F6: CPHC CxP Name: | G6: =IF(ISBLANK('Program Plan'!I5),"Please complete 'Program Plan' tab below",'Program Plan'!I5) -> Please complete 'Program Plan' tab below
F7: CPHC CxP #: | G7: =IF(ISBLANK('Program Plan'!I6),"Please complete 'Program Plan' tab below",'Program Plan'!I6) -> Please complete 'Program Plan' tab below
F8: Project Address: | G8: =IF(ISBLANK('Program Plan'!I7),"Please complete 'Program Plan' tab below",'Program Plan'!I7) -> Please complete 'Program Plan' tab below
F9: City: | G9: =IF(ISBLANK('Program Plan'!I8),"Please complete 'Program Plan' tab below",'Program Plan'!I8) -> Please complete 'Program Plan' tab below
F10: State: | G10: =IF('Program Plan'!I9="[Select Dropdown]","Please complete 'Program Plan' tab below",'Program Plan'!I9) -> Please complete 'Program Plan' tab below
F11: Zip Code: | G11: =IF(ISBLANK('Program Plan'!I10),"Please complete 'Program Plan' tab below",'Program Plan'!I10) -> Please complete 'Program Plan' tab below
B12: Rationale for Retrofit | E12: 4.5.1.1 Intended Building Life: | G12: [Select Dropdown] | H12: =IF(G12="5-10 years",5,IF(G12="10-20 years ",4,(IF(G12="20-30 years ",3,(IF(G12="30-50 years ",2,(IF(G12="50-70 years",1,IF(OR(G12="Indefinite / Permanent",G12="70-100 years"),0,"inc"))))))))) -> inc
E13: 4.5.1.2 Building Functionality: | G13: [Select Dropdown]
E14: Existing Function | F14: Residential: | G14: [Select Dropdown]
F15: Non-Residential: | G15: [Select Dropdown]
E16: New Function | F16: Residential: | G16: [Select Dropdown]
F17: Non-Residential: | G17: [Select Dropdown]
E18: 4.5.1.3 Site and Land Use: | G18: Climate migration risk values will automatically populate based on the Climate Migration Map published by PROPUBLICA based on the County defined in the 'Program Plan' tab below. | I18: Cx Team Notes
E19: 4.5.1.3.1 Climate Migration | F19: Project County: | G19: =IF('Program Plan'!I11="[Select Dropdown]","Please complete 'Program Plan' tab below",'Climate Risk'!B1) -> [Select Dropdown],
F20: Heat Risk: | G20: =_xlfn.IFNA(VLOOKUP('Climate Risk'!$B$1,'Climate Risk'!$B$2:$L$3109,5,FALSE),"-") -> -
F21: Wet Bulb Risk: | G21: =_xlfn.IFNA(VLOOKUP('Climate Risk'!$B$1,'Climate Risk'!$B$2:$L$3109,6,FALSE),"-") -> -
F22: Farm Crop Risk: | G22: =_xlfn.IFNA(VLOOKUP('Climate Risk'!$B$1,'Climate Risk'!$B$2:$L$3109,7,FALSE),"-") -> -
F23: Sea Level Rise Risk: | G23: =_xlfn.IFNA(VLOOKUP('Climate Risk'!$B$1,'Climate Risk'!$B$2:$L$3109,8,FALSE),"-") -> -
F24: Wildfire Risk: | G24: =_xlfn.IFNA(VLOOKUP('Climate Risk'!$B$1,'Climate Risk'!$B$2:$L$3109,9,FALSE),"-") -> -
F25: Economic Risk | G25: =_xlfn.IFNA(VLOOKUP('Climate Risk'!$B$1,'Climate Risk'!$B$2:$L$3109,10,FALSE),"-") -> - | H25: =_xlfn.IFNA(G25,"0") -> -
F26: Combined Risk: | G26: =_xlfn.IFNA(VLOOKUP('Climate Risk'!$B$1,'Climate Risk'!$B$2:$L$3109,11,FALSE),"-") -> - | H26: =G26 -> -
E27: 4.5.1.3.2 Zoning | F27: Typical Zoning Designation: | G27: [Select Dropdown]
F28: Specific Zoning Code: | G28: [Enter Zoning Code (i.e. R-1)]
F29: Variance Needed? | G29: [Select Dropdown]
B30: Final Considerations & Cx Team Acceptance: | G30: =IF(OR(H12="inc"),"Please complete 'Program Plan' tab below and all dropdown options above",IF(AND(H26<26,OR(H12<2,H12=2)),'Options 2024 '!B194,IF(AND(OR(H26=26,H26>26),H12>2),'Options 2024 '!B195,'Options 2024 '!B196))) -> Please complete 'Program Plan' tab below and all dropdown options above | H30: =SUM(H12,H26,'Program Plan'!N14) -> 0
B32: 1
B33: 2
B34: 3
B35: 4
B36: 5
B37: 6
B38: 7
B39: 8
B40: 9
B41: 10
B42: 11
B43: 12
... B54: 23

Sheet Hazard Mitigation
B1: v25.1.0 - 2025.02
B2: Phius REVIVE 2024 Pilot Workbook: Assessment | F2: 5.2 Hazard Mitigation Use the resources for each hazard category below to determine which hazard mitigation requirements will be needed for certification. Use the '+' to the left to expand each section.
B3: Multifamily / Mixed-use / Non-Residential Requirements
B4: EARTHQUAKE
B5: 5.2.1 Earthquake | C5: Seismic Deisgn Category (SDC): | F5: [Select Dropdown]
C6: IRC 2021 R301.2.2
C7: w/i scope of FEMA P-50? (SF detached, wood frame) | F7: n/a
C8: Seismic Performance Grade: | F8: n/a
C9: Simplified Seismic Assessment Form
C10: Certification Requirement: | F10: =IF(F5="[Select Dropdown]","-",IF(OR(F5="C",F5="D",F5="E"),"Improvements require signoff by licensed engineer at Design Cert","No requirement")) -> -
C11: Compliance Resources: | F11: -
B12: FLOOD
B13: 5.2.2 Flood | C13: FEMA Flood Zone (first letter only): | F13: [Select Dropdown]
C14: How to Read a Flood Map (2022)
C15: Certification Requirement: | F15: =IF(F13="[Select Dropdown]","-",IF(OR(F13="V",F13="A",F13="B",F13="D",F13="X-shaded"),"All electrical / mechanical systems & connections must be elevated above the 500-yr flood level OR 3ft min. above the Base Flood Elevation (BFE) OR Implement permanent dry flood protecion","No requirement")) -> -
C16: Compliance Resources: | F16: IBHS FORTIFIED Commercial (Sec 3.2.4 & 3.2.5)
B17: HAIL
B18: 5.2.3 Hail | C18: Certification Requirement: | F18: PV Modules must be FM Approved for hail. Refer to Section 3.3.2.2 of the Phius 2024 Certification Guidebook for alternate compliance paths for Flexible and Rigid PV Panels
B19: STRUCTURAL / HIGH WIND
B20: 5.2.4 Structural & High Wind | C20: Dry stack foundation? | F20: n/a
C21: IBHS FORTIFIED HOME Fig 2.1, 2.2, &2.3
C22: Ultimate design wind speed (Vult): | F22: n/a
C23: IRC 2021 R301.2.1(1)
C24: Certification Requirement (Foundation): | F24: n/a
C25: Certification Requirement (Roof): | F25: IBHS FORTIFIED Commercial, Sec 3.1 FORTIFIED Roof
C26: Compliance Resources: | F26: IBHS FORTIFIED Commercial (Sec 3.1)
B29: SNOW LOAD & ICE DAMS
B30: 5.2.5 Snow Load and Ice Dams | C30: History of ice dams? | F30: [Select Dropdown]
C31: Certification Requirement: | F31: =IF(F30="[Select Dropdown] ","-",IF(F30="Yes","Diagnose & mitigate","n/a")) -> -
C32: Compliance Resources: | F32: Lstiburek, 2018
B33: WILDFIRE
B34: 5.2.6 Wildfire | C34: FEMA Designated wildfire risk: | F34: [Select Dropdown]
C35: FEMA Wildfire Map
C36: Certification Requirement: | F36: =IF(F34="[Select Dropdown]","-",IF(F34="Relatively Moderate / Relatively High / Very High ","Complete the actions listed or implied by the Defensible Space & Home Hardening Self-Inspection Checklist","No requirement")) -> -
C37: Compliance Resources: | F37: Berkely Fire Dept Checklist

Sheet Owner Worksheet
B1: v25.1.0 - 2025.02
B2: Phius REVIVE 2024 Pilot Workbook: Owner Worksheet | G2: 8.6.1 Facility Information | H2: Additional Notes
E3: Facility Summary | F3: Project Name: | G3: =IF(ISBLANK('Program Plan'!F14),"Please enter building name in 'Program Plan' tab below",'Program Plan'!F14) -> Please enter building name in 'Program Plan' tab below
F4: Year Constructed: | G4: [Select Dropdown] | J4: Required input cells. | K4: Calculated. | L4: Output for WUFI
F5: Known Prior Renovations? | G5: [Select Dropdown] | J5: Required dropdown menu inputs. | K5: Calculated from another sheet. | L5: Constants & Instructions
F6: Existing iCFA (sf): | G6: =IF(ISBLANK('Program Plan'!H14),"Please enter approximate iCFA in 'Program Plan' tab below",'Program Plan'!H14) -> Please enter approximate iCFA in 'Program Plan' tab below
F7: Number of Existing Units: | G7: [Enter value] | H7: Hint: Enter 0 for non-residential Projects
F8: Number of Planned Units | G8: [Enter value] | H8: Hint: Enter 0 for non-residential Projects
F9: Existing Occupancy: | G9: [Enter value] | H9: Hint: Total building occupant quanitity
F10: Roof / Ceiling Insulation: | G10: [Select Dropdown]
F11: Wall Construction: | G11: [Select Dropdown]
F12: Foundation Type: | G12: [Select Dropdown]
F13: Cooling System: | G13: [Select Dropdown]
F14: Heating System: | G14: [Select Dropdown]
F15: Hot Water System: | G15: [Select Dropdown]
F16: Ventilation System: | G16: [Select Dropdown]
E17: Available Facility Documents | F17: Construction Documents: | G17: [Select Dropdown]
F18: Sytems / Facility Manuals: | G18: [Select Dropdown]
F19: Existing consultant reports: | G19: [Select Dropdown]
F20: Utility rates / supplier info: | G20: [Select Dropdown]
F21: Utility meter / submeter location: | G21: [Select Dropdown]
F22: Operations / maintenance report: | G22: [Select Dropdown]
F23: Annual maintence cost breakdown: | G23: [Select Dropdown]
F24: Onsite energy production: | G24: [Select Dropdown]
F25: Low-cost walkthrough budget: | G25: [Select Dropdown] | H25: Hint: Items that can be immediately addressed during a walkthrough, for example installing smoke/CO2 alarms or replacing the batteries, providing a fire extinguisher, etc.
G26: 8.6.2 Occupant Survey | H26: Additional Notes
E27: General | F27: Age Range of (primary) Occupants: | G27: [Select Dropdown]
E28: Noise | F28: Acoustical Privacy: | G28: [Select Dropdown]
F29: Ambient noise negatively impacting concentration: | G29: [Select Dropdown]
E30: Thermal | F30: Perception of Summer comfort: | G30: [Select Dropdown]
F31: Perception of Winter comfort: | G31: [Select Dropdown]
E32: Visual | F32: Adequate lighting for tasks / activities: | G32: [Select Dropdown]
F33: Light quality: | G33: [Select Dropdown]
F34: Lighting color discrimination: | G34: [Select Dropdown]
F35: Problematic light flicker: | G35: [Select Dropdown]
F36: Glare: | G36: [Select Dropdown]
F37: Difficulty seeing computer screen: | G37: [Select Dropdown]
F38: Adequacy of light levels: | G38: [Select Dropdown]
E39: Indoor air quality | F39: Air Quality (general): | G39: [Select Dropdown]
F40: Unpleasant odors: | G40: [Select Dropdown]

Sheet Current Facility Requirements
B1: v25.1.0 - 2025.02
B2: Phius REVIVE 2024 Pilot Workbook: Current Facility Requirements (CFR)
B3: Facility Summary The Cx team should interpret and synthesize the information provided by the Owner up to this point. Create a comprehensive project narrative in the space to the right | E3: [Write a brief facility summary HERE once facility requirements are determined below]
B4: General Requirement: | E4: The retrofitted building shall meet the requirements of Phius REVIVE 2024 Pilot. The retrofitted building shall also meet the owner-directed and owner-elected requirements listed below.
B5: Onwer-Elected Facility Requirements Each owner-elected deliverable must be completed, proven, and accepted by Phius in order to become Final Certified. The Cx Team will be expected to address deliverables during Phase 2: Design | E5: Requirement ID Work with the Owner to define specific facility requirements. Create a unique name for each owner-elected deliverable below | F5: Description Briefly describe each owner-elected requirement | G5: Date Added
B6: 8.6.4.1 Facility Requirements | C6: FR1 Regulatory | D6: FR1.1
D7: FR1.2
D8: FR1.3
D9: FR1.4
D10: FR1.5
C11: FR2 Financial | D11: FR2.1
D12: FR2.2
D13: FR2.3
D14: FR2.4
D15: FR2.5
C16: FR3 Functional | D16: FR3.1
D17: FR3.2
D18: FR3.3
D19: FR3.4
D20: FR3.5
C21: FR4 Preferred Vendors | D21: FR4.1
D22: FR4.2
D23: FR4.3
D24: FR4.4
D25: FR4.5
C26: 8.6.4.1.1 *Critical Loads & Occupancy | E26: Use the 'Critical Loads & Occ' tab below to define information on critical process loads and occupancy schedules during outage periods. For non-residential projects only.
B27: Ongoing Comissioning / Measurement & Verification Non-residential project teams should confirm their intent to register with Energy Star Portfolio Manager using the Dropdown menu below (7.4.1). ALL other M&V items below are electives ONLY and will not impact certification. | E27: M&V Electives | F27: Additional Notes | G27: Date Added
B28: 8.6.4.2 OCx / M&V Elevtives | C28: 7.1 Indoor Environment | D28: Hazardous Gas 7.1.1 | E28: [Select Dropdown]
D29: IEQ 7.1.2 | E29: [Select Dropdown]
C30: 7.2 Energy End-Use | D30: MELs 7.2.1 | E30: [Select Dropdown]
D31: Dehumidification 7.2.2 | E31: [Select Dropdown]
D32: Heating 7.2.3 | E32: [Select Dropdown]
D33: Cooling 7.2.4 | E33: [Select Dropdown]
D34: DHW 7.2.5 | E34: [Select Dropdown]
D35: Lighting 7.2.6 | E35: [Select Dropdown]
D36: Appliances 7.2.7 | E36: [Select Dropdown]
D37: Humidification 7.2.8 | E37: [Select Dropdown]
C38: 7.3 Water Quality | D38: RESET 7.3.1 | E38: [Select Dropdown]
C39: *7.4 Waste / Materials | D39: ES Portfolio Mgr. 7.4.1 | E39: [Select Dropdown]
B40: *Required for Nonresidential Projects only

Sheet Phase 2 IAQ Assessment
B1: v25.1.0 - 2025.02
B2: Phius REVIVE 2024 Pilot Workbook: Assessment
B3: Instructions | D3: Site Visit Log
B4: Phase 2 (part 1): Assessment 8.6.5.1 IAQ Assessment Site Visit Planning With respect to the EPA energy savings plus health documents, list the assessment protocol items that can be accomplished in a walkthrough in columns 'E' and 'F'. Expand each section using the '+' to the left. Complete the initial assessment site visit once each Assessment Protocol item is addressed. Then, complete columns 'G' and 'H' to indicate the findings of the site visit.The EBCx team should use the site visit log to the right to record the overall status of the Assessment phase, the date of each visit, and any valuable site visit notes. During these site visits, the Cx Team should also collect measurements and begin compiling existing building documentation. | D4: Team Members | E4: Assessment Complete? | F4: Date | G4: Notes
E5: [Select Dropdown]
E6: [Select Dropdown]
E7: [Select Dropdown]
E8: [Select Dropdown]
E9: [Select Dropdown]
B10: EPA Energy Savings Plus Health IAQ Guidelines | E10: [Select Dropdown]
B11: Priority Issue 1: Asbestos | D11: CxP Assessment Planning Notes Complete pre-assessment | E11: Assess or Defer | F11: CxP Assessment Reporting Notes Complete post-assessment | G11: Status?
B12: Asbestos | C12: AP1.1 Determine Potential Asbestos Hazard | E12: [Select Dropdown] | G12: [Select Dropdown]
B13: Priority Issue 2: Below Ground Contaminants (Except Radon) | D13: CxP Assessment Planning Notes Complete pre-assessment | E13: Assess or Defer | F13: CxP Assessment Reporting Notes Complete post-assessment | G13: Status?
B14: Below Ground Contaminants (except radon) | C14: AP2.1 Evaluate potential sources and odors | E14: [Select Dropdown] | G14: [Select Dropdown]
C15: AP2.2 Evaluate Sewer Vent System | E15: [Select Dropdown] | G15: [Select Dropdown]
C16: AP2.3 Take proper action if odor source cannot be identified | E16: [Select Dropdown] | G16: [Select Dropdown]
C17: AP2.4 Conduct further assessment if contamination is suspected | E17: [Select Dropdown] | G17: [Select Dropdown]
B18: Priority Issue 3: Building Products & Material Emissions | D18: CxP Assessment Planning Notes Complete pre-assessment | E18: Assess or Defer | F18: CxP Assessment Reporting Notes Complete post-assessment | G18: Status?
B19: Building Products / Material Emissions | C19: AP3.1 Review content & emissions documentation for new products | E19: [Select Dropdown] | G19: [Select Dropdown]
C20: AP3.2 Carpet | E20: [Select Dropdown] | G20: [Select Dropdown]
C21: AP3.3 Ventilation | E21: [Select Dropdown] | G21: [Select Dropdown]
B22: Priority Issue 4: Environmental Tobacco Smoke | D22: CxP Assessment Planning Notes Complete pre-assessment | E22: Assess or Defer | F22: CxP Assessment Reporting Notes Complete post-assessment | G22: Status?
B23: Environmental Tobacco Smoke | C23: AP4.1 Determine whether there is a smoke-free policy | E23: [Select Dropdown] | G23: [Select Dropdown]
C24: AP4.2 Identify occupants' smoking-related concerns | E24: [Select Dropdown] | G24: [Select Dropdown]
C25: AP4.3 Asses whether compartmentalization is a possible ETS control strategy in building w/o a smoke-free policy | E25: [Select Dropdown] | G25: [Select Dropdown]
B26: Priority Issue 5: Garage Air Pollutants (Carbon monoxide, benzene, and other VOCs) | D26: CxP Assessment Planning Notes Complete pre-assessment | E26: Assess or Defer | F26: CxP Assessment Reporting Notes Complete post-assessment | G26: Status?
B27: Garage Air Pollutants | C27: AP5.1 Identify Location & Configuration of Garages | E27: [Select Dropdown] | G27: [Select Dropdown]
C28: AP5.2 Check for HVAC Systems Inside Garage | E28: [Select Dropdown] | G28: [Select Dropdown]
C29: AP5.3 Locate Air Leaks | E29: [Select Dropdown] | G29: [Select Dropdown]
C30: AP5.4 Determine presence of combustion applicances or engines | E30: [Select Dropdown] | G30: [Select Dropdown]
C31: AP5.5 Occupant Complaints | E31: [Select Dropdown] | G31: [Select Dropdown]
B32: Priority Issue 6: Lead | D32: CxP Assessment Planning Notes Complete pre-assessment | E32: Assess or Defer | F32: CxP Assessment Reporting Notes Complete post-assessment | G32: Status?
B33: Lead | C33: AP6.1 Assess Paint Conditions | E33: [Select Dropdown] | G33: [Select Dropdown]
C34: AP6.2 Testing Method | E34: [Select Dropdown] | G34: [Select Dropdown]
B35: Priority Issue 7: Moisture & Mold | D35: CxP Assessment Planning Notes Complete pre-assessment | E35: Assess or Defer | F35: CxP Assessment Reporting Notes Complete post-assessment | G35: Status?
B36: Moisture & Mold | C36: AP7.1 Inspect for Moisture Problems | E36: [Select Dropdown] | G36: [Select Dropdown]
C37: AP7.2 Determine Whether Mold Remediation is Required | E37: [Select Dropdown] | G37: [Select Dropdown]
C38: AP7.3 Identify Moisture or Mold Problems to Address before Upgrades | E38: [Select Dropdown] | G38: [Select Dropdown]
C39: AP7.4 Identify Moisture Problems that may Limit Upgrades | E39: [Select Dropdown] | G39: [Select Dropdown]
B40: Priority Issue 8: Outdoor Air Sources and Conditions | D40: CxP Assessment Planning Notes Complete pre-assessment | E40: Assess or Defer | F40: CxP Assessment Reporting Notes Complete post-assessment | G40: Status?
B41: Outdoor Air Sources and Conditions | C41: AP8.1 Consider outdoor pollutant sources and conditions that impact the indoor environment | E41: [Select Dropdown] | G41: [Select Dropdown]
C42: AP8.2 Occupant complaints | E42: [Select Dropdown] | G42: [Select Dropdown]
B43: Priority Issue 9: Pests | D43: CxP Assessment Planning Notes Complete pre-assessment | E43: Assess or Defer | F43: CxP Assessment Reporting Notes Complete post-assessment | G43: Status?
B44: Pests | C44: AP9.1 Identify potential pests and integrated pest management (IPM) resources | E44: [Select Dropdown] | G44: [Select Dropdown]
C45: AP9.2 Identify evidence of pests | E45: [Select Dropdown] | G45: [Select Dropdown]
C46: AP9.3 Assess whether the building has an IPM Plan | E46: [Select Dropdown] | G46: [Select Dropdown]
B47: Priority Issue 10: Polychlorinated Biphenyls | D47: CxP Assessment Planning Notes Complete pre-assessment | E47: Assess or Defer | F47: CxP Assessment Reporting Notes Complete post-assessment | G47: Status?
B48: Polychlorinated Biphenyls | C48: AP10.1 Determine whether any light ballasts containing PCBs are present | E48: [Select Dropdown] | G48: [Select Dropdown]
C49: AP10.2 Assess whether caulk will be disturbed | E49: [Select Dropdown] | G49: [Select Dropdown]
B50: Priority Issue 11: Radon | D50: CxP Assessment Planning Notes Complete pre-assessment | E50: Assess or Defer | F50: CxP Assessment Reporting Notes Complete post-assessment | G50: Status?
B51: Radon | C51: AP11.1 Determine whether the building has an active Radon Mitigation System | E51: [Select Dropdown] | G51: [Select Dropdown]
C52: AP11.2 Select a radon-testing professions for building w/o an active radon system | E52: [Select Dropdown] | G52: [Select Dropdown]
C53: AP11.3 Determine whether radon testing will be completed either (1) pre- and post-upgrades or (2) post-upgrades only | E53: [Select Dropdown] | G53: [Select Dropdown]
B54: Priority Issue 12: Tracked-In Pollutants | D54: CxP Assessment Planning Notes Complete pre-assessment | E54: Assess or Defer | F54: CxP Assessment Reporting Notes Complete post-assessment | G54: Status?
B55: Tracked-In Pollutants | C55: AP12.1 Inspect floor surfaces at building common entrances | E55: [Select Dropdown] | G55: [Select Dropdown]
B56: Priority Issue 13: Unvented Combustion Appliances | D56: CxP Assessment Planning Notes Complete pre-assessment | E56: Assess or Defer | F56: CxP Assessment Reporting Notes Complete post-assessment | G56: Status?
B57: Unvented Combustion Appliances | C57: AP13.1 Identify unvented combustion appliances and applicable regulations | E57: [Select Dropdown] | G57: [Select Dropdown]
C58: AP13.2 Conduct a safety inspection | E58: [Select Dropdown] | G58: [Select Dropdown]
C59: AP13.3 Determine whether CO detection and warning equipment is installed | E59: [Select Dropdown] | G59: [Select Dropdown]
C60: AP13.4 Inquire about occupant complaints | E60: [Select Dropdown] | G60: [Select Dropdown]
B61: Priority Issue 14: Vented Combustion Appliances | D61: CxP Assessment Planning Notes Complete pre-assessment | E61: Assess or Defer | F61: CxP Assessment Reporting Notes Complete post-assessment | G61: Status?
B62: Vented Combustion Appliances | C62: AP14.1 Conduct a combustion safety inspection | E62: [Select Dropdown] | G62: [Select Dropdown]
C63: AP14.2 Determine whether CO detection and warning equipment is installed | E63: [Select Dropdown] | G63: [Select Dropdown]
C64: AP14.3 Inquire about occupant complaints | E64: [Select Dropdown] | G64: [Select Dropdown]
B65: Priority Issue 15: Wood Smoke and Other Solid Fuel Emissions | D65: CxP Assessment Planning Notes Complete pre-assessment | E65: Assess or Defer | F65: CxP Assessment Reporting Notes Complete post-assessment | G65: Status?
B66: Wood Smoke and Other Solid Fuel Emissions | C66: AP15.1 Determine whether wood- or coal-burning appliances are present | E66: [Select Dropdown] | G66: [Select Dropdown]
C67: AP15.2 Assess proper size and EPA Certification of wood- or coal-burning appliances | E67: [Select Dropdown] | G67: [Select Dropdown]
C68: AP15.3 Assess appliance safety | E68: [Select Dropdown] | G68: [Select Dropdown]
C69: AP15.4 Identify presence of indoor smoke | E69: [Select Dropdown] | G69: [Select Dropdown]
C70: AP15.5 Determine whether hydronic heating equipment is present | E70: [Select Dropdown] | G70: [Select Dropdown]
C71: AP15.6 Observe heating equipment in action | E71: [Select Dropdown] | G71: [Select Dropdown]
B72: Priority Issue 16: Compartmentalization to Prevent Odor or Unwanted Air Transfer | D72: CxP Assessment Planning Notes Complete pre-assessment | E72: Assess or Defer | F72: CxP Assessment Reporting Notes Complete post-assessment | G72: Status?
B73: Compartmentalization to Prevent Odor or Unwanted Air Transfer | C73: AP16.1 Determine locations in the building with strong pollutant sources | E73: [Select Dropdown] | G73: [Select Dropdown]
C74: AP16.2 Assess spaces for compartmentalization | E74: [Select Dropdown] | G74: [Select Dropdown]
B75: Priority Issue 17: HVAC Equipment | D75: CxP Assessment Planning Notes Complete pre-assessment | E75: Assess or Defer | F75: CxP Assessment Reporting Notes Complete post-assessment | G75: Status?
B76: HVAC Equipment | C76: AP17.1 Evaluate the condition of existing HVAC systems and components | E76: [Select Dropdown] | G76: [Select Dropdown]
C77: AP17.2 Determine appropriate HVAC system sizing | E77: [Select Dropdown] | G77: [Select Dropdown]
C78: AP17.3 Occupant complaints of temperature, humidity, or noise | E78: [Select Dropdown] | G78: [Select Dropdown]
B79: Priority Issue 18 & 19: Mechanical Ventilation for Individual Dwelling Units OR Multiple Dwelling Units using Central Exhaust | D79: CxP Assessment Planning Notes Complete pre-assessment | E79: Assess or Defer | F79: CxP Assessment Reporting Notes Complete post-assessment | G79: Status?
B80: Mechanical Ventilation | C80: AP18.1/19.1 Determine whether dwelling units are served by central OR individual mechanical exhaust ventilation systems | E80: [Select Dropdown] | G80: [Select Dropdown]
C81: AP18.2/19.2 Determine whether central/dwelling unit mechanical exhaust ventilation systems meet ASHRAE standard 62.2-2019 requirements | E81: [Select Dropdown] | G81: [Select Dropdown]
C82: AP18.3/19.3 Determine whether common corridors and nonresidential spaces meet ventilation requirements per ASHRAE 62.1-2019 | E82: [Select Dropdown] | G82: [Select Dropdown]
C83: AP18.4/19.4 Identify and assess outdoor air intakes | E83: [Select Dropdown] | G83: [Select Dropdown]
B84: Priority Issue 20: Natural (not fan-powered) Ventilation | D84: CxP Assessment Planning Notes Complete pre-assessment | E84: Assess or Defer | F84: CxP Assessment Reporting Notes Complete post-assessment | G84: Status?
B85: Natural (not fan-powered) Ventilation | C85: AP20.1 Determine whether dwelling units are served by natural ventilation (not fan-powered) systems | E85: [Select Dropdown] | G85: [Select Dropdown]
C86: AP20.2 Determine whether ASHRAE Standard 62.2-2019 Mechanical Ventilation Exceptions are met | E86: [Select Dropdown] | G86: [Select Dropdown]
C87: AP20.3 Determine whether common corridors and nonresidential spaces meet ventilation requirements | E87: [Select Dropdown] | G87: [Select Dropdown]
C88: AP20.4 Identify and assess opening for outdoor air ventilation | E88: [Select Dropdown] | G88: [Select Dropdown]
B89: Priority Issue 21: Source Ventilation/Local Exhaust Ventilation | D89: CxP Assessment Planning Notes Complete pre-assessment | E89: Assess or Defer | F89: CxP Assessment Reporting Notes Complete post-assessment | G89: Status?
B90: Source Ventilation/Local Exhaust Ventilation | C90: AP21.1 Identify contaminant sources that require exhaust ventilation | E90: [Select Dropdown] | G90: [Select Dropdown]
C91: AP21.2 Assess dwelling units for local exhaust and compliance with ASHRAE Standard 62.2-2019 | E91: [Select Dropdown] | G91: [Select Dropdown]
C92: AP21.3 Assess clothes dryer exhaust | E92: [Select Dropdown] | G92: [Select Dropdown]
C93: AP21.4 Determine whether spaces outside dwelling units comply with applicable local exhaust requirements | E93: [Select Dropdown] | G93: [Select Dropdown]
C94: AP21.5 Occupant complaints | E94: [Select Dropdown] | G94: [Select Dropdown]
B95: Priority Issue 22: Building Safety for Occupants | D95: CxP Assessment Planning Notes Complete pre-assessment | E95: Assess or Defer | F95: CxP Assessment Reporting Notes Complete post-assessment | G95: Status?
B96: Building Safety for Occupants | C96: AP22.1 Assess building safety | E96: [Select Dropdown] | G96: [Select Dropdown]
C97: AP22.2 Assess smoke and CO2 alarms | E97: [Select Dropdown] | G97: [Select Dropdown]
C98: AP22.3 Identify prevalence and storage of harmful chemicals | E98: [Select Dropdown] | G98: [Select Dropdown]
C99: AP22.4 Identify fire extinguisher locations | E99: [Select Dropdown] | G99: [Select Dropdown]
C100: AP22.5 Assess water heater temperature settings | E100: [Select Dropdown] | G100: [Select Dropdown]
...

Sheet Phase 2 IAQ Investigation
B1: v25.1.0 - 2025.02
B2: Phius REVIVE 2024 Pilot Workbook: Investigation
B3: Instructions | D3: Site Visit Log
B4: Phase 2 (part 2): Investigation 8.7.6.1 IAQ Investigation Site Visit Planning With respect to the EPA energy savings plus health documents, create a plan for investigation and testing for all remaining Assessment Protocol items that were not addressed during the Assessment Phase in columns 'E' and 'F'. Expand each section using the '+' to the left. Complete the investigation site visit once each remaining Assessment Protocol item is addressed. Then, complete columns 'G' and 'H' to indicate the final findings of the site visits. The EBCx team should use the site visit log to the right to record the overall status of the Investigation phase, the date of each visit, and any valuable site visit notes. By the end of the investigation phase, the Cx Team should hace all necessary existing building documentation needed to complete initial performance modeling and establish the baseline case. | D4: Team Members | E4: Investigation Complete? | F4: Date | G4: Notes
E5: [Select Dropdown]
E6: [Select Dropdown]
E7: [Select Dropdown]
E8: [Select Dropdown]
E9: [Select Dropdown]
E10: [Select Dropdown]
B11: Priority Issue 1: Asbestos | D11: CxP Investigation Planning Notes Complete pre-investigation | E11: Current status? | F11: CxP Investigation Reporting Notes Complete post-investigation | G11: Final status?
B12: Asbestos | C12: AP1.1 Determine Potential Asbestos Hazard | E12: =IF('Phase 2 IAQ Assessment'!G12="[Select Dropdown]","INCOMPLETE",'Phase 2 IAQ Assessment'!G12) -> INCOMPLETE | G12: [Select Dropdown]
B13: Priority Issue 2: Below Ground Contaminants (Except Radon) | D13: CxP Investigation Planning Notes Complete pre-investigation | E13: Assess or Defer | F13: CxP Investigation Reporting Notes Complete post-investigation | G13: Status?
B14: Below Ground Contaminants (except radon) | C14: AP2.1 Evaluate potential sources and odors | E14: =IF('Phase 2 IAQ Assessment'!G14="[Select Dropdown]","INCOMPLETE",'Phase 2 IAQ Assessment'!G14) -> INCOMPLETE | G14: [Select Dropdown]
C15: AP2.2 Evaluate Sewer Vent System | E15: =IF('Phase 2 IAQ Assessment'!G15="[Select Dropdown]","INCOMPLETE",'Phase 2 IAQ Assessment'!G15) -> INCOMPLETE | G15: [Select Dropdown]
C16: AP2.3 Take proper action if odor source cannot be identified | E16: =IF('Phase 2 IAQ Assessment'!G16="[Select Dropdown]","INCOMPLETE",'Phase 2 IAQ Assessment'!G16) -> INCOMPLETE | G16: [Select Dropdown]
C17: AP2.4 Conduct further assessment if contamination is suspected | E17: =IF('Phase 2 IAQ Assessment'!G17="[Select Dropdown]","INCOMPLETE",'Phase 2 IAQ Assessment'!G17) -> INCOMPLETE | G17: [Select Dropdown]
B18: Priority Issue 3: Building Products & Material Emissions | D18: CxP Investigation Planning Notes Complete pre-investigation | E18: Assess or Defer | F18: CxP Investigation Reporting Notes Complete post-investigation | G18: Status?
B19: Building Products / Material Emissions | C19: AP3.1 Review content & emissions documentation for new products | E19: =IF('Phase 2 IAQ Assessment'!G19="[Select Dropdown]","INCOMPLETE",'Phase 2 IAQ Assessment'!G19) -> INCOMPLETE | G19: [Select Dropdown]
C20: AP3.2 Carpet | E20: =IF('Phase 2 IAQ Assessment'!G20="[Select Dropdown]","INCOMPLETE",'Phase 2 IAQ Assessment'!G20) -> INCOMPLETE | G20: [Select Dropdown]
C21: AP3.3 Ventilation | E21: =IF('Phase 2 IAQ Assessment'!G21="[Select Dropdown]","INCOMPLETE",'Phase 2 IAQ Assessment'!G21) -> INCOMPLETE | G21: [Select Dropdown]
B22: Priority Issue 4: Environmental Tobacco Smoke | D22: CxP Investigation Planning Notes Complete pre-investigation | E22: Assess or Defer | F22: CxP Investigation Reporting Notes Complete post-investigation | G22: Status?
B23: Environmental Tobacco Smoke | C23: AP4.1 Determine whether there is a smoke-free policy | E23: =IF('Phase 2 IAQ Assessment'!G23="[Select Dropdown]","INCOMPLETE",'Phase 2 IAQ Assessment'!G23) -> INCOMPLETE | G23: [Select Dropdown]
C24: AP4.2 Identify occupants' smoking-related concerns | E24: =IF('Phase 2 IAQ Assessment'!G24="[Select Dropdown]","INCOMPLETE",'Phase 2 IAQ Assessment'!G24) -> INCOMPLETE | G24: [Select Dropdown]
C25: AP4.3 Asses whether compartmentalization is a possible ETS control strategy in building w/o a smoke-free policy | E25: =IF('Phase 2 IAQ Assessment'!G25="[Select Dropdown]","INCOMPLETE",'Phase 2 IAQ Assessment'!G25) -> INCOMPLETE | G25: [Select Dropdown]
B26: Priority Issue 5: Garage Air Pollutants (Carbon monoxide, benzene, and other VOCs) | D26: CxP Investigation Planning Notes Complete pre-investigation | E26: Assess or Defer | F26: CxP Investigation Reporting Notes Complete post-investigation | G26: Status?
B27: Garage Air Pollutants | C27: AP5.1 Identify Location & Configuration of Garages | E27: =IF('Phase 2 IAQ Assessment'!G27="[Select Dropdown]","INCOMPLETE",'Phase 2 IAQ Assessment'!G27) -> INCOMPLETE | G27: [Select Dropdown]
C28: AP5.2 Check for HVAC Systems Inside Garage | E28: =IF('Phase 2 IAQ Assessment'!G28="[Select Dropdown]","INCOMPLETE",'Phase 2 IAQ Assessment'!G28) -> INCOMPLETE | G28: [Select Dropdown]
C29: AP5.3 Locate Air Leaks | E29: =IF('Phase 2 IAQ Assessment'!G29="[Select Dropdown]","INCOMPLETE",'Phase 2 IAQ Assessment'!G29) -> INCOMPLETE | G29: [Select Dropdown]
C30: AP5.4 Determine presence of combustion applicances or engines | E30: =IF('Phase 2 IAQ Assessment'!G30="[Select Dropdown]","INCOMPLETE",'Phase 2 IAQ Assessment'!G30) -> INCOMPLETE | G30: [Select Dropdown]
C31: AP5.5 Occupant Complaints | E31: =IF('Phase 2 IAQ Assessment'!G31="[Select Dropdown]","INCOMPLETE",'Phase 2 IAQ Assessment'!G31) -> INCOMPLETE | G31: [Select Dropdown]
B32: Priority Issue 6: Lead | D32: CxP Investigation Planning Notes Complete pre-investigation | E32: Assess or Defer | F32: CxP Investigation Reporting Notes Complete post-investigation | G32: Status?
B33: Lead | C33: AP6.1 Assess Paint Conditions | E33: =IF('Phase 2 IAQ Assessment'!G33="[Select Dropdown]","INCOMPLETE",'Phase 2 IAQ Assessment'!G33) -> INCOMPLETE | G33: [Select Dropdown]
C34: AP6.2 Testing Method | E34: =IF('Phase 2 IAQ Assessment'!G34="[Select Dropdown]","INCOMPLETE",'Phase 2 IAQ Assessment'!G34) -> INCOMPLETE | G34: [Select Dropdown]
B35: Priority Issue 7: Moisture & Mold | D35: CxP Investigation Planning Notes Complete pre-investigation | E35: Assess or Defer | F35: CxP Investigation Reporting Notes Complete post-investigation | G35: Status?
B36: Moisture & Mold | C36: AP7.1 Inspect for Moisture Problems | E36: =IF('Phase 2 IAQ Assessment'!G36="[Select Dropdown]","INCOMPLETE",'Phase 2 IAQ Assessment'!G36) -> INCOMPLETE | G36: [Select Dropdown]
C37: AP7.2 Determine Whether Mold Remediation is Required | E37: =IF('Phase 2 IAQ Assessment'!G37="[Select Dropdown]","INCOMPLETE",'Phase 2 IAQ Assessment'!G37) -> INCOMPLETE | G37: [Select Dropdown]
C38: AP7.3 Identify Moisture or Mold Problems to Address before Upgrades | E38: =IF('Phase 2 IAQ Assessment'!G38="[Select Dropdown]","INCOMPLETE",'Phase 2 IAQ Assessment'!G38) -> INCOMPLETE | G38: [Select Dropdown]
C39: AP7.4 Identify Moisture Problems that may Limit Upgrades | E39: =IF('Phase 2 IAQ Assessment'!G39="[Select Dropdown]","INCOMPLETE",'Phase 2 IAQ Assessment'!G39) -> INCOMPLETE | G39: [Select Dropdown]
B40: Priority Issue 8: Outdoor Air Sources and Conditions | D40: CxP Investigation Planning Notes Complete pre-investigation | E40: Assess or Defer | F40: CxP Investigation Reporting Notes Complete post-investigation | G40: Status?
B41: Outdoor Air Sources and Conditions | C41: AP8.1 Consider outdoor pollutant sources and conditions that impact the indoor environment | E41: =IF('Phase 2 IAQ Assessment'!G41="[Select Dropdown]","INCOMPLETE",'Phase 2 IAQ Assessment'!G41) -> INCOMPLETE | G41: [Select Dropdown]
C42: AP8.2 Occupant complaints | E42: =IF('Phase 2 IAQ Assessment'!G42="[Select Dropdown]","INCOMPLETE",'Phase 2 IAQ Assessment'!G42) -> INCOMPLETE | G42: [Select Dropdown]
B43: Priority Issue 9: Pests | D43: CxP Investigation Planning Notes Complete pre-investigation | E43: Assess or Defer | F43: CxP Investigation Reporting Notes Complete post-investigation | G43: Status?
B44: Pests | C44: AP9.1 Identify potential pests and integrated pest management (IPM) resources | E44: =IF('Phase 2 IAQ Assessment'!G44="[Select Dropdown]","INCOMPLETE",'Phase 2 IAQ Assessment'!G44) -> INCOMPLETE | G44: [Select Dropdown]
C45: AP9.2 Identify evidence of pests | E45: =IF('Phase 2 IAQ Assessment'!G45="[Select Dropdown]","INCOMPLETE",'Phase 2 IAQ Assessment'!G45) -> INCOMPLETE | G45: [Select Dropdown]
C46: AP9.3 Assess whether the building has an IPM Plan | E46: =IF('Phase 2 IAQ Assessment'!G46="[Select Dropdown]","INCOMPLETE",'Phase 2 IAQ Assessment'!G46) -> INCOMPLETE | G46: [Select Dropdown]
B47: Priority Issue 10: Polychlorinated Biphenyls | D47: CxP Investigation Planning Notes Complete pre-investigation | E47: Assess or Defer | F47: CxP Investigation Reporting Notes Complete post-investigation | G47: Status?
B48: Polychlorinated Biphenyls | C48: AP10.1 Determine whether any light ballasts containing PCBs are present | E48: =IF('Phase 2 IAQ Assessment'!G48="[Select Dropdown]","INCOMPLETE",'Phase 2 IAQ Assessment'!G48) -> INCOMPLETE | G48: [Select Dropdown]
C49: AP10.2 Assess whether caulk will be disturbed | E49: =IF('Phase 2 IAQ Assessment'!G49="[Select Dropdown]","INCOMPLETE",'Phase 2 IAQ Assessment'!G49) -> INCOMPLETE | G49: [Select Dropdown]
B50: Priority Issue 11: Radon | D50: CxP Investigation Planning Notes Complete pre-investigation | E50: Assess or Defer | F50: CxP Investigation Reporting Notes Complete post-investigation | G50: Status?
B51: Radon | C51: AP11.1 Determine whether the building has an active Radon Mitigation System | E51: =IF('Phase 2 IAQ Assessment'!G51="[Select Dropdown]","INCOMPLETE",'Phase 2 IAQ Assessment'!G51) -> INCOMPLETE | G51: [Select Dropdown]
C52: AP11.2 Select a radon-testing professions for building w/o an active radon system | E52: =IF('Phase 2 IAQ Assessment'!G52="[Select Dropdown]","INCOMPLETE",'Phase 2 IAQ Assessment'!G52) -> INCOMPLETE | G52: [Select Dropdown]
C53: AP11.3 Determine whether radon testing will be completed either (1) pre- and post-upgrades or (2) post-upgrades only | E53: =IF('Phase 2 IAQ Assessment'!G53="[Select Dropdown]","INCOMPLETE",'Phase 2 IAQ Assessment'!G53) -> INCOMPLETE | G53: [Select Dropdown]
B54: Priority Issue 12: Tracked-In Pollutants | D54: CxP Investigation Planning Notes Complete pre-investigation | E54: Assess or Defer | F54: CxP Investigation Reporting Notes Complete post-investigation | G54: Status?
B55: Tracked-In Pollutants | C55: AP12.1 Inspect floor surfaces at building common entrances | E55: =IF('Phase 2 IAQ Assessment'!G55="[Select Dropdown]","INCOMPLETE",'Phase 2 IAQ Assessment'!G55) -> INCOMPLETE | G55: [Select Dropdown]
B56: Priority Issue 13: Unvented Combustion Appliances | D56: CxP Investigation Planning Notes Complete pre-investigation | E56: Assess or Defer | F56: CxP Investigation Reporting Notes Complete post-investigation | G56: Status?
B57: Unvented Combustion Appliances | C57: AP13.1 Identify unvented combustion appliances and applicable regulations | E57: =IF('Phase 2 IAQ Assessment'!G57="[Select Dropdown]","INCOMPLETE",'Phase 2 IAQ Assessment'!G57) -> INCOMPLETE | G57: [Select Dropdown]
C58: AP13.2 Conduct a safety inspection | E58: =IF('Phase 2 IAQ Assessment'!G58="[Select Dropdown]","INCOMPLETE",'Phase 2 IAQ Assessment'!G58) -> INCOMPLETE | G58: [Select Dropdown]
C59: AP13.3 Determine whether CO detection and warning equipment is installed | E59: =IF('Phase 2 IAQ Assessment'!G59="[Select Dropdown]","INCOMPLETE",'Phase 2 IAQ Assessment'!G59) -> INCOMPLETE | G59: [Select Dropdown]
C60: AP13.4 Inquire about occupant complaints | E60: =IF('Phase 2 IAQ Assessment'!G60="[Select Dropdown]","INCOMPLETE",'Phase 2 IAQ Assessment'!G60) -> INCOMPLETE | G60: [Select Dropdown]
B61: Priority Issue 14: Vented Combustion Appliances | D61: CxP Investigation Planning Notes Complete pre-investigation | E61: Assess or Defer | F61: CxP Investigation Reporting Notes Complete post-investigation | G61: Status?
B62: Vented Combustion Appliances | C62: AP14.1 Conduct a combustion safety inspection | E62: =IF('Phase 2 IAQ Assessment'!G62="[Select Dropdown]","INCOMPLETE",'Phase 2 IAQ Assessment'!G62) -> INCOMPLETE | G62: [Select Dropdown]
C63: AP14.2 Determine whether CO detection and warning equipment is installed | E63: =IF('Phase 2 IAQ Assessment'!G63="[Select Dropdown]","INCOMPLETE",'Phase 2 IAQ Assessment'!G63) -> INCOMPLETE | G63: [Select Dropdown]
C64: AP14.3 Inquire about occupant complaints | E64: =IF('Phase 2 IAQ Assessment'!G64="[Select Dropdown]","INCOMPLETE",'Phase 2 IAQ Assessment'!G64) -> INCOMPLETE | G64: [Select Dropdown]
B65: Priority Issue 15: Wood Smoke and Other Solid Fuel Emissions | D65: CxP Investigation Planning Notes Complete pre-investigation | E65: Assess or Defer | F65: CxP Investigation Reporting Notes Complete post-investigation | G65: Status?
B66: Wood Smoke and Other Solid Fuel Emissions | C66: AP15.1 Determine whether wood- or coal-burning appliances are present | E66: =IF('Phase 2 IAQ Assessment'!G66="[Select Dropdown]","INCOMPLETE",'Phase 2 IAQ Assessment'!G66) -> INCOMPLETE | G66: [Select Dropdown]
C67: AP15.2 Assess proper size and EPA Certification of wood- or coal-burning appliances | E67: =IF('Phase 2 IAQ Assessment'!G67="[Select Dropdown]","INCOMPLETE",'Phase 2 IAQ Assessment'!G67) -> INCOMPLETE | G67: [Select Dropdown]
C68: AP15.3 Assess appliance safety | E68: =IF('Phase 2 IAQ Assessment'!G68="[Select Dropdown]","INCOMPLETE",'Phase 2 IAQ Assessment'!G68) -> INCOMPLETE | G68: [Select Dropdown]
C69: AP15.4 Identify presence of indoor smoke | E69: =IF('Phase 2 IAQ Assessment'!G69="[Select Dropdown]","INCOMPLETE",'Phase 2 IAQ Assessment'!G69) -> INCOMPLETE | G69: [Select Dropdown]
C70: AP15.5 Determine whether hydronic heating equipment is present | E70: =IF('Phase 2 IAQ Assessment'!G70="[Select Dropdown]","INCOMPLETE",'Phase 2 IAQ Assessment'!G70) -> INCOMPLETE | G70: [Select Dropdown]
C71: AP15.6 Observe heating equipment in action | E71: =IF('Phase 2 IAQ Assessment'!G71="[Select Dropdown]","INCOMPLETE",'Phase 2 IAQ Assessment'!G71) -> INCOMPLETE | G71: [Select Dropdown]
B72: Priority Issue 16: Compartmentalization to Prevent Odor or Unwanted Air Transfer | D72: CxP Investigation Planning Notes Complete pre-investigation | E72: Assess or Defer | F72: CxP Investigation Reporting Notes Complete post-investigation | G72: Status?
B73: Compartmentalization to Prevent Odor or Unwanted Air Transfer | C73: AP16.1 Determine locations in the building with strong pollutant sources | E73: =IF('Phase 2 IAQ Assessment'!G73="[Select Dropdown]","INCOMPLETE",'Phase 2 IAQ Assessment'!G73) -> INCOMPLETE | G73: [Select Dropdown]
C74: AP16.2 Assess spaces for compartmentalization | E74: =IF('Phase 2 IAQ Assessment'!G74="[Select Dropdown]","INCOMPLETE",'Phase 2 IAQ Assessment'!G74) -> INCOMPLETE | G74: [Select Dropdown]
B75: Priority Issue 17: HVAC Equipment | D75: CxP Investigation Planning Notes Complete pre-investigation | E75: Assess or Defer | F75: CxP Investigation Reporting Notes Complete post-investigation | G75: Status?
B76: HVAC Equipment | C76: AP17.1 Evaluate the condition of existing HVAC systems and components | E76: =IF('Phase 2 IAQ Assessment'!G76="[Select Dropdown]","INCOMPLETE",'Phase 2 IAQ Assessment'!G76) -> INCOMPLETE | G76: [Select Dropdown]
C77: AP17.2 Determine appropriate HVAC system sizing | E77: =IF('Phase 2 IAQ Assessment'!G77="[Select Dropdown]","INCOMPLETE",'Phase 2 IAQ Assessment'!G77) -> INCOMPLETE | G77: [Select Dropdown]
C78: AP17.3 Occupant complaints of temperature, humidity, or noise | E78: =IF('Phase 2 IAQ Assessment'!G78="[Select Dropdown]","INCOMPLETE",'Phase 2 IAQ Assessment'!G78) -> INCOMPLETE | G78: [Select Dropdown]
B79: Priority Issue 18 & 19: Mechanical Ventilation for Individual Dwelling Units OR Multiple Dwelling Units using Central Exhaust | D79: CxP Investigation Planning Notes Complete pre-investigation | E79: Assess or Defer | F79: CxP Investigation Reporting Notes Complete post-investigation | G79: Status?
B80: Mechanical Ventilation | C80: AP18.1/19.1 Determine whether dwelling units are served by central OR individual mechanical exhaust ventilation systems | E80: =IF('Phase 2 IAQ Assessment'!G80="[Select Dropdown]","INCOMPLETE",'Phase 2 IAQ Assessment'!G80) -> INCOMPLETE | G80: [Select Dropdown]
C81: AP18.2/19.2 Determine whether central mechanical exhaust ventilation systems meet ASHRAE standard 62.2-2019 requirements | E81: =IF('Phase 2 IAQ Assessment'!G81="[Select Dropdown]","INCOMPLETE",'Phase 2 IAQ Assessment'!G81) -> INCOMPLETE | G81: [Select Dropdown]
C82: AP18.3/19.3 Determine whether common corridors and nonresidential spaces meet ventilation requirements per ASHRAE 62.1-2019 | E82: =IF('Phase 2 IAQ Assessment'!G82="[Select Dropdown]","INCOMPLETE",'Phase 2 IAQ Assessment'!G82) -> INCOMPLETE | G82: [Select Dropdown]
C83: AP18.4/19.4 Identify and assess outdoor air intakes | E83: =IF('Phase 2 IAQ Assessment'!G83="[Select Dropdown]","INCOMPLETE",'Phase 2 IAQ Assessment'!G83) -> INCOMPLETE | G83: [Select Dropdown]
B84: Priority Issue 20: Natural (not fan-powered) Ventilation | D84: CxP Investigation Planning Notes Complete pre-investigation | E84: Assess or Defer | F84: CxP Investigation Reporting Notes Complete post-investigation | G84: Status?
B85: Natural (not fan-powered) Ventilation | C85: AP20.1 Determine whether dwelling units are served by natural ventilation (not fan-powered) systems | E85: =IF('Phase 2 IAQ Assessment'!G85="[Select Dropdown]","INCOMPLETE",'Phase 2 IAQ Assessment'!G85) -> INCOMPLETE | G85: [Select Dropdown]
C86: AP20.2 Determine whether ASHRAE Standard 62.2-2019 Mechanical Ventilation Exceptions are met | E86: =IF('Phase 2 IAQ Assessment'!G86="[Select Dropdown]","INCOMPLETE",'Phase 2 IAQ Assessment'!G86) -> INCOMPLETE | G86: [Select Dropdown]
C87: AP20.3 Determine whether common corridors and nonresidential spaces meet ventilation requirements | E87: =IF('Phase 2 IAQ Assessment'!G87="[Select Dropdown]","INCOMPLETE",'Phase 2 IAQ Assessment'!G87) -> INCOMPLETE | G87: [Select Dropdown]
C88: AP20.4 Identify and assess opening for outdoor air ventilation | E88: =IF('Phase 2 IAQ Assessment'!G88="[Select Dropdown]","INCOMPLETE",'Phase 2 IAQ Assessment'!G88) -> INCOMPLETE | G88: [Select Dropdown]
B89: Priority Issue 21: Source Ventilation/Local Exhaust Ventilation | D89: CxP Investigation Planning Notes Complete pre-investigation | E89: Assess or Defer | F89: CxP Investigation Reporting Notes Complete post-investigation | G89: Status?
B90: Source Ventilation/Local Exhaust Ventilation | C90: AP21.1 Identify contaminant sources that require exhaust ventilation | E90: =IF('Phase 2 IAQ Assessment'!G90="[Select Dropdown]","INCOMPLETE",'Phase 2 IAQ Assessment'!G90) -> INCOMPLETE | G90: [Select Dropdown]
C91: AP21.2 Assess dwelling units for local exhaust and compliance with ASHRAE Standard 62.2-2019 | E91: =IF('Phase 2 IAQ Assessment'!G91="[Select Dropdown]","INCOMPLETE",'Phase 2 IAQ Assessment'!G91) -> INCOMPLETE | G91: [Select Dropdown]
C92: AP21.3 Assess clothes dryer exhaust | E92: =IF('Phase 2 IAQ Assessment'!G92="[Select Dropdown]","INCOMPLETE",'Phase 2 IAQ Assessment'!G92) -> INCOMPLETE | G92: [Select Dropdown]
C93: AP21.4 Determine whether spaces outside dwelling units comply with applicable local exhaust requirements | E93: =IF('Phase 2 IAQ Assessment'!G93="[Select Dropdown]","INCOMPLETE",'Phase 2 IAQ Assessment'!G93) -> INCOMPLETE | G93: [Select Dropdown]
C94: AP21.5 Occupant complaints | E94: =IF('Phase 2 IAQ Assessment'!G94="[Select Dropdown]","INCOMPLETE",'Phase 2 IAQ Assessment'!G94) -> INCOMPLETE | G94: [Select Dropdown]
B95: Priority Issue 22: Building Safety for Occupants | D95: CxP Investigation Planning Notes Complete pre-investigation | E95: Assess or Defer | F95: CxP Investigation Reporting Notes Complete post-investigation | G95: Status?
B96: Building Safety for Occupants | C96: AP22.1 Assess building safety | E96: =IF('Phase 2 IAQ Assessment'!G96="[Select Dropdown]","INCOMPLETE",'Phase 2 IAQ Assessment'!G96) -> INCOMPLETE | G96: [Select Dropdown]
C97: AP22.2 Assess smoke and CO2 alarms | E97: =IF('Phase 2 IAQ Assessment'!G97="[Select Dropdown]","INCOMPLETE",'Phase 2 IAQ Assessment'!G97) -> INCOMPLETE | G97: [Select Dropdown]
C98: AP22.3 Identify prevalence and storage of harmful chemicals | E98: =IF('Phase 2 IAQ Assessment'!G98="[Select Dropdown]","INCOMPLETE",'Phase 2 IAQ Assessment'!G98) -> INCOMPLETE | G98: [Select Dropdown]
C99: AP22.4 Identify fire extinguisher locations | E99: =IF('Phase 2 IAQ Assessment'!G99="[Select Dropdown]","INCOMPLETE",'Phase 2 IAQ Assessment'!G99) -> INCOMPLETE | G99: [Select Dropdown]
C100: AP22.5 Assess water heater temperature settings | E100: =IF('Phase 2 IAQ Assessment'!G100="[Select Dropdown]","INCOMPLETE",'Phase 2 IAQ Assessment'!G100) -> INCOMPLETE | G100: [Select Dropdown]
...

Sheet Phase 2 Performance Modeling
B1: v25.1.0 - 2025.02
B2: Phius REVIVE 2024 Pilot Workbook: Performance Modeling | C2: 8.6.5.2 Initial Performance Modeling Documentation Checklist
B3: 8.6.5.2 Initial Performance Modeling Refer to section 3.4.2 of the Phius 2024 Certification Guidebook for certification modeling protocol and REVIVEcalc instructions. Use the following checklist to confirm that all modeling documentation has been collected and uploaded to the project Dropbox.
B4: Runlist | C4: Uploaded to Dropbox? ("X" = Yes) | D4: Phius Feedback
B5: '.csv' File | D5: [Select Dropdown]
B6: Geometry | C6: Uploaded to Dropbox? ("X" = Yes) | D6: Phius Feedback
B7: '.idf' File | D7: [Select Dropdown]
B8: Existing Building Drawings | C8: Uploaded to Dropbox? ("X" = Yes) | D8: Phius Feedback
B9: Schematic Plans | D9: [Select Dropdown]
A10: iCFA takeoffs | B10: iCFA Takeoff (est.) | D10: [Select Dropdown]
B11: Schematic Elevations | D11: [Select Dropdown]
B12: Assembly Assumptions | D12: [Select Dropdown]
B13: Equipment Assumptions / Specs | D13: [Select Dropdown]
B14: Databases | C14: Uploaded to Dropbox? ("X" = Yes) | D14: Phius Feedback
B15: Carbon Correction | D15: [Select Dropdown]
B16: Construction (Assemblies) | D16: [Select Dropdown]
B17: Materials | D17: [Select Dropdown]
B18: Windows | D18: [Select Dropdown]
B19: Weather Files | C19: Uploaded to Dropbox? ("X" = Yes) | D19: Phius Feedback
B20: '.ddy' File | D20: [Select Dropdown]
B21: '.epw' File | D21: [Select Dropdown]
B22: Results Table | C22: Uploaded to Dropbox? ("X" = Yes) | D22: Phius Feedback
B23: '.csv' File | D23: [Select Dropdown]
B27: 8.6.5.3 Phase Plan Review and make an initial selection of which approach to pursue. | D27: Owner Initials
B28: format
B35: 8.6.5.4 M&V Plan Review and make an initial plan for fulfilling the elected M&V requirements as defined in the CFR. | C35: Reserved for when we have the capacity to collect and use M&V data from projects | D35: Owner Initials
B36: format

Sheet Issues & Resolutions Log
B1: v25.1.0 - 2025.02
B2: Phius REVIVE 2024 Pilot Workbook | F2: Issues & Resolutions Log
B3: Issue No. | C3: Description/Photo | D3: Date found | E3: Found By | F3: Cause & Effects | G3: Recommendation | H3: Assigned to | I3: Status? | J3: Solution | K3: Date Resolved | L3: Phius Comments
B4: 1 | I4: [Select Dropdown]
B5: 2 | I5: [Select Dropdown]
B6: 3 | I6: [Select Dropdown]
B7: 4 | I7: [Select Dropdown]
B8: 5 | I8: [Select Dropdown]
B9: 6 | I9: [Select Dropdown]
B10: 7 | I10: [Select Dropdown]
B11: 8 | I11: [Select Dropdown]
B12: 9 | I12: [Select Dropdown]
B13: 10 | I13: [Select Dropdown]
B14: 11 | I14: [Select Dropdown]
B15: 12 | I15: [Select Dropdown]
... B23: 20 | I23: [Select Dropdown]

Sheet (NR) Crit Loads & Occ.
B2: Critical Electrical & Process Loads
C3: Equipment Name | D3: Function | E3: Peak Power | F3: Diversity Factor | H3: *Ask Al and/or GW what would be most helpful here?
B4: 1 | C4: Mom's House | D4: Residential | E4: [Enter value] | F4: Residential
B5: 2 | D5: [Select Dropdown] | E5: [Enter value] | F5: [Select Dropdown]
B6: 3 | D6: [Select Dropdown] | E6: [Enter value] | F6: [Select Dropdown]
B7: 4 | D7: [Select Dropdown] | E7: [Enter value] | F7: [Select Dropdown]
B8: 5 | D8: [Select Dropdown] | E8: [Enter value] | F8: [Select Dropdown]
B9: 6 | D9: [Select Dropdown] | E9: [Enter value] | F9: [Select Dropdown]
B10: 7 | D10: [Select Dropdown] | E10: [Enter value] | F10: [Select Dropdown]
B11: 8 | D11: [Select Dropdown] | E11: [Enter value] | F11: [Select Dropdown]
B12: 9 | D12: [Select Dropdown] | E12: [Enter value] | F12: [Select Dropdown]
B13: 10 | D13: [Select Dropdown] | E13: [Enter value] | F13: [Select Dropdown]
B15: Occupancy Schedule (if different from norm)
C16: Equipment Name | D16: Function | E16: Peak Power | F16: Diversity Factor
B17: 1 | C17: Mom's House | D17: Residential | E17: [Enter value] | F17: Residential
B18: 2 | D18: [Select Dropdown] | E18: [Enter value] | F18: [Select Dropdown]
B19: 3 | D19: [Select Dropdown] | E19: [Enter value] | F19: [Select Dropdown]
B20: 4 | D20: [Select Dropdown] | E20: [Enter value] | F20: [Select Dropdown]
B21: 5 | D21: [Select Dropdown] | E21: [Enter value] | F21: [Select Dropdown]
B22: 6 | D22: [Select Dropdown] | E22: [Enter value] | F22: [Select Dropdown]
B23: 7 | D23: [Select Dropdown] | E23: [Enter value] | F23: [Select Dropdown]
B24: 8 | D24: [Select Dropdown] | E24: [Enter value] | F24: [Select Dropdown]
B25: 9 | D25: [Select Dropdown] | E25: [Enter value] | F25: [Select Dropdown]
B26: 10 | D26: [Select Dropdown] | E26: [Enter value] | F26: [Select Dropdown]
H28: For thermal blocks that are intended to be unoccupied during a summer outage, define the heat exposure criteria to be met. | I28: ???

Sheet Update Tracker
B2: WORKBOOK PASSWORD: | E2: REVIVEv25
A3: Version No | B3: Date | C3: Description
A4: 25.1 | B4: 45719 | C4: Added Washington DC to dropdown options. Corrected 'Rationale for retrofit' calculations. Corrected conditional formatting for 'Climate migration score' on 'Program plan' tab.
A5: 25.1 | B5: 45719 | C5: County lookup modified to filter counties by state to avoid repeat counties in climate migration risk calculation

Sheet CFR Options
B2: [Select Dropdown]
B3: CO Monitoring
B4: Radon Monitoring
B5: CO + Radon Monitoring
B6: None
B8: [Select Dropdown]
B9: RESET Air Standard
B10: Building 4 Health
B11: RESET + Building 4 Health
B12: None

Sheet Options 2024 
B2: [Select Dropdown] | D2: [Select Dropdown]
B3: Indefinite / Permanent | D3: <30 yrs
B4: 5-10 years | D4: >30 yrs
B5: 10-20 years
B6: 20-30 years
B7: 30-50 years
B8: 50-70 years
B9: 70-100 years
B11: [Select Dropdown] | D11: [Select Dropdown] | G11: [Select Dropdown]
B12: Existing function will be maintained | D12: No change | G12: Minimal
B13: Existing function will be adjusted | D13: Slight change | G13: Moderate
B14: Building function will partially change | D14: Moderate change | G14: Considerable
B15: Building function will completely change | D15: Complete change | G15: Extreme
G16: Unsure
B17: [Select Dropdown]
B18: Multifamily
B19: Dormitory
B20: N/A
B22: [Select Dropdown]
B23: Mixed-Use
B24: School / Education
B25: Office
B26: Government / Public
B27: Hotel
B28: Other Non-Res
B29: N/A
... B57: [Select Dropdown]
B58: 0
B59: 1
B60: 2
B61: 3
B62: 4
B63: 5
B64: 6
B65: 7
B66: 8
B67: 9
B68: 10
B70: [Select Dropdown]
B71: Compact roof / Flat roof
B72: Conditioned attic
B73: Unconditioned attic
B74: Other / Multiple
B75: Not sure
B77: [Select Dropdown]
B78: Wood Stud
B79: Steel Stud
B80: Masonry
B81: Other / Multiple
B82: Not sure
... B196: This building may not be an ideal candidate for retrofit. Proceed with caution. Consider either replacing/redeveloping the site or raze the building and rewild the site. Please confirm acceptance of this determination by typing "X" in the box to the right.

Sheet Occupant Survey Options
B2: [Select Dropdown]
B3: Children / Adolescents
B4: Adults
B5: Seniors
B6: All ages
B8: [Select Dropdown]
B9: No privacy
B10: Semi-private
B11: Very private
B13: [Select Dropdown]
B14: Very distracting
B15: Distracting
... B48: None, n/a

Sheet Climate Risk
B1: ='Program Plan'!I9&","&'Program Plan'!I11 -> [Select Dropdown], | C1: State | D1: Simplified County | E1: [Select County] | F1: Heat | G1: Wet Bulb | H1: Farm Crop Yields | I1: Sea Level Rise | J1: Very Large Fires | K1: Economic Damages | L1: Combined Risk | M1: [Select Dropdown] | N1: [Select Dropdown] | Q1: Alabama | R1: Alaska | S1: Arizona | T1: Arkansas | U1: California | V1: Colorado | W1: Connecticut | X1: Delaware | Y1: Florida | Z1: Georgia | AA1: Hawaii | AB1: Idaho | AC1: Illinois | AD1: Indiana | AE1: Iowa | AF1: Kansas | AG1: Kentucky | AH1: Louisiana | AI1: Maine | AJ1: Maryland | AK1: Massachusetts | AL1: Michigan | AM1: Minnesota | AN1: Mississippi | AO1: Missouri | AP1: Montana | AQ1: Nebraska | AR1: Nevada | AS1: New Hampshire | AT1: New Jersey | AU1: New Mexico | AV1: New York | AW1: North Carolina | AX1: North Dakota | AY1: Ohio | AZ1: Oklahoma | BA1: Oregon | BB1: Pennsylvania | BC1: Rhode Island | BD1: South Carolina | BE1: South Dakota | BF1: Tennessee | BG1: Texas | BH1: Utah | BI1: Vermont | BJ1: Virginia | BK1: Washington | BL1: Washington DC | BM1: West Virginia | BN1: Wisconsin | BO1: Wyoming | BP1: 1
A2: 305 | B2: =C2&","&D2 -> Florida,Dixie County | C2: Florida | D2: Dixie County | E2: Dixie County, FL | F2: 7 | G2: 6 | H2: 7 | I2: 4 | J2: 1 | K2: 10 | L2: =SUM(F2:K2) -> 35 | M2: Alabama | N2: ='Rationale for Retrofit'!G10 -> Please complete 'Program Plan' tab below | O2: 1 | Q2: Autauga County | R2: Aleutians East Borough | S2: Apache County | T2: Arkansas County | U2: Alameda County | V2: Adams County | W2: Fairfield County | X2: Kent County | Y2: Alachua County | Z2: Appling County | AA2: Hawaii County | AB2: Ada County | AC2: Adams County | AD2: Adams County | AE2: Adair County | AF2: Allen County | AG2: Adair County | AH2: Acadia Parish | AI2: Androscoggin County | AJ2: Allegany County | AK2: Barnstable County | AL2: Alcona County | AM2: Aitkin County | AN2: Adams County | AO2: Adair County | AP2: Beaverhead County | AQ2: Adams County | AR2: Churchill County | AS2: Belknap County | AT2: Atlantic County | AU2: Bernalillo County | AV2: Albany County | AW2: Alamance County | AX2: Adams County | AY2: Adams County | AZ2: Adair County | BA2: Baker County | BB2: Adams County | BC2: Bristol County | BD2: Abbeville County | BE2: Aurora County | BF2: Anderson County | BG2: Anderson County | BH2: Beaver County | BI2: Addison County | BJ2: Accomack County | BK2: Adams County | BL2: District of Columbia | BM2: Barbour County | BN2: Adams County | BO2: Albany County | BP2: 2
A3: 309 | B3: =C3&","&D3 -> Florida,Franklin County | C3: Florida | D3: Franklin County | E3: Franklin County, FL | F3: 4 | G3: 6 | H3: 1 | I3: 4 | J3: 2 | K3: 10 | L3: =SUM(F3:K3) -> 27 | M3: Alaska | N3: =IFERROR(HLOOKUP($N$2,$Q:$BO,$BP2,FALSE),"") | O3: 2 | Q3: Baldwin County | R3: Aleutians West Census Area | S3: Cochise County | T3: Ashley County | U3: Alpine County | V3: Alamosa County | W3: Hartford County | X3: New Castle County | Y3: Baker County | Z3: Atkinson County | AA3: Honolulu County | AB3: Adams County | AC3: Alexander County | AD3: Allen County | AE3: Adams County | AF3: Anderson County | AG3: Allen County | AH3: Allen Parish | AI3: Aroostook County | AJ3: Anne Arundel County | AK3: Berkshire County | AL3: Alger County | AM3: Anoka County | AN3: Alcorn County | AO3: Andrew County | AP3: Big Horn County | AQ3: Antelope County | AR3: Clark County | AS3: Carroll County | AT3: Bergen County | AU3: Catron County | AV3: Allegany County | AW3: Alexander County | AX3: Barnes County | AY3: Allen County | AZ3: Alfalfa County | BA3: Benton County | BB3: Allegheny County | BC3: Kent County | BD3: Aiken County | BE3: Beadle County | BF3: Bedford County | BG3: Andrews County | BH3: Box Elder County | BI3: Bennington County | BJ3: Albemarle County | BK3: Asotin County | BM3: Berkeley County | BN3: Ashland County | BO3: Big Horn County | BP3: 3
A4: 313 | B4: =C4&","&D4 -> Florida,Gulf County | C4: Florida | D4: Gulf County | E4: Gulf County, FL | F4: 4 | G4: 4 | H4: 1 | I4: 3 | J4: 1 | K4: 10 | L4: =SUM(F4:K4) -> 23 | M4: Arizona | N4: =IFERROR(HLOOKUP($N$2,$Q:$BO,$BP3,FALSE),"") | O4: 3 | Q4: Barbour County | R4: Anchorage Municipality | S4: Coconino County | T4: Baxter County | U4: Amador County | V4: Arapahoe County | W4: Litchfield County | X4: Sussex County | Y4: Bay County | Z4: Bacon County | AA4: Kalawao County | AB4: Bannock County | AC4: Bond County | AD4: Bartholomew County | AE4: Allamakee County | AF4: Atchison County | AG4: Anderson County | AH4: Ascension Parish | AI4: Cumberland County | AJ4: Baltimore County | AK4: Bristol County | AL4: Allegan County | AM4: Becker County | AN4: Amite County | AO4: Atchison County | AP4: Blaine County | AQ4: Arthur County | AR4: Douglas County | AS4: Cheshire County | AT4: Burlington County | AU4: Chaves County | AV4: Bronx County | AW4: Alleghany County | AX4: Benson County | AY4: Ashland County | AZ4: Atoka County | BA4: Clackamas County | BB4: Armstrong County | BC4: Newport County | BD4: Allendale County | BE4: Bennett County | BF4: Benton County | BG4: Angelina County | BH4: Cache County | BI4: Caledonia County | BJ4: Alleghany County | BK4: Benton County | BM4: Boone County | BN4: Barron County | BO4: Campbell County | BP4: 4
A5: 328 | B5: =C5&","&D5 -> Florida,Levy County | C5: Florida | D5: Levy County | E5: Levy County, FL | F5: 6 | G5: 4 | H5: 8 | I5: 4 | J5: 1 | K5: 10 | L5: =SUM(F5:K5) -> 33 | M5: Arkansas | N5: =IFERROR(HLOOKUP($N$2,$Q:$BO,$BP4,FALSE),"") | O5: 4 | Q5: Bibb County | R5: Bethel Census Area | S5: Gila County | T5: Benton County | U5: Butte County | V5: Archuleta County | W5: Middlesex County | Y5: Bradford County | Z5: Baker County | AA5: Kauai County | AB5: Bear Lake County | AC5: Boone County | AD5: Benton County | AE5: Appanoose County | AF5: Barber County | AG5: Ballard County | AH5: Assumption Parish | AI5: Franklin County | AJ5: Calvert County | AK5: Dukes County | AL5: Alpena County | AM5: Beltrami County | AN5: Attala County | AO5: Audrain County | AP5: Broadwater County | AQ5: Banner County | AR5: Elko County | AS5: Coos County | AT5: Camden County | AU5: Cibola County | AV5: Broome County | AW5: Anson County | AX5: Billings County | AY5: Ashtabula County | AZ5: Beaver County | BA5: Clatsop County | BB5: Beaver County | BC5: Providence County | BD5: Anderson County | BE5: Bon Homme County | BF5: Bledsoe County | BG5: Aransas County | BH5: Carbon County | BI5: Chittenden County | BJ5: Amelia County | BK5: Chelan County | BM5: Braxton County | BN5: Bayfield County | BO5: Carbon County | BP5: 5
A6: 1925 | B6: =C6&","&D6 -> North Carolina,Pamlico County | C6: North Carolina | D6: Pamlico County | E6: Pamlico County, NC | F6: 4 | G6: 7 | H6: 8 | I6: 6 | J6: 2 | K6: 10 | L6: =SUM(F6:K6) -> 37 | M6: California | N6: =IFERROR(HLOOKUP($N$2,$Q:$BO,$BP5,FALSE),"") | O6: 5 | Q6: Blount County | R6: Bristol Bay Borough | S6: Graham County | T6: Boone County | U6: Calaveras County | V6: Baca County | W6: New Haven County | Y6: Brevard County | Z6: Baldwin County | AA6: Maui County | AB6: Benewah County | AC6: Brown County | AD6: Blackford County | AE6: Audubon County | AF6: Barton County | AG6: Barren County | AH6: Avoyelles Parish | AI6: Hancock County | AJ6: Caroline County | AK6: Essex County | AL6: Antrim County | AM6: Benton County | AN6: Benton County | AO6: Barry County | AP6: Carbon County | AQ6: Blaine County | AR6: Esmeralda County | AS6: Grafton County | AT6: Cape May County | AU6: Colfax County | AV6: Cattaraugus County | AW6: Ashe County | AX6: Bottineau County | AY6: Athens County | AZ6: Beckham County | BA6: Columbia County | BB6: Bedford County | BC6: Washington County | BD6: Bamberg County | BE6: Brookings County | BF6: Blount County | BG6: Archer County | BH6: Daggett County | BI6: Essex County | BJ6: Amherst County | BK6: Clallam County | BM6: Brooke County | BN6: Brown County | BO6: Converse County | BP6: 6
A7: 298 | B7: =C7&","&D7 -> Florida,Calhoun County | C7: Florida | D7: Calhoun County | E7: Calhoun County, FL | F7: 4 | G7: 2 | H7: 5 | I7: 1 | J7: 1 | K7: 9 | L7: =SUM(F7:K7) -> 22 | M7: Colorado | N7: =IFERROR(HLOOKUP($N$2,$Q:$BO,$BP6,FALSE),"") | O7: 6 | Q7: Bullock County | R7: Denali Borough | S7: Greenlee County | T7: Bradley County | U7: Colusa County | V7: Bent County | W7: New London County | Y7: Broward County | Z7: Banks County | AB7: Bingham County | AC7: Bureau County | AD7: Boone County | AE7: Benton County | AF7: Bourbon County | AG7: Bath County | AH7: Beauregard Parish | AI7: Kennebec County | AJ7: Carroll County | AK7: Franklin County | AL7: Arenac County | AM7: Big Stone County | AN7: Bolivar County | AO7: Barton County | AP7: Carter County | AQ7: Boone County | AR7: Eureka County | AS7: Hillsborough County | AT7: Cumberland County | AU7: Curry County | AV7: Cayuga County | AW7: Avery County | AX7: Bowman County | AY7: Auglaize County | AZ7: Blaine County | BA7: Coos County | BB7: Berks County | BD7: Barnwell County | BE7: Brown County | BF7: Bradley County | BG7: Armstrong County | BH7: Davis County | BI7: Franklin County | BJ7: Appomattox County | BK7: Clark County | BM7: Cabell County | BN7: Buffalo County | BO7: Crook County | BP7: 7
A8: 300 | B8: =C8&","&D8 -> Florida,Citrus County | C8: Florida | D8: Citrus County | E8: Citrus County, FL | F8: 9 | G8: 4 | H8: 1 | I8: 4 | J8: 1 | K8: 9 | L8: =SUM(F8:K8) -> 28 | M8: Connecticut | N8: =IFERROR(HLOOKUP($N$2,$Q:$BO,$BP7,FALSE),"") | O8: 7 | Q8: Butler County | R8: Dillingham Census Area | S8: La Paz County | T8: Calhoun County | U8: Contra Costa County | V8: Boulder County | W8: Tolland County | Y8: Calhoun County | Z8: Barrow County | AB8: Blaine County | AC8: Calhoun County | AD8: Brown County | AE8: Black Hawk County | AF8: Brown County | AG8: Bell County | AH8: Bienville Parish | AI8: Knox County | AJ8: Cecil County | AK8: Hampden County | AL8: Baraga County | AM8: Blue Earth County | AN8: Calhoun County | AO8: Bates County | AP8: Cascade County | AQ8: Box Butte County | AR8: Humboldt County | AS8: Merrimack County | AT8: Essex County | AU8: De Baca County | AV8: Chautauqua County | AW8: Beaufort County | AX8: Burke County | AY8: Belmont County | AZ8: Bryan County | BA8: Crook County | BB8: Blair County | BD8: Beaufort County | BE8: Brule County | BF8: Campbell County | BG8: Atascosa County | BH8: Duchesne County | BI8: Grand Isle County | BJ8: Arlington County | BK8: Columbia County | BM8: Calhoun County | BN8: Burnett County | BO8: Fremont County | BP8: 8
A9: 301 | B9: =C9&","&D9 -> Florida,Clay County | C9: Florida | D9: Clay County | E9: Clay County, FL | F9: 6 | G9: 5 | H9: 3 | I9: 4 | J9: 3 | K9: 9 | L9: =SUM(F9:K9) -> 30 | M9: Delaware | N9: =IFERROR(HLOOKUP($N$2,$Q:$BO,$BP8,FALSE),"") | O9: 8 | Q9: Calhoun County | R9: Fairbanks North Star Borough | S9: Maricopa County | T9: Carroll County | U9: Del Norte County | V9: Broomfield County | W9: Windham County | Y9: Charlotte County | Z9: Bartow County | AB9: Boise County | AC9: Carroll County | AD9: Carroll County | AE9: Boone County | AF9: Butler County | AG9: Boone County | AH9: Bossier Parish | AI9: Lincoln County | AJ9: Charles County | AK9: Hampshire County | AL9: Barry County | AM9: Brown County | AN9: Carroll County | AO9: Benton County | AP9: Chouteau County | AQ9: Boyd County | AR9: Lander County | AS9: Rockingham County | AT9: Gloucester County | AU9: Dona Ana County | AV9: Chemung County | AW9: Bertie County | AX9: Burleigh County | AY9: Brown County | AZ9: Caddo County | BA9: Curry County | BB9: Bradford County | BD9: Berkeley County | BE9: Buffalo County | BF9: Cannon County | BG9: Austin County | BH9: Emery County | BI9: Lamoille County | BJ9: Augusta County | BK9: Cowlitz County | BM9: Clay County | BN9: Calumet County | BO9: Goshen County | BP9: 9
A10: 312 | B10: =C10&","&D10 -> Florida,Glades County | C10: Florida | D10: Glades County | E10: Glades County, FL | F10: 9 | G10: 1 | H10: 8 | I10: 3 | J10: 3 | K10: 9 | L10: =SUM(F10:K10) -> 33 | M10: Florida | N10: =IFERROR(HLOOKUP($N$2,$Q:$BO,$BP9,FALSE),"") | O10: 9 | Q10: Chambers County | R10: Haines Borough | S10: Mohave County | T10: Chicot County | U10: El Dorado County | V10: Chaffee County | Y10: Citrus County | Z10: Ben Hill County | AB10: Bonner County | AC10: Cass County | AD10: Cass County | AE10: Bremer County | AF10: Chase County | AG10: Bourbon County | AH10: Caddo Parish | AI10: Oxford County | AJ10: Dorchester County | AK10: Middlesex County | AL10: Bay County | AM10: Carlton County | AN10: Chickasaw County | AO10: Bollinger County | AP10: Custer County | AQ10: Brown County | AR10: Lincoln County | AS10: Strafford County | AT10: Hudson County | AU10: Eddy County | AV10: Chenango County | AW10: Bladen County | AX10: Cass County | AY10: Butler County | AZ10: Canadian County | BA10: Deschutes County | BB10: Bucks County | BD10: Calhoun County | BE10: Butte County | BF10: Carroll County | BG10: Bailey County | BH10: Garfield County | BI10: Orange County | BJ10: Bath County | BK10: Douglas County | BM10: Doddridge County | BN10: Chippewa County | BO10: Hot Springs County | BP10: 10
A11: 316 | B11: =C11&","&D11 -> Florida,Hendry County | C11: Florida | D11: Hendry County | E11: Hendry County, FL | F11: 6 | G11: 4 | H11: 1 | I11: 1 | J11: 3 | K11: 9 | L11: =SUM(F11:K11) -> 24 | M11: Georgia | N11: =IFERROR(HLOOKUP($N$2,$Q:$BO,$BP10,FALSE),"") | O11: 10 | Q11: Cherokee County | R11: Juneau City and Borough | S11: Navajo County | T11: Clark County | U11: Fresno County | V11: Cheyenne County | Y11: Clay County | Z11: Berrien County | AB11: Bonneville County | AC11: Champaign County | AD11: Clark County | AE11: Buchanan County | AF11: Chautauqua County | AG11: Boyd County | AH11: Calcasieu Parish | AI11: Penobscot County | AJ11: Frederick County | AK11: Nantucket County | AL11: Benzie County | AM11: Carver County | AN11: Choctaw County | AO11: Boone County | AP11: Daniels County | AQ11: Buffalo County | AR11: Lyon County | AS11: Sullivan County | AT11: Hunterdon County | AU11: Grant County | AV11: Clinton County | AW11: Brunswick County | AX11: Cavalier County | AY11: Carroll County | AZ11: Carter County | BA11: Douglas County | BB11: Butler County | BD11: Charleston County | BE11: Campbell County | BF11: Carter County | BG11: Bandera County | BH11: Grand County | BI11: Orleans County | BJ11: Bedford County | BK11: Ferry County | BM11: Fayette County | BN11: Clark County | BO11: Johnson County | BP11: 11
A12: 345 | B12: =C12&","&D12 -> Florida,Putnam County | C12: Florida | D12: Putnam County | E12: Putnam County, FL | F12: 4 | G12: 2 | H12: 8 | I12: 4 | J12: 3 | K12: 9 | L12: =SUM(F12:K12) -> 30 | M12: Hawaii | N12: =IFERROR(HLOOKUP($N$2,$Q:$BO,$BP11,FALSE),"") | O12: 11 | Q12: Chilton County | R12: Kenai Peninsula Borough | S12: Pima County | T12: Clay County | U12: Glenn County | V12: Clear Creek County | Y12: Collier County | Z12: Bibb County | AB12: Boundary County | AC12: Christian County | AD12: Clay County | AE12: Buena Vista County | AF12: Cherokee County | AG12: Boyle County | AH12: Caldwell Parish | AI12: Piscataquis County | AJ12: Garrett County | AK12: Norfolk County | AL12: Berrien County | AM12: Cass County | AN12: Claiborne County | AO12: Buchanan County | AP12: Dawson County | AQ12: Burt County | AR12: Mineral County | AT12: Mercer County | AU12: Guadalupe County | AV12: Columbia County | AW12: Buncombe County | AX12: Dickey County | AY12: Champaign County | AZ12: Cherokee County | BA12: Gilliam County | BB12: Cambria County | BD12: Cherokee County | BE12: Charles Mix County | BF12: Cheatham County | BG12: Bastrop County | BH12: Iron County | BI12: Rutland County | BJ12: Bland County | BK12: Franklin County | BM12: Gilmer County | BN12: Columbia County | BO12: Laramie County | BP12: 12
A13: 355 | B13: =C13&","&D13 -> Florida,Volusia County | C13: Florida | D13: Volusia County | E13: Volusia County, FL | F13: 4 | G13: 6 | H13: 8 | I13: 4 | J13: 3 | K13: 9 | L13: =SUM(F13:K13) -> 34 | M13: Idaho | N13: =IFERROR(HLOOKUP($N$2,$Q:$BO,$BP12,FALSE),"") | O13: 12 | Q13: Choctaw County | R13: Ketchikan Gateway Borough | S13: Pinal County | T13: Cleburne County | U13: Humboldt County | V13: Conejos County | Y13: Columbia County | Z13: Bleckley County | AB13: Butte County | AC13: Clark County | AD13: Clinton County | AE13: Butler County | AF13: Cheyenne County | AG13: Bracken County | AH13: Cameron Parish | AI13: Sagadahoc County | AJ13: Harford County | AK13: Plymouth County | AL13: Branch County | AM13: Chippewa County | AN13: Clarke County | AO13: Butler County | AP13: Deer Lodge County | AQ13: Butler County | AR13: Nye County | AT13: Middlesex County | AU13: Harding County | AV13: Cortland County | AW13: Burke County | AX13: Divide County | AY13: Clark County | AZ13: Choctaw County | BA13: Grant County | BB13: Cameron County | BD13: Chester County | BE13: Clark County | BF13: Chester County | BG13: Baylor County | BH13: Juab County | BI13: Washington County | BJ13: Botetourt County | BK13: Garfield County | BM13: Grant County | BN13: Crawford County | BO13: Lincoln County | BP13: 13
A14: 356 | B14: =C14&","&D14 -> Florida,Wakulla County | C14: Florida | D14: Wakulla County | E14: Wakulla County, FL | F14: 7 | G14: 9 | H14: 8 | I14: 4 | J14: 1 | K14: 9 | L14: =SUM(F14:K14) -> 38 | M14: Illinois | N14: =IFERROR(HLOOKUP($N$2,$Q:$BO,$BP13,FALSE),"") | O14: 13 | Q14: Clarke County | R14: Kodiak Island Borough | S14: Santa Cruz County | T14: Cleveland County | U14: Imperial County | V14: Costilla County | Y14: DeSoto County | Z14: Brantley County | AB14: Camas County | AC14: Clay County | AD14: Crawford County | AE14: Calhoun County | AF14: Clark County | AG14: Breathitt County | AH14: Catahoula Parish | AI14: Somerset County | AJ14: Howard County | AK14: Suffolk County | AL14: Calhoun County | AM14: Chisago County | AN14: Clay County | AO14: Caldwell County | AP14: Fallon County | AQ14: Cass County | AR14: Pershing County | AT14: Monmouth County | AU14: Hidalgo County | AV14: Delaware County | AW14: Cabarrus County | AX14: Dunn County | AY14: Clermont County | AZ14: Cimarron County | BA14: Harney County | BB14: Carbon County | BD14: Chesterfield County | BE14: Clay County | BF14: Claiborne County | BG14: Bee County | BH14: Kane County | BI14: Windham County | BJ14: Brunswick County | BK14: Grant County | BM14: Greenbrier County | BN14: Dane County | BO14: Natrona County | BP14: 14
A15: 358 | B15: =C15&","&D15 -> Florida,Washington County | C15: Florida | D15: Washington County | E15: Washington County, FL | F15: 4 | G15: 2 | H15: 6 | I15: 3 | J15: 1 | K15: 9 | L15: =SUM(F15:K15) -> 25 | M15: Indiana | N15: =IFERROR(HLOOKUP($N$2,$Q:$BO,$BP14,FALSE),"") | O15: 14 | Q15: Clay County | R15: Lake and Peninsula Borough | S15: Yavapai County | T15: Columbia County | U15: Inyo County | V15: Crowley County | Y15: Dixie County | Z15: Brooks County | AB15: Canyon County | AC15: Clinton County | AD15: Daviess County | AE15: Carroll County | AF15: Clay County | AG15: Breckinridge County | AH15: Claiborne Parish | AI15: Waldo County | AJ15: Kent County | AK15: Worcester County | AL15: Cass County | AM15: Clay County | AN15: Coahoma County | AO15: Callaway County | AP15: Fergus County | AQ15: Cedar County | AR15: Storey County | AT15: Morris County | AU15: Lea County | AV15: Dutchess County | AW15: Caldwell County | AX15: Eddy County | AY15: Clinton County | AZ15: Cleveland County | BA15: Hood River County | BB15: Centre County | BD15: Clarendon County | BE15: Codington County | BF15: Clay County | BG15: Bell County | BH15: Millard County | BI15: Windsor County | BJ15: Buchanan County | BK15: Grays Harbor County | BM15: Hampshire County | BN15: Dodge County | BO15: Niobrara County | BP15: 15
A16: 453 | B16: =C16&","&D16 -> Georgia,McIntosh County | C16: Georgia | D16: McIntosh County | E16: McIntosh County, GA | F16: 6 | G16: 9 | H16: 1 | I16: 4 | J16: 2 | K16: 9 | L16: =SUM(F16:K16) -> 31 | M16: Iowa | N16: =IFERROR(HLOOKUP($N$2,$Q:$BO,$BP15,FALSE),"") | O16: 15 | Q16: Cleburne County | R16: Matanuska-Susitna Borough | S16: Yuma County | T16: Conway County | U16: Kern County | V16: Custer County | Y16: Duval County | Z16: Bryan County | AB16: Caribou County | AC16: Coles County | AD16: Dearborn County | AE16: Cass County | AF16: Cloud County | AG16: Bullitt County | AH16: Concordia Parish | AI16: Washington County | AJ16: Montgomery County | AL16: Charlevoix County | AM16: Clearwater County | AN16: Copiah County | AO16: Camden County | AP16: Flathead County | AQ16: Chase County | AR16: Washoe County | AT16: Ocean County | AU16: Lincoln County | AV16: Erie County | AW16: Camden County | AX16: Emmons County | AY16: Columbiana County | AZ16: Coal County | BA16: Jackson County | BB16: Chester County | BD16: Colleton County | BE16: Corson County | BF16: Cocke County | BG16: Bexar County | BH16: Morgan County | BJ16: Buckingham County | BK16: Island County | BM16: Hancock County | BN16: Door County | BO16: Park County | BP16: 16
A17: 1083 | B17: =C17&","&D17 -> Louisiana,Assumption Parish | C17: Louisiana | D17: Assumption Parish | E17: Assumption Parish, LA | F17: 6 | G17: 9 | H17: 7 | I17: 7 | J17: 2 | K17: 9 | L17: =SUM(F17:K17) -> 40 | M17: Kansas | N17: =IFERROR(HLOOKUP($N$2,$Q:$BO,$BP16,FALSE),"") | O17: 16 | Q17: Coffee County | R17: Nome Census Area | T17: Craighead County | U17: Kings County | V17: Delta County | Y17: Escambia County | Z17: Bulloch County | AB17: Cassia County | AC17: Cook County | AD17: Decatur County | AE17: Cedar County | AF17: Coffey County | AG17: Butler County | AH17: De Soto Parish | AI17: York County | AJ17: Prince George's County | AL17: Cheboygan County | AM17: Cook County | AN17: Covington County | AO17: Cape Girardeau County | AP17: Gallatin County | AQ17: Cherry County | AR17: White Pine County | AT17: Passaic County | AU17: Los Alamos County | AV17: Essex County | AW17: Carteret County | AX17: Foster County | AY17: Coshocton County | AZ17: Comanche County | BA17: Jefferson County | BB17: Clarion County | BD17: Darlington County | BE17: Custer County | BF17: Coffee County | BG17: Blanco County | BH17: Piute County | BJ17: Campbell County | BK17: Jefferson County | BM17: Hardy County | BN17: Douglas County | BO17: Platte County | BP17: 17
A18: 1136 | B18: =C18&","&D18 -> Louisiana,Vermilion Parish | C18: Louisiana | D18: Vermilion Parish | E18: Vermilion Parish, LA | F18: 6 | G18: 9 | H18: 3 | I18: 6 | J18: 1 | K18: 9 | L18: =SUM(F18:K18) -> 34 | M18: Kentucky | N18: =IFERROR(HLOOKUP($N$2,$Q:$BO,$BP17,FALSE),"") | O18: 17 | Q18: Colbert County | R18: North Slope Borough | T18: Crawford County | U18: Lake County | V18: Denver County | Y18: Flagler County | Z18: Burke County | AB18: Clark County | AC18: Crawford County | AD18: DeKalb County | AE18: Cerro Gordo County | AF18: Comanche County | AG18: Caldwell County | AH18: East Baton Rouge Parish | AJ18: Queen Anne's County | AL18: Chippewa County | AM18: Cottonwood County | AN18: DeSoto County | AO18: Carroll County | AP18: Garfield County | AQ18: Cheyenne County | AR18: Carson City | AT18: Salem County | AU18: Luna County | AV18: Franklin County | AW18: Caswell County | AX18: Golden Valley County | AY18: Crawford County | AZ18: Cotton County | BA18: Josephine County | BB18: Clearfield County | BD18: Dillon County | BE18: Davison County | BF18: Crockett County | BG18: Borden County | BH18: Rich County | BJ18: Caroline County | BK18: King County | BM18: Harrison County | BN18: Dunn County | BO18: Sheridan County | BP18: 18
A19: 1390 | B19: =C19&","&D19 -> Mississippi,Hancock County | C19: Mississippi | D19: Hancock County | E19: Hancock County, MS | F19: 4 | G19: 6 | H19: 1 | I19: 6 | J19: 2 | K19: 9 | L19: =SUM(F19:K19) -> 28 | M19: Louisiana | N19: =IFERROR(HLOOKUP($N$2,$Q:$BO,$BP18,FALSE),"") | O19: 18 | Q19: Conecuh County | R19: Northwest Arctic Borough | T19: Crittenden County | U19: Lassen County | V19: Dolores County | Y19: Franklin County | Z19: Butts County | AB19: Clearwater County | AC19: Cumberland County | AD19: Delaware County | AE19: Cherokee County | AF19: Cowley County | AG19: Calloway County | AH19: East Carroll Parish | AJ19: St Mary's County | AL19: Clare County | AM19: Crow Wing County | AN19: Forrest County | AO19: Carter County | AP19: Glacier County | AQ19: Clay County | AT19: Somerset County | AU19: McKinley County | AV19: Fulton County | AW19: Catawba County | AX19: Grand Forks County | AY19: Cuyahoga County | AZ19: Craig County | BA19: Klamath County | BB19: Clinton County | BD19: Dorchester County | BE19: Day County | BF19: Cumberland County | BG19: Bosque County | BH19: Salt Lake County | BJ19: Carroll County | BK19: Kitsap County | BM19: Jackson County | BN19: Eau Claire County | BO19: Sublette County | BP19: 19
A20: 1872 | B20: =C20&","&D20 -> North Carolina,Carteret County | C20: North Carolina | D20: Carteret County | E20: Carteret County, NC | F20: 4 | G20: 7 | H20: 3 | I20: 6 | J20: 1 | K20: 9 | L20: =SUM(F20:K20) -> 30 | M20: Maine | N20: =IFERROR(HLOOKUP($N$2,$Q:$BO,$BP19,FALSE),"") | O20: 19 | Q20: Coosa County | R20: Prince of Wales-Outer Ketchikan Census Area | T20: Cross County | U20: Los Angeles County | V20: Douglas County | Y20: Gadsden County | Z20: Calhoun County | AB20: Custer County | AC20: DeKalb County | AD20: Dubois County | AE20: Chickasaw County | AF20: Crawford County | AG20: Campbell County | AH20: East Feliciana Parish | AJ20: Somerset County | AL20: Clinton County | AM20: Dakota County | AN20: Franklin County | AO20: Cass County | AP20: Golden Valley County | AQ20: Colfax County | AT20: Sussex County | AU20: Mora County | AV20: Genesee County | AW20: Chatham County | AX20: Grant County | AY20: Darke County | AZ20: Creek County | BA20: Lake County | BB20: Columbia County | BD20: Edgefield County | BE20: Deuel County | BF20: Davidson County | BG20: Bowie County | BH20: San Juan County | BJ20: Charles City County | BK20: Kittitas County | BM20: Jefferson County | BN20: Florence County | BO20: Sweetwater County | BP20: 20
A21: 1904 | B21: =C21&","&D21 -> North Carolina,Hyde County | C21: North Carolina | D21: Hyde County | E21: Hyde County, NC | F21: 4 | G21: 7 | H21: 7 | I21: 10 | J21: 2 | K21: 9 | L21: =SUM(F21:K21) -> 39 | M21: Maryland | N21: =IFERROR(HLOOKUP($N$2,$Q:$BO,$BP20,FALSE),"") | O21: 20 | Q21: Covington County | R21: Sitka City and Borough | T21: Dallas County | U21: Madera County | V21: Eagle County | Y21: Gilchrist County | Z21: Camden County | AB21: Elmore County | AC21: De Witt County | AD21: Elkhart County | AE21: Clarke County | AF21: Decatur County | AG21: Carlisle County | AH21: Evangeline Parish | AJ21: Talbot County | AL21: Crawford County | AM21: Dodge County | AN21: George County | AO21: Cedar County | AP21: Granite County | AQ21: Cuming County | AT21: Union County | AU21: Otero County | AV21: Greene County | AW21: Cherokee County | AX21: Griggs County | AY21: Defiance County | AZ21: Custer County | BA21: Lane County | BB21: Crawford County | BD21: Fairfield County | BE21: Dewey County | BF21: Decatur County | BG21: Brazoria County | BH21: Sanpete County | BJ21: Charlotte County | BK21: Klickitat County | BM21: Kanawha County | BN21: Fond du Lac County | BO21: Teton County | BP21: 21
